Workbook

Sheet MARZO 2024
E2: Tesorería
E6: ENTIDAD:UNIVERSIDAD DE LA GUAJIRA
E7: NIT No:892115029-4
E8: NOMBRE DEL REPRESENTANTE LEGAL:CARLOS A. ROBLES JULIO
A9: INFORME EJECUCION PRESUPUESTAL DE INGRESOS | E9: CIUDAD, DIRECCION Y TELEFONOS:R/CHA, KM 5 VIA M/CAO, 7282729
E10: VIGENCIA FISCAL:2024
E11: PERIODO DE RENDICION DE: MARZO 01 A: MARZO 31
E12: HOJA ______ DE _______
A14: CODIGO | B14: DESCRIPCION | C14: PRESUPUESTO | D14: MODIFICACIONES | F14: PRESUPUESTO | G14: RECAUDOS | I14: SALDOS
C15: INICIAL | D15: (2) | F15: DEFINITIVO | G15: DEL MES | H15: ACUMULADO
C16: (1) | D16: ADICIONES | E16: REDUCCION | F16: (3=1+/-2) | G16: 4 | H16: (5=4+5A) | I16: (6=3-5)
A17: 1 | B17: INGRESOS CORRIENTES. | C17: 128991550549 | D17: 0 | E17: 0 | F17: 237498587411 | G17: 7.3985137e+09 | H17: 7.3985137e+09 | I17: 237498587411
A18: 11 | B18: RENTAS PROPIAS. | C18: 128991550549 | D18: 0 | E18: 0 | F18: 128991550549 | G18: 7.3985137e+09 | H18: 7.3985137e+09 | I18: 1.2159304e+11
A19: 111 | B19: DERECHOS ACADEMICOS. | C19: 91339790549 | D19: 0 | E19: 0 | F19: 91339790549 | G19: 7.3472888e+09 | H19: 7.3472888e+09 | I19: 8.3992502e+10
A20: 1111 | B20: Matricula-pregrado. | C20: 85494721951 | D20: 0 | E20: 0 | F20: 85494721951 | G20: 7.3221069e+09 | H20: 7.3221069e+09 | I20: 7.8172615e+10
A21: 111101 | B21: Facultad de Ingeniería. | C21: 18546980835 | D21: 0 | E21: 0 | F21: 18546980835 | G21: 1.3738337e+09 | H21: 1.3738337e+09 | I21: 1.7173147e+10
A22: 11110101 | B22: Ingeniería Industrial | C22: 3194274158 | D22: 0 | E22: 0 | F22: 3194274158 | G22: 237954361 | H22: 237954361 | I22: 2956319797
A23: 11110102 | B23: Ingeniería Ambiental Riohacha | C23: 2016482633 | D23: 0 | E23: 0 | F23: 2016482633 | G23: 142486718 | H23: 142486718 | I23: 1873995915
A24: 11110103 | B24: Ingeniería Sistemas | C24: 3486780624 | D24: 0 | E24: 0 | F24: 3486780624 | G24: 265804189 | H24: 265804189 | I24: 3220976435
A25: 11110104 | B25: Ingeniería Sistemas Maicao | C25: 1809398409 | D25: 0 | E25: 0 | F25: 1809398409 | G25: 1.3177333e+08 | H25: 1.3177333e+08 | I25: 1.6776251e+09
A26: 11110105 | B26: Ingeniería Civil | C26: 3647270898 | D26: 0 | E26: 0 | F26: 3647270898 | G26: 3.6521185e+08 | H26: 3.6521185e+08 | I26: 3.2820591e+09
A27: 11110106 | B27: Ingeniería Mecánica | C27: 1884466440 | D27: 0 | E27: 0 | F27: 1884466440 | G27: 99858693 | H27: 99858693 | I27: 1.7846077e+09
A28: 11110107 | B28: Ingeniería Ambiental Fonseca | C28: 1242505345 | D28: 0 | E28: 0 | F28: 1242505345 | G28: 103973479 | H28: 103973479 | I28: 1138531866
... A62: 11110405 | B62: Trabajo Social Maicao | C62: 3994136973 | D62: 0 | E62: 0 | F62: 3994136973 | G62: 0 | H62: 0 | I62: 3994136973
A63: 11110406 | B63: Psicología | C63: 4498904770 | E63: 0 | F63: 4498904770 | G63: 692236261 | H63: 692236261 | I63: 3806668509
A64: 111105 | B64: Facultad de Ciencias de la Salud | C64: 820571238 | D64: 0 | E64: 0 | F64: 820571238 | G64: 0 | H64: 0 | I64: 820571238
A65: 11110501 | B65: Seguridad y Salud en el trabajo | C65: 90599348 | D65: 0 | E65: 0 | F65: 90599348 | G65: 0 | H65: 0 | I65: 90599348
A66: 11110502 | B66: Enfermeria | C66: 364985945 | D66: 0 | E66: 0 | F66: 364985945 | G66: 0 | H66: 0 | I66: 364985945
A67: 11110503 | B67: Nutricion | C67: 364985945 | D67: 0 | E67: 0 | F67: 364985945 | G67: 0 | H67: 0 | I67: 364985945
A68: 111106 | B68: Facultad de Ciencias Basicas | C68: 2000951316 | D68: 0 | E68: 0 | F68: 2000951316 | G68: 133755353 | H68: 133755353 | I68: 1867195963
A69: 11110601 | B69: Biología | C69: 2000951316 | D69: 0 | E69: 0 | F69: 2000951316 | G69: 133755353 | H69: 133755353 | I69: 1867195963
A70: 1112 | B70: Matricula Postgrado. | C70: 4287584732 | D70: 0 | E70: 0 | F70: 4287584732 | G70: 22314250 | H70: 22314250 | I70: 4265270482
A71: 111201 | B71: Especializaciones | C71: 404755529 | D71: 0 | E71: 0 | F71: 404755529 | G71: 0 | H71: 0 | I71: 404755529
A72: 11130103 | B72: Gerencia de Construcciones | C72: 131780870 | E72: 0 | F72: 131780870 | G72: 0 | H72: 0 | I72: 131780870
A73: 11130104 | B73: En Resolución de Conflictos | C73: 272974659 | D73: 0 | E73: 0 | F73: 272974659 | G73: 0 | H73: 0 | I73: 272974659
A74: 111302 | B74: Maestrías | C74: 3882829203 | D74: 0 | E74: 0 | F74: 3882829203 | G74: 22314250 | H74: 22314250 | I74: 3860514953
A75: 11130101 | B75: Maestria en Gestión y Gerencia educativa | C75: 374163541 | D75: 0 | E75: 0 | F75: 374163541 | G75: 3181000 | H75: 3181000 | I75: 370982541
A76: 11130102 | B76: Maestría en Finanzas | C76: 289447268 | F76: 289447268 | G76: 0 | H76: 0 | I76: 289447268
A77: 11130103 | B77: Maestría en Gestión y Desarrollo Sostenible | C77: 296506957 | D77: 0 | E77: 0 | F77: 296506957 | G77: 0 | H77: 0 | I77: 296506957
A78: 11130104 | B78: Maestría TICs | C78: 317686026 | D78: 0 | E78: 0 | F78: 317686026 | G78: 0 | H78: 0 | I78: 317686026
A79: 11130105 | B79: Maestría en Administración de Empresas | C79: 367103852 | D79: 0 | E79: 0 | F79: 367103852 | G79: 500000 | H79: 500000 | I79: 366603852
A80: 11130106 | B80: Maestría en Ciencias Sociales | C80: 423581368 | D80: 0 | E80: 0 | F80: 423581368 | G80: 0 | H80: 0 | I80: 423581368
A81: 11130107 | B81: Maestrá en Desarrollo de procesos comunicativos en educación: Lecto - Escritura | C81: 472999194 | D81: 0 | E81: 0 | F81: 472999194 | G81: 0 | H81: 0 | I81: 472999194
A82: 11130108 | B82: Maestría en Familia e Intervención Familiar | C82: 388282920 | D82: 0 | E82: 0 | F82: 388282920 | G82: 15809350 | H82: 15809350 | I82: 372473570
A83: 11130109 | B83: Maestría en Gestión de la Tecología y la Innovación | C83: 331805405 | D83: 0 | E83: 0 | F83: 331805405 | G83: 2823900 | H83: 2823900 | I83: 328981505
A84: 11130110 | B84: Maestría en Gestión frente al camboio climatico | C84: 296506957 | D84: 0 | E84: 0 | F84: 296506957 | G84: 0 | H84: 0 | I84: 296506957
A85: 11130111 | B85: Maestría en Gerencia Estrategica de Mercadeo | C85: 324745715 | D85: 0 | E85: 0 | F85: 324745715 | G85: 0 | H85: 0 | I85: 324745715
A86: 1114 | B86: Formularios e Inscripciones - Pregrado | C86: 1089768010 | D86: 0 | E86: 0 | F86: 1089768010 | G86: 0 | H86: 0 | I86: 1089768010
A87: 111301 | B87: Facultad de Ingeniería. | C87: 211673023 | D87: 0 | E87: 0 | F87: 211673023 | G87: 0 | H87: 0 | I87: 211673023
A88: 11130101 | B88: Ingeniería Industrial | C88: 38592969 | D88: 0 | E88: 0 | F88: 38592969 | G88: 0 | H88: 0 | I88: 38592969
... A123: 11130402 | B123: Trabajo Social. Presencial Riohacha | C123: 42593460 | D123: 0 | E123: 0 | F123: 42593460 | G123: 0 | H123: 0 | I123: 42593460
A124: 11130403 | B124: Trabajo Social Fonseca | C124: 10589534 | D124: 0 | F124: 10589534 | G124: 0 | H124: 0 | I124: 10589534
A125: 11130404 | B125: Trabajo Social Villanueva | C125: 10354211 | D125: 0 | E125: 0 | F125: 10354211 | G125: 0 | H125: 0 | I125: 10354211
A126: 11130405 | B126: Trabajo Social Maicao | C126: 20002453 | D126: 0 | E126: 0 | F126: 20002453 | G126: 0 | H126: 0 | I126: 20002453
A127: 11130406 | B127: Psicología | C127: 27532789 | D127: 0 | E127: 0 | F127: 27532789 | G127: 0 | H127: 0 | I127: 27532789
A128: 111305 | B128: Facultad de Ciencias de la Salud | C128: 41652168 | D128: 0 | E128: 0 | F128: 41652168 | G128: 0 | H128: 0 | I128: 41652168
A129: 11130501 | B129: Seguridad y Salud en el Trabajo | C129: 8236304 | D129: 0 | E129: 0 | F129: 8236304 | G129: 0 | H129: 0 | I129: 8236304
A130: 11130502 | B130: Enfermeria | C130: 16707932 | D130: 0 | E130: 0 | F130: 16707932 | G130: 0 | H130: 0 | I130: 16707932
A131: 11130503 | B131: Nutricion | C131: 16707932 | D131: 0 | E131: 0 | F131: 16707932 | G131: 0 | H131: 0 | I131: 16707932
A132: 111306 | B132: Facultad de Ciencias Básicas | C132: 19767130 | D132: 0 | E132: 0 | F132: 19767130 | G132: 0 | H132: 0 | I132: 19767130
A133: 11130601 | B133: Biología | C133: 19767130 | D133: 0 | E133: 0 | F133: 19767130 | G133: 0 | H133: 0 | I133: 19767130
A134: 1114 | B134: Inscripciones-Postgrado | C134: 91775958 | D134: 0 | E134: 0 | F134: 91775958 | G134: 0 | H134: 0 | I134: 91775958
A135: 111401 | B135: Especializaciones | C135: 7059689 | D135: 0 | E135: 0 | F135: 7059689 | G135: 0 | H135: 0 | I135: 7059689
A136: 11140101 | B136: En Resolución de Conflictos | C136: 7059689 | D136: 0 | E136: 0 | F136: 7059689 | G136: 0 | H136: 0 | I136: 7059689
... A139: 11140202 | B139: Maestría en Finanzas | C139: 7059689 | D139: 0 | E139: 0 | F139: 7059689 | G139: 0 | H139: 0 | I139: 7059689
A140: 11140203 | B140: Maestría en Gestión y Desarrollo Sostenible | C140: 7059689 | F140: 7059689 | G140: 0 | H140: 0 | I140: 7059689
A141: 11140204 | B141: Maestría TICs | C141: 11766149 | D141: 0 | E141: 0 | F141: 11766149 | G141: 0 | H141: 0 | I141: 11766149
A142: 11140205 | B142: Maestría en Administración de Empresas | C142: 7059689 | D142: 0 | E142: 0 | F142: 7059689 | G142: 0 | H142: 0 | I142: 7059689
A143: 11140206 | B143: Maestría en Ciencias Sociales | C143: 7059689 | D143: 0 | E143: 0 | F143: 7059689 | G143: 0 | H143: 0 | I143: 7059689
A144: 11140207 | B144: Maestrá en Desarrollo de procesos comunicativos en educación: Lecto - Escritura | C144: 7059689 | D144: 0 | E144: 0 | F144: 7059689 | G144: 0 | H144: 0 | I144: 7059689
A145: 11140208 | B145: Maestría en Familia e Intervención Familiar | C145: 7059689 | D145: 0 | E145: 0 | F145: 7059689 | G145: 0 | H145: 0 | I145: 7059689
A146: 11140209 | B146: Maestría en Gestión de la Tecología y la Innovación | C146: 9412919 | D146: 0 | E146: 0 | F146: 9412919 | G146: 0 | H146: 0 | I146: 9412919
A147: 11140210 | B147: Maestría en Gestión frente al camboio climatico | C147: 7059689 | D147: 0 | E147: 0 | F147: 7059689 | G147: 0 | H147: 0 | I147: 7059689
A148: 11140211 | B148: Maestría en Gerencia Estrategica de Mercadeo | C148: 7059689 | D148: 0 | E148: 0 | F148: 7059689 | G148: 0 | H148: 0 | I148: 7059689
A149: 1115 | B149: Derechos de Grado-pregrado | C149: 77421261 | D149: 0 | E149: 0 | F149: 77421261 | G149: 0 | H149: 0 | I149: 77421261
A150: 111501 | B150: Facultad de Ingeniería. | C150: 29650696 | D150: 0 | F150: 29650696 | G150: 0 | H150: 0 | I150: 29650696
A151: 111502 | B151: Facultad de Ciencia de la Educacion. | C151: 13178087 | D151: 0 | E151: 0 | F151: 13178087 | G151: 0 | H151: 0 | I151: 13178087
A152: 111503 | B152: Facultad de Ciencias Económicas y Administrativa. | C152: 26356174 | D152: 0 | E152: 0 | F152: 26356174 | G152: 0 | H152: 0 | I152: 26356174
A153: 111504 | B153: Facultad de Ciencias Sociales y Humanas | C153: 8236304 | D153: 0 | F153: 8236304 | G153: 0 | H153: 0 | I153: 8236304
A154: 1116 | B154: Derechos de Grado - Postgrado | C154: 8219414 | D154: 0 | E154: 0 | F154: 8219414 | G154: 0 | H154: 0 | I154: 8219414
A155: 111601 | B155: Especializaciones | C155: 4109707 | D155: 0 | E155: 0 | F155: 4109707 | G155: 0 | H155: 0 | I155: 4109707
A156: 11160102 | B156: Especializaciones | C156: 4109707 | D156: 0 | E156: 0 | F156: 4109707 | G156: 0 | H156: 0 | I156: 4109707
A157: 111602 | B157: Maestría | C157: 4109707 | D157: 0 | E157: 0 | F157: 4109707 | G157: 0 | H157: 0 | I157: 4109707
A158: 11160201 | B158: Maestrías | C158: 4109707 | D158: 0 | E158: 0 | F158: 4109707 | G158: 0 | H158: 0 | I158: 4109707
A159: 1117 | B159: Otros Derechos Académicos | C159: 290299223 | D159: 0 | E159: 0 | F159: 290299223 | G159: 2867670 | H159: 2867670 | I159: 287431553
A160: 111701 | B160: Reintegros. | C160: 16000000 | D160: 0 | E160: 0 | F160: 16000000 | G160: 0 | H160: 0 | I160: 16000000
A161: 111702 | B161: Habilitación. | C161: 50000000 | D161: 0 | E161: 0 | F161: 50000000 | G161: 0 | H161: 0 | I161: 50000000
A162: 111703 | B162: Supletorios | C162: 25000000 | D162: 0 | E162: 0 | F162: 25000000 | G162: 0 | H162: 0 | I162: 25000000
A163: 111704 | B163: Multas. | C163: 10000000 | D163: 0 | E163: 0 | F163: 10000000 | G163: 146800 | H163: 146800 | I163: 9853200
A164: 111705 | B164: Certificados y Constancias pregrado | C164: 25000000 | D164: 0 | E164: 0 | F164: 25000000 | G164: 2025985 | H164: 2025985 | I164: 22974015
A165: 111706 | B165: Duplicado de diploma actas de grado | C165: 10000000 | D165: 0 | E165: 0 | F165: 10000000 | G165: 236000 | H165: 236000 | I165: 9764000
... A194: 12202 | B194: Presupuesto Departamental. | C194: 18451441852 | D194: 0 | E194: 0 | F194: 18451441852 | G194: 3897798226 | H194: 3897798226 | I194: 14553643626
A195: 1220201 | B195: - Estampilla Pro- Desarrollo Fronterizo. Ordenanzas 388 de 2014 y 418 de 2016 | C195: 18451441852 | D195: 0 | F195: 18451441852 | G195: 3897798226 | H195: 3897798226 | I195: 14553643626
A196: 2 | B196: RECURSO DE CAPITAL | C196: 50942388435 | D196: 0 | F196: 50942388435 | G196: 9989500 | H196: 9989500 | I196: 50932398935
A197: 21 | B197: Cuentas por cobrar y deudores. | C197: 50942388435 | D197: 0 | E197: 0 | F197: 50942388435 | G197: 9989500 | H197: 9989500 | I197: 50932398935
A198: 2101 | B198: - Postgrado | C198: 300000000 | D198: 0 | F198: 300000000 | G198: 7047000 | H198: 7047000 | I198: 292953000
A199: 2102 | B199: - Subsidio matrícla de estudiantes beneficiarios de las Ordenanzas 214 de 2007 y 232 de 2008, vigencias anteriores | C199: 14482662945 | D199: 0 | F199: 14482662945 | G199: 0 | H199: 0 | I199: 14482662945
A200: 2103 | B200: - Matriculas pregrado, diplomados, seminarios, cursos. | C200: 100000000 | D200: 0 | F200: 100000000 | G200: 2942500 | H200: 2942500 | I200: 97057500
A201: 2104 | B201: - Dejado de girar estampilla Pro Universidad | C201: 10000000000 | D201: 0 | F201: 10000000000 | G201: 0 | H201: 0 | I201: 10000000000
A202: 2105 | B202: - Dejado de girar estampilla Pro Desarrollo Fronterizo | C202: 15000000000 | D202: 0 | F202: 15000000000 | G202: 0 | H202: 0 | I202: 15000000000
...

Sheet ABRIL 2024
E2: Tesorería
E6: ENTIDAD:UNIVERSIDAD DE LA GUAJIRA
E7: NIT No:892115029-4
E8: NOMBRE DEL REPRESENTANTE LEGAL:CARLOS A. ROBLES JULIO
A9: INFORME EJECUCION PRESUPUESTAL DE INGRESOS | E9: CIUDAD, DIRECCION Y TELEFONOS:R/CHA, KM 5 VIA M/CAO, 7282729
E10: VIGENCIA FISCAL:2024
E11: PERIODO DE RENDICION DE: ABRIL 01 A: ABRIL 30
E12: HOJA ______ DE _______
A14: CODIGO | B14: DESCRIPCION | C14: PRESUPUESTO | D14: MODIFICACIONES | F14: PRESUPUESTO | G14: RECAUDOS | I14: SALDOS
C15: INICIAL | D15: (2) | F15: DEFINITIVO | G15: DEL MES | H15: ACUMULADO
C16: (1) | D16: ADICIONES | E16: REDUCCION | F16: (3=1+/-2) | G16: 4 | H16: (5=4+5A) | I16: (6=3-5)
A17: 1 | B17: INGRESOS CORRIENTES. | C17: =+C18 -> 128991550549 | D17: =+D18 -> 0 | E17: 0 | F17: =+F18+F181 -> 237498587411 | G17: =+G18 -> 18804257288 | H17: =+H18 -> 26202770940 | I17: =+F17+G17-H17 -> 230100073759
A18: 11 | B18: RENTAS PROPIAS. | C18: =C19+C168+C176 -> 128991550549 | D18: =D19+D168+D176 -> 0 | E18: 0 | F18: =F19+F168+F176 -> 128991550549 | G18: =G19+G168+G176 -> 18804257288 | H18: =H19+H168+H176 -> 26202770940 | I18: =I19+I168+I176 -> 102788779609 | M18: =+C168 -> 6011760000 | N18: venta de bienes y servicios
A19: 111 | B19: DERECHOS ACADEMICOS. | C19: =C20+C70+C86+C134+C149+C154+C159 -> 91339790549 | D19: =D20+D70+D86+D134+D149+D154+D159 -> 0 | E19: 0 | F19: =F20+F70+F86+F134+F149+F154+F159 -> 91339790549 | G19: =G20+G70+G86+G134+G149+G154+G159 -> 16032258672 | H19: =H20+H70+H86+H134+H149+H154+H159 -> 23379547520 | I19: =I20+I70+I86+I134+I149+I154+I159 -> 67960243029
A20: 1111 | B20: Matricula-pregrado. | C20: =+C21+C31+C37+C57+C64+C68 -> 85494721951 | D20: =+D21+D31+D37+D57+D64+D68 -> 0 | E20: 0 | F20: =+F21+F31+F37+F57+F64+F68 -> 85494721951 | G20: =+G21+G31+G37+G57+G64+G68 -> 15723171389 | H20: =+H21+H31+H37+H57+H64+H68 -> 23045278317 | I20: =+I21+I31+I37+I57+I64+I68 -> 62449443634 | L20: =+H20+H86 -> 23248249480 | M20: =+C20+C86 -> 86584489961 | N20: matricula pregrado e iscripcion pregrado
A21: 111101 | B21: Facultad de Ingeniería. | C21: =SUM(C22:C30) -> 18546980835 | D21: =SUM(D22:D30) -> 0 | E21: =+E22+E23+E24+E25+E26+E27+E28 -> 0 | F21: =SUM(F22:F30) -> 18546980835 | G21: =SUM(G22:G30) -> 3430725369 | H21: =SUM(H22:H30) -> 4804559044 | I21: =SUM(I22:I30) -> 13742421791
A22: 11110101 | B22: Ingeniería Industrial | C22: 3194274158 | D22: 0 | E22: 0 | F22: =+C22+D22 -> 3194274158 | G22: 5.9402306e+08 | H22: =+'MARZO 2024'!H22+'ABRIL 2024'!G22 -> 8.3197742e+08 | I22: =+F22-H22 -> 2362296734 | L22: =+H70+H134 -> 39052400 | M22: =+C70+C134 -> 4379360690 | N22: maricula postgrado e inscripciones postgrado
A23: 11110102 | B23: Ingeniería Ambiental Riohacha | C23: 2016482633 | D23: 0 | E23: 0 | F23: =+C23+D23 -> 2016482633 | G23: 3.9493134e+08 | H23: =+'MARZO 2024'!H23+'ABRIL 2024'!G23 -> 5.3741806e+08 | I23: =+F23-H23 -> 1479064576
A24: 11110103 | B24: Ingeniería Sistemas | C24: 3486780624 | D24: 0 | E24: 0 | F24: =+C24+D24 -> 3486780624 | G24: 6.6758622e+08 | H24: =+'MARZO 2024'!H24+'ABRIL 2024'!G24 -> 9.3339041e+08 | I24: =+F24-H24 -> 2553390216 | L24: =+H174 -> 514366595 | M24: 0 | N24: diplomado
A25: 11110104 | B25: Ingeniería Sistemas Maicao | C25: 1809398409 | D25: 0 | E25: 0 | F25: =+C25+D25 -> 1809398409 | G25: 3.4911028e+08 | H25: =+'MARZO 2024'!H25+'ABRIL 2024'!G25 -> 480883603 | I25: =+F25-H25 -> 1328514806
A26: 11110105 | B26: Ingeniería Civil | C26: 3647270898 | D26: 0 | E26: 0 | F26: =+C26+D26 -> 3647270898 | G26: 7.0304662e+08 | H26: =+'MARZO 2024'!H26+'ABRIL 2024'!G26 -> 1068258462 | I26: =+F26-H26 -> 2579012436 | L26: =+H149+H154+H159+H171 -> 92881018 | M26: =+C149+C154+C159 -> 375939898 | N26: otros derechos academicos
A27: 11110106 | B27: Ingeniería Mecánica | C27: 1884466440 | D27: 0 | E27: 0 | F27: =+C27+D27 -> 1884466440 | G27: 3.200663e+08 | H27: =+'MARZO 2024'!H27+'ABRIL 2024'!G27 -> 4.1992499e+08 | I27: =+F27-H27 -> 1464541448
A28: 11110107 | B28: Ingeniería Ambiental Fonseca | C28: 1242505345 | D28: 0 | E28: 0 | F28: =+C28+D28 -> 1242505345 | G28: 2.5405917e+08 | H28: =+'MARZO 2024'!H28+'ABRIL 2024'!G28 -> 3.5803265e+08 | I28: =+F28-H28 -> 8.844727e+08 | L28: =+H178+H179+H180 -> 614952411 | M28: =+C176 -> 31640000000 | N28: Otras rentas propias
A29: 11110608 | B29: Tecnología en Gestión de Redes Informáticas Riohacha | C29: 994004284 | D29: 0 | E29: =+E30+E31+E32+E33+E34+E35+E36+E37+E38+E39+E40+E41+E42 -> 0 | F29: =+C29+D29 -> 994004284 | G29: 1.2361636e+08 | H29: =+'MARZO 2024'!H29+'ABRIL 2024'!G29 -> 1.5038742e+08 | I29: =+F29-H29 -> 8.4361686e+08
A30: 11110609 | B30: Tecnología en Gestión de Redes Informáticas Maicao | C30: 271798044 | D30: 0 | E30: 0 | F30: =+C30+D30 -> 271798044 | G30: 24286030 | H30: =+'MARZO 2024'!H30+'ABRIL 2024'!G30 -> 24286030 | I30: =+F30-H30 -> 2.4751201e+08 | L30: =+H184 -> 8047851536 | M30: =+C184 -> 58330090683 | N30: aporte ley 30 art 86
A31: 111102 | B31: Facultad de Ciencia de la Educacion. | C31: =SUM(C32:C36) -> 15510608389 | D31: =SUM(D32:D36) -> 0 | E31: 0 | F31: =SUM(F32:F36) -> 15510608389 | G31: =SUM(G32:G36) -> 2826315784 | H31: =SUM(H32:H36) -> 4079913301 | I31: =SUM(I32:I36) -> 11430695088
A32: 11110201 | B32: Lic en Educación Infantil Riohacha | C32: 3629151028 | D32: 0 | E32: 0 | F32: =+C32+D32 -> 3629151028 | G32: =591046113.659922+14410653 -> 6.0545677e+08 | H32: =+'MARZO 2024'!H32+'ABRIL 2024'!G32 -> 1155671754 | I32: =+F32-H32 -> 2473479274 | L32: =+H185 -> 0 | M32: =+C185 -> 1721524593 | N32: aporte ley 30 art 87
A33: 11110202 | B33: Lic en Educación Infantil Maicao | C33: 3623973923 | D33: 0 | E33: 0 | F33: =+C33+D33 -> 3623973923 | G33: =41813911+56584623 -> 98398534 | H33: =+'MARZO 2024'!H33+'ABRIL 2024'!G33 -> 181296295 | I33: =+F33-H33 -> 3442677628
A34: 11110203 | B34: Lic en Etnoeducacion e Interculturalidad Riohacha | C34: 3616208264 | D34: 0 | E34: 0 | F34: =+C34+D34 -> 3616208264 | G34: =694666081+571763668 -> 1266429749 | H34: =+'MARZO 2024'!H34+'ABRIL 2024'!G34 -> 1477662994 | I34: =+F34-H34 -> 2138545270 | L34: =+H188 -> 0 | M34: =+C188 -> 19161450403 | N34: Aportes Ley 30 del 92
A35: 11110204 | B35: Lic en Educación Física, Recreación y Deportes | C35: 3825881041 | D35: 0 | E35: 0 | F35: =+C35+D35 -> 3825881041 | G35: 739430508 | H35: =+'MARZO 2024'!H35+'ABRIL 2024'!G35 -> 1076264730 | I35: =+F35-H35 -> 2749616311
A36: 11110213 | B36: Lic en Música | C36: 815394133 | D36: 0 | E36: 0 | F36: =+C36+D36 -> 815394133 | G36: 1.1660023e+08 | H36: =+'MARZO 2024'!H36+'ABRIL 2024'!G36 -> 1.8901753e+08 | I36: =+F36-H36 -> 6.263766e+08 | L36: =+H196 -> 8550698905 | M36: =+C196 -> 50942388435 | N36: recursos de caapital
A37: 111103 | B37: Facultad de Ciencias Económicas y Administrativa. | C37: =SUM(C38:C56) -> 26555963195 | D37: =SUM(D38:D56) -> 0 | E37: 0 | F37: =SUM(F38:F56) -> 26555963195 | G37: =SUM(G38:G56) -> 4714739562 | H37: =SUM(H38:H56) -> 6703267141 | I37: =SUM(I38:I56) -> 19852696054
A38: 11110301 | B38: Contaduria Publica | C38: 3963074340 | D38: 0 | E38: 0 | F38: =+C38+D38 -> 3963074340 | G38: 7.696139e+08 | H38: =+'MARZO 2024'!H38+'ABRIL 2024'!G38 -> 1110380213 | I38: =+F38-H38 -> 2852694127 | L38: =+H177+H194 -> 5568993262 | M38: =+C194 -> 18451441852 | N38: estampillas
A39: 11110302 | B39: Contaduría Pública Maicao | C39: 3080377834 | D39: 0 | E39: 0 | F39: =+C39+D39 -> 3080377834 | G39: 5.3970569e+08 | H39: =+'MARZO 2024'!H39+'ABRIL 2024'!G39 -> 7.6702221e+08 | I39: =+F39-H39 -> 2313355627
A40: 11110303 | B40: Contaduria Publica Villanueva | C40: 41416845 | D40: 0 | E40: 0 | F40: =+C40+D40 -> 41416845 | G40: 25977110 | H40: =+'MARZO 2024'!H40+'ABRIL 2024'!G40 -> 76257725 | I40: =+F40-H40 -> -34840880 | L40: =+H192 -> 2043310440 | M40: =+C191 -> 9000000000 | N40: estampilla pro u nacional
A41: 11110304 | B41: Administracion de Empresas Riohacha | C41: 4066616452 | D41: 0 | E41: 0 | F41: =+C41+D41 -> 4066616452 | G41: 7.7934996e+08 | H41: =+'MARZO 2024'!H41+'ABRIL 2024'!G41 -> 1116542855 | I41: =+F41-H41 -> 2950073597
A42: 11110305 | B42: Administracion Turística y Hotelera | C42: 1584194315 | D42: 0 | E42: 0 | F42: =+C42+D42 -> 1584194315 | G42: 3.2854196e+08 | H42: =+'MARZO 2024'!H42+'ABRIL 2024'!G42 -> 4.6450524e+08 | I42: =+F42-H42 -> 1119689073 | L42: =+H186 -> 0 | M42: =+C186 -> 442529331 | N42: recusos por votacion
A43: 11110306 | B43: Negocios Internacionales | C43: 1944003154 | D43: =+D44+D45+D46+D47+D48+D49+D50+D51+D52+D53+D54 -> 0 | E43: =+E44+E45+E46+E47+E48+E49+E50+E51+E52+E53+E54 -> 0 | F43: =+C43+D43 -> 1944003154 | G43: 3.7227561e+08 | H43: =+'MARZO 2024'!H43+'ABRIL 2024'!G43 -> 534683684 | I43: =+F43-H43 -> 1409319470
A44: 11110307 | B44: Economía | C44: 1664439452 | D44: =SUM(D45:D55) -> 0 | E44: =SUM(E45:E55) -> 0 | F44: =+C44+D44 -> 1664439452 | G44: 2.9383506e+08 | H44: =+'MARZO 2024'!H44+'ABRIL 2024'!G44 -> 4.0134596e+08 | I44: =+F44-H44 -> 1263093494 | M44: =+C187 -> 1400000000 | N44: fomento a la calidad
A45: 11110308 | B45: Negocios Internacionales Maicao | C45: 949998878 | D45: 0 | E45: 0 | F45: =+C45+D45 -> 949998878 | G45: 1.2954807e+08 | H45: =+'MARZO 2024'!H45+'ABRIL 2024'!G45 -> 2.2298369e+08 | I45: =+F45-H45 -> 7.2701519e+08
A46: 11110309 | B46: Administracion de Empresas Maicao | C46: 1801632750 | D46: 0 | E46: 0 | F46: =+C46+D46 -> 1801632750 | G46: 3.519728e+08 | H46: =+'MARZO 2024'!H46+'ABRIL 2024'!G46 -> 5.0522328e+08 | I46: =+F46-H46 -> 1296409473 | L46: =+H206 -> 1070218393 | N46: CONVENIOS
A47: 11110310 | B47: Administracion de Empresas Villanueva | C47: 1718799061 | D47: 0 | E47: 0 | F47: =+C47+D47 -> 1718799061 | G47: 2.6007231e+08 | H47: =+'MARZO 2024'!H47+'ABRIL 2024'!G47 -> 3.2962214e+08 | I47: =+F47-H47 -> 1389176923
A48: 11110311 | B48: Administración Pública | C48: 704086362 | D48: 0 | E48: 0 | F48: =+C48+D48 -> 704086362 | G48: =1553145+60804027 -> 62357172 | H48: =+'MARZO 2024'!H48+'ABRIL 2024'!G48 -> 106189522 | I48: =+F48-H48 -> 597896840 | L48: =SUM(L18:L47) -> 49790574440
A49: 11110312 | B49: Tecnica Profesional en Procesos Administrativos | C49: 1498772072 | D49: 0 | E49: 0 | F49: =+C49+D49 -> 1498772072 | G49: 2.4289426e+08 | H49: =+'MARZO 2024'!H49+'ABRIL 2024'!G49 -> 3.0842927e+08 | I49: =+F49-H49 -> 1190342802 | M49: =SUM(M17:M44) -> 288440975846 | N49: TOTAL DEL PRESUPUESTO
A50: 11110313 | B50: Tecnica Profesional en Operaciones Portuarias | C50: 797274263 | D50: 0 | E50: 0 | F50: =+C50+D50 -> 797274263 | G50: 1.5284384e+08 | H50: =+'MARZO 2024'!H50+'ABRIL 2024'!G50 -> 2.1436223e+08 | I50: =+F50-H50 -> 5.8291203e+08
A51: 11110314 | B51: Tecnología en Gestiòn naviera y Portuaria | C51: 512533455 | D51: 0 | E51: 0 | F51: =+C51+D51 -> 512533455 | G51: =74182549+99311032 -> 173493581 | H51: =+'MARZO 2024'!H51+'ABRIL 2024'!G51 -> 235423403 | I51: =+F51-H51 -> 277110052
A52: 11110315 | B52: Tecnología en Gestión Pública | C52: 481470821 | D52: 0 | E52: 0 | F52: =+C52+D52 -> 481470821 | G52: 82315520 | H52: =+'MARZO 2024'!H52+'ABRIL 2024'!G52 -> 1.1381093e+08 | I52: =+F52-H52 -> 3.6765989e+08
A53: 11110316 | B53: Tecnología en Gestión de Comercio Internacional Riohacha | C53: 465939504 | D53: 0 | E53: 0 | F53: =+C53+D53 -> 465939504 | G53: 27122699 | H53: =+'MARZO 2024'!H53+'ABRIL 2024'!G53 -> 38438249 | I53: =+F53-H53 -> 4.2750125e+08
A54: 11110317 | B54: Tecnología en Gestión de Comercio Internacional Fonseca | C54: 297683572 | D54: 0 | E54: 0 | F54: =+C54+D54 -> 297683572 | G54: 7263695.8 | H54: =+'MARZO 2024'!H54+'ABRIL 2024'!G54 -> 11980638 | I54: =+F54-H54 -> 2.8570293e+08
A55: 11110318 | B55: Tecnología en Gestión de Comercio Internacional V/Nueva | C55: 711852021 | D55: =+D56+D57+D58+D59+D60+D61 -> 0 | E55: 0 | F55: =+C55+D55 -> 711852021 | G55: 74335951 | H55: =+'MARZO 2024'!H55+'ABRIL 2024'!G55 -> 1.0484553e+08 | I55: =+F55-H55 -> 6.0700649e+08
A56: 11110319 | B56: Tecnología en Gestión de Comercio Internacional Maicao | C56: 271798044 | D56: =SUM(D57:D62) -> 0 | E56: 0 | F56: =+C56+D56 -> 271798044 | G56: 41220374 | H56: =+'MARZO 2024'!H56+'ABRIL 2024'!G56 -> 41220374 | I56: =+F56-H56 -> 2.3057767e+08
A57: 111104 | B57: Facultad de Ciencias Humanas | C57: =SUM(C58:C63) -> 22059646978 | D57: =SUM(D58:D63) -> 0 | E57: 0 | F57: =SUM(F58:F63) -> 22059646978 | G57: =SUM(G58:G63) -> 4306730881 | H57: =SUM(H58:H63) -> 6879123684 | I57: =SUM(I58:I63) -> 15180523294
A58: 11110401 | B58: Derecho | C58: 4051085135 | D58: =SUM(D59:D63) -> 0 | E58: 0 | F58: =+C58+D58 -> 4051085135 | G58: 8.0731608e+08 | H58: =+'MARZO 2024'!H58+'ABRIL 2024'!G58 -> 1221091991 | I58: =+F58-H58 -> 2829993144
A59: 11110402 | B59: Trabajo Social Riohacha | C59: 4742228733 | D59: =SUM(D60:D63) -> 0 | E59: 0 | F59: =+C59+D59 -> 4742228733 | G59: 9.4738246e+08 | H59: =+'MARZO 2024'!H59+'ABRIL 2024'!G59 -> 1909652392 | I59: =+F59-H59 -> 2832576341
A60: 11110403 | B60: Trabajo Social Fonseca | C60: 2472067926 | D60: =SUM(D61:D63) -> 0 | E60: 0 | F60: =+C60+D60 -> 2472067926 | G60: 4.7079879e+08 | H60: =+'MARZO 2024'!H60+'ABRIL 2024'!G60 -> 7.6987302e+08 | I60: =+F60-H60 -> 1702194906
A61: 11110404 | B61: Trabajo Social Villanueva | C61: 2301223441 | D61: =SUM(D62:D64) -> 0 | E61: 0 | F61: =+C61+D61 -> 2301223441 | G61: 4.434596e+08 | H61: =+'MARZO 2024'!H61+'ABRIL 2024'!G61 -> 6.4849607e+08 | I61: =+F61-H61 -> 1652727371
A62: 11110405 | B62: Trabajo Social Maicao | C62: 3994136973 | D62: =+D63 | E62: 0 | F62: =+C62+D62 -> 3994136973 | G62: 7.4881076e+08 | H62: =+'MARZO 2024'!H62+'ABRIL 2024'!G62 -> 748810756 | I62: =+F62-H62 -> 3245326217
A63: 11110406 | B63: Psicología | C63: 4498904770 | E63: 0 | F63: =+C63+D63 -> 4498904770 | G63: 8.889632e+08 | H63: =+'MARZO 2024'!H63+'ABRIL 2024'!G63 -> 1581199456 | I63: =+F63-H63 -> 2917705314
A64: 111105 | B64: Facultad de Ciencias de la Salud | C64: =SUM(C65:C67) -> 820571238 | D64: =SUM(D65:D67) -> 0 | E64: 0 | F64: =SUM(F65:F67) -> 820571238 | G64: =SUM(G65:G67) -> 73253459 | H64: =SUM(H65:H67) -> 73253459 | I64: =SUM(I65:I67) -> 7.4731778e+08
A65: 11110501 | B65: Seguridad y Salud en el trabajo | C65: 90599348 | D65: 0 | E65: 0 | F65: =+C65+D65 -> 90599348 | G65: 0 | H65: =+'MARZO 2024'!H65+'ABRIL 2024'!G65 -> 0 | I65: =+F65-H65 -> 90599348
A66: 11110502 | B66: Enfermeria | C66: 364985945 | D66: 0 | E66: 0 | F66: =+C66+D66 -> 364985945 | G66: 43886662 | H66: =+'MARZO 2024'!H66+'ABRIL 2024'!G66 -> 43886662 | I66: =+F66-H66 -> 3.2109928e+08
A67: 11110503 | B67: Nutricion | C67: 364985945 | D67: 0 | E67: 0 | F67: =+C67+D67 -> 364985945 | G67: 29366796 | H67: =+'MARZO 2024'!H67+'ABRIL 2024'!G67 -> 29366796 | I67: =+F67-H67 -> 3.3561915e+08
A68: 111106 | B68: Facultad de Ciencias Basicas | C68: =SUM(C69) -> 2000951316 | D68: =SUM(D69) -> 0 | E68: 0 | F68: =SUM(F69) -> 2000951316 | G68: =+G69 -> 3.7140633e+08 | H68: =+H69 -> 5.0516169e+08 | I68: =SUM(I69) -> 1495789629
A69: 11110601 | B69: Biología | C69: 2000951316 | D69: 0 | E69: 0 | F69: =+C69+D69 -> 2000951316 | G69: 3.7140633e+08 | H69: =+'MARZO 2024'!H69+'ABRIL 2024'!G69 -> 5.0516169e+08 | I69: =+F69-H69 -> 1495789629
A70: 1112 | B70: Matricula Postgrado. | C70: =+C71+C74 -> 4287584732 | D70: =+D71+D74 -> 0 | E70: 0 | F70: =+F71+F74 -> 4287584732 | G70: =+G71+G74 -> 6391875 | H70: =+H71+H74 -> 28706125 | I70: =+I71+I74 -> 4258878607
A71: 111201 | B71: Especializaciones | C71: =SUM(C72:C73) -> 404755529 | D71: =SUM(D72:D73) -> 0 | E71: =SUM(E72:E73) -> 0 | F71: =SUM(F72:F73) -> 404755529 | G71: =SUM(G72:G73) -> 0 | H71: =SUM(H72:H73) -> 0 | I71: =SUM(I72:I73) -> 404755529
A72: 11130103 | B72: Gerencia de Construcciones | C72: 131780870 | E72: =SUM(E73:E74) -> 0 | F72: =+C72+D72 -> 131780870 | G72: 0 | H72: =+'MARZO 2024'!H72+'ABRIL 2024'!G72 -> 0 | I72: =+F72-H72 -> 131780870
A73: 11130104 | B73: En Resolución de Conflictos | C73: 272974659 | D73: 0 | E73: 0 | F73: =+C73+D73 -> 272974659 | G73: 0 | H73: =+'MARZO 2024'!H73+'ABRIL 2024'!G73 -> 0 | I73: =+F73-H73 -> 272974659
A74: 111302 | B74: Maestrías | C74: =SUM(C75:C85) -> 3882829203 | D74: =SUM(D75:D85) -> 0 | E74: 0 | F74: =SUM(F75:F85) -> 3882829203 | G74: =SUM(G75:G85) -> 6391875 | H74: =SUM(H75:H85) -> 28706125 | I74: =SUM(I75:I85) -> 3854123078
A75: 11130101 | B75: Maestria en Gestión y Gerencia educativa | C75: 374163541 | D75: 0 | E75: 0 | F75: =+C75+D75 -> 374163541 | G75: 0 | H75: =+'MARZO 2024'!H75+'ABRIL 2024'!G75 -> 3181000 | I75: =+F75-H75 -> 370982541
A76: 11130102 | B76: Maestría en Finanzas | C76: 289447268 | F76: =+C76+D76 -> 289447268 | G76: 0 | H76: =+'MARZO 2024'!H76+'ABRIL 2024'!G76 -> 0 | I76: =+F76-H76 -> 289447268
A77: 11130103 | B77: Maestría en Gestión y Desarrollo Sostenible | C77: 296506957 | D77: 0 | E77: 0 | F77: =+C77+D77 -> 296506957 | G77: 0 | H77: =+'MARZO 2024'!H77+'ABRIL 2024'!G77 -> 0 | I77: =+F77-H77 -> 296506957 | L77: =+G81+G84+G87+G141+G143+G144+G145+G146+G165+G166+G167+G169+G178+G183+G201+G203 -> 8725323634
A78: 11130104 | B78: Maestría TICs | C78: 317686026 | D78: 0 | E78: 0 | F78: =+C78+D78 -> 317686026 | G78: 2862000 | H78: =+'MARZO 2024'!H78+'ABRIL 2024'!G78 -> 2862000 | I78: =+F78-H78 -> 314824026
A79: 11130105 | B79: Maestría en Administración de Empresas | C79: 367103852 | D79: 0 | E79: 0 | F79: =+C79+D79 -> 367103852 | G79: 0 | H79: =+'MARZO 2024'!H79+'ABRIL 2024'!G79 -> 500000 | I79: =+F79-H79 -> 366603852
A80: 11130106 | B80: Maestría en Ciencias Sociales | C80: 423581368 | D80: 0 | E80: 0 | F80: =+C80+D80 -> 423581368 | G80: 3529875 | H80: =+'MARZO 2024'!H80+'ABRIL 2024'!G80 -> 3529875 | I80: =+F80-H80 -> 420051493
A81: 11130107 | B81: Maestrá en Desarrollo de procesos comunicativos en educación: Lecto - Escritura | C81: 472999194 | D81: 0 | E81: 0 | F81: =+C81+D81 -> 472999194 | G81: 0 | H81: =+'MARZO 2024'!H81+'ABRIL 2024'!G81 -> 0 | I81: =+F81-H81 -> 472999194
A82: 11130108 | B82: Maestría en Familia e Intervención Familiar | C82: 388282920 | D82: 0 | E82: 0 | F82: =+C82+D82 -> 388282920 | G82: 0 | H82: =+'MARZO 2024'!H82+'ABRIL 2024'!G82 -> 15809350 | I82: =+F82-H82 -> 372473570
A83: 11130109 | B83: Maestría en Gestión de la Tecología y la Innovación | C83: 331805405 | D83: 0 | E83: 0 | F83: =+C83+D83 -> 331805405 | G83: 0 | H83: =+'MARZO 2024'!H83+'ABRIL 2024'!G83 -> 2823900 | I83: =+F83-H83 -> 328981505
A84: 11130110 | B84: Maestría en Gestión frente al camboio climatico | C84: 296506957 | D84: 0 | E84: 0 | F84: =+C84+D84 -> 296506957 | G84: 0 | H84: =+'MARZO 2024'!H84+'ABRIL 2024'!G84 -> 0 | I84: =+F84-H84 -> 296506957
A85: 11130111 | B85: Maestría en Gerencia Estrategica de Mercadeo | C85: 324745715 | D85: 0 | E85: 0 | F85: =+C85+D85 -> 324745715 | G85: 0 | H85: =+'MARZO 2024'!H85+'ABRIL 2024'!G85 -> 0 | I85: =+F85-H85 -> 324745715
A86: 1114 | B86: Formularios e Inscripciones - Pregrado | C86: =+C87+C96+C102+C121+C132+C128 -> 1089768010 | D86: =+D87+D96+D102+D121+D132+D128 -> 0 | E86: =+E87+E88+E89+E90+E91+E92+E93+E94+E95+E96+E97 -> 0 | F86: =+F87+F96+F102+F121+F132+F128 -> 1089768010 | G86: =+G87+G96+G102+G121+G132+G128 -> 202971163 | H86: =+H87+H96+H102+H121+H132+H128 -> 202971163 | I86: =+I87+I96+I102+I121+I132+I128 -> 886796847
A87: 111301 | B87: Facultad de Ingeniería. | C87: =SUM(C88:C95) -> 211673023 | D87: =SUM(D88:D95) -> 0 | E87: =SUM(E88:E89) -> 0 | F87: =SUM(F88:F95) -> 211673023 | G87: =SUM(G88:G95) -> 49066034 | H87: =SUM(H88:H95) -> 49066034 | I87: =SUM(I88:I95) -> 162606989
A88: 11130101 | B88: Ingeniería Industrial | C88: 38592969 | D88: 0 | E88: =SUM(E89:E90) -> 0 | F88: =+C88+D88 -> 38592969 | G88: 6706828 | H88: =+'MARZO 2024'!H88+'ABRIL 2024'!G88 -> 6706828 | I88: =+F88-H88 -> 31886141
A89: 11130102 | B89: Ingeniería Ambiental Riohacha | C89: 28944727 | D89: 0 | E89: =SUM(E90:E91) -> 0 | F89: =+C89+D89 -> 28944727 | G89: 8001121 | H89: =+'MARZO 2024'!H89+'ABRIL 2024'!G89 -> 8001121 | I89: =+F89-H89 -> 20943606
A90: 11130103 | B90: Ingeniería Sistemas | C90: 38592969 | D90: 0 | E90: =SUM(E91:E92) -> 0 | F90: =+C90+D90 -> 38592969 | G90: 10589674 | H90: =+'MARZO 2024'!H90+'ABRIL 2024'!G90 -> 10589674 | I90: =+F90-H90 -> 28003295
A91: 11130104 | B91: Ingeniería Sistemas Maicao | C91: 19531808 | D91: 0 | E91: =SUM(E92:E93) -> 0 | F91: =+C91+D91 -> 19531808 | G91: 8471847 | H91: =+'MARZO 2024'!H91+'ABRIL 2024'!G91 -> 8471847 | I91: =+F91-H91 -> 11059961
A92: 11130105 | B92: Ingeniería Civil | C92: 40004907 | D92: 0 | E92: =SUM(E93:E94) -> 0 | F92: =+C92+D92 -> 40004907 | G92: 10825333 | H92: =+'MARZO 2024'!H92+'ABRIL 2024'!G92 -> 10825333 | I92: =+F92-H92 -> 29179574
A93: 11130106 | B93: Ingeniería Mecánica | C93: 27768112 | D93: 0 | E93: 0 | F93: =+C93+D93 -> 27768112 | G93: 2588586 | H93: =+'MARZO 2024'!H93+'ABRIL 2024'!G93 -> 2588586 | I93: =+F93-H93 -> 25179526
A94: 11130605 | B94: Tecnología en Gestión de Redes Informáticas Riohacha | C94: 10001227 | D94: 0 | E94: 0 | F94: =+C94+D94 -> 10001227 | G94: 1058967 | H94: =+'MARZO 2024'!H94+'ABRIL 2024'!G94 -> 1058967 | I94: =+F94-H94 -> 8942260
A95: 11130606 | B95: Tecnología en Gestión de Redes Informáticas Maicao | C95: 8236304 | D95: 0 | E95: 0 | F95: =+C95+D95 -> 8236304 | G95: 823678 | H95: =+'MARZO 2024'!H95+'ABRIL 2024'!G95 -> 823678 | I95: =+F95-H95 -> 7412626
A96: 111302 | B96: Facultad de Ciencia de la Educación. | C96: =SUM(C97:C101) -> 143782341 | D96: =SUM(D97:D101) -> 0 | E96: 0 | F96: =SUM(F97:F101) -> 143782341 | G96: =SUM(G97:G101) -> 31653943 | H96: =SUM(H97:H101) -> 31653943 | I96: =SUM(I97:I101) -> 112128398
A97: 11130201 | B97: Lic en Pedagogía Infantil Riohacha | C97: 38592969 | D97: 0 | E97: 0 | F97: =+C97+D97 -> 38592969 | G97: 8471810 | H97: =+'MARZO 2024'!H97+'ABRIL 2024'!G97 -> 8471810 | I97: =+F97-H97 -> 30121159
A98: 11130203 | B98: Lic en Pedagogía Infantil Maicao | C98: 38592969 | D98: 0 | E98: 0 | F98: =+C98+D98 -> 38592969 | G98: 6706902 | H98: =+'MARZO 2024'!H98+'ABRIL 2024'!G98 -> 6706902 | I98: =+F98-H98 -> 31886067
A99: 11130205 | B99: Lic en Etnoeducacion e Interculturalidad Riohacha | C99: 38122323 | D99: 0 | E99: 0 | F99: =+C99+D99 -> 38122323 | G99: 7177480 | H99: =+'MARZO 2024'!H99+'ABRIL 2024'!G99 -> 7177480 | I99: =+F99-H99 -> 30944843
A100: 11130206 | B100: Lic en Educación Física, Recreación y Deportes | C100: 19767130 | D100: 0 | E100: 0 | F100: =+C100+D100 -> 19767130 | G100: 8707099 | H100: =+'MARZO 2024'!H100+'ABRIL 2024'!G100 -> 8707099 | I100: =+F100-H100 -> 11060031
A101: 11130207 | B101: Lic en Música | C101: 8706950 | D101: 0 | E101: 0 | F101: =+C101+D101 -> 8706950 | G101: 590652 | H101: =+'MARZO 2024'!H101+'ABRIL 2024'!G101 -> 590652 | I101: =+F101-H101 -> 8116298
A102: 111303 | B102: Facultad de Ciencias Económicas y Administrativa. | C102: =SUM(C103:C120) -> 521345348 | D102: =SUM(D103:D120) -> 0 | E102: 0 | F102: =SUM(F103:F120) -> 521345348 | G102: =SUM(G103:G120) -> 41299161 | H102: =SUM(H103:H120) -> 41299161 | I102: =SUM(I103:I120) -> 480046187
A103: 11130301 | B103: Contaduría Publica | C103: 40004907 | D103: 0 | E103: 0 | F103: =+C103+D103 -> 40004907 | G103: 7648095 | H103: =+'MARZO 2024'!H103+'ABRIL 2024'!G103 -> 7648095 | I103: =+F103-H103 -> 32356812
A104: 11130302 | B104: Contaduría Pública Maicao | C104: 38122323 | D104: 0 | E104: 0 | F104: =+C104+D104 -> 38122323 | G104: 6118476 | H104: =+'MARZO 2024'!H104+'ABRIL 2024'!G104 -> 6118476 | I104: =+F104-H104 -> 32003847
A105: 11130303 | B105: Administración de Empresas Riohacha | C105: 40004907 | D105: 0 | E105: 0 | F105: =+C105+D105 -> 40004907 | G105: 9060125 | H105: =+'MARZO 2024'!H105+'ABRIL 2024'!G105 -> 9060125 | I105: =+F105-H105 -> 30944782
...

Sheet MAYO 2024
E2: Tesorería
E6: ENTIDAD:UNIVERSIDAD DE LA GUAJIRA
E7: NIT No:892115029-4
E8: NOMBRE DEL REPRESENTANTE LEGAL:CARLOS A. ROBLES JULIO
A9: INFORME EJECUCION PRESUPUESTAL DE INGRESOS | E9: CIUDAD, DIRECCION Y TELEFONOS:R/CHA, KM 5 VIA M/CAO, 7282729
E10: VIGENCIA FISCAL:2024
E11: PERIODO DE RENDICION DE: MAYO 01 A: MAYO 31
E12: HOJA ______ DE _______
A14: CODIGO | B14: DESCRIPCION | C14: PRESUPUESTO | D14: MODIFICACIONES | F14: PRESUPUESTO | G14: RECAUDOS | I14: SALDOS
C15: INICIAL | D15: (2) | F15: DEFINITIVO | G15: DEL MES | H15: ACUMULADO
C16: (1) | D16: ADICIONES | E16: REDUCCION | F16: (3=1+/-2) | G16: 4 | H16: (5=4+5A) | I16: (6=3-5)
A17: 1 | B17: INGRESOS CORRIENTES. | C17: =+C18 -> 128991550549 | D17: =+D18 -> 0 | E17: 0 | F17: =+F18+F181 -> 237498587411 | G17: =+G18 -> 1838906415 | H17: =+H18 -> 28041677355 | I17: =+F17+G17-H17 -> 211295816471
A18: 11 | B18: RENTAS PROPIAS. | C18: =C19+C168+C176 -> 128991550549 | D18: =D19+D168+D176 -> 0 | E18: 0 | F18: =F19+F168+F176 -> 128991550549 | G18: =G19+G168+G176 -> 1838906415 | H18: =H19+H168+H176 -> 28041677355 | I18: =I19+I168+I176 -> 100949873194 | M18: =+C168 -> 6011760000 | N18: venta de bienes y servicios
A19: 111 | B19: DERECHOS ACADEMICOS. | C19: =C20+C70+C86+C134+C149+C154+C159 -> 91339790549 | D19: =D20+D70+D86+D134+D149+D154+D159 -> 0 | E19: 0 | F19: =F20+F70+F86+F134+F149+F154+F159 -> 91339790549 | G19: =G20+G70+G86+G134+G149+G154+G159 -> 40222675 | H19: =H20+H70+H86+H134+H149+H154+H159 -> 23419770195 | I19: =I20+I70+I86+I134+I149+I154+I159 -> 67920020354
A20: 1111 | B20: Matricula-pregrado. | C20: =+C21+C31+C37+C57+C64+C68 -> 85494721951 | D20: =+D21+D31+D37+D57+D64+D68 -> 0 | E20: 0 | F20: =+F21+F31+F37+F57+F64+F68 -> 85494721951 | G20: =+G21+G31+G37+G57+G64+G68 -> 0 | H20: =+H21+H31+H37+H57+H64+H68 -> 23045278317 | I20: =+I21+I31+I37+I57+I64+I68 -> 62449443634 | L20: =+H20+H86 -> 23254017763 | M20: =+C20+C86 -> 86584489961 | N20: matricula pregrado e iscripcion pregrado
A21: 111101 | B21: Facultad de Ingeniería. | C21: =SUM(C22:C30) -> 18546980835 | D21: =SUM(D22:D30) -> 0 | E21: =+E22+E23+E24+E25+E26+E27+E28 -> 0 | F21: =SUM(F22:F30) -> 18546980835 | G21: =SUM(G22:G30) -> 0 | H21: =SUM(H22:H30) -> 4804559044 | I21: =SUM(I22:I30) -> 13742421791
A22: 11110101 | B22: Ingeniería Industrial | C22: 3194274158 | D22: 0 | E22: 0 | F22: =+C22+D22 -> 3194274158 | G22: 0 | H22: =+'ABRIL 2024'!H22+'MAYO 2024'!G22 -> 8.3197742e+08 | I22: =+F22-H22 -> 2362296734 | L22: =+H70+H134 -> 50279800 | M22: =+C70+C134 -> 4379360690 | N22: maricula postgrado e inscripciones postgrado
A23: 11110102 | B23: Ingeniería Ambiental Riohacha | C23: 2016482633 | D23: 0 | E23: 0 | F23: =+C23+D23 -> 2016482633 | G23: 0 | H23: =+'ABRIL 2024'!H23+'MAYO 2024'!G23 -> 5.3741806e+08 | I23: =+F23-H23 -> 1479064576
A24: 11110103 | B24: Ingeniería Sistemas | C24: 3486780624 | D24: 0 | E24: 0 | F24: =+C24+D24 -> 3486780624 | G24: 0 | H24: =+'ABRIL 2024'!H24+'MAYO 2024'!G24 -> 9.3339041e+08 | I24: =+F24-H24 -> 2553390216 | L24: =+H174 -> 652925565 | M24: 0 | N24: diplomado
A25: 11110104 | B25: Ingeniería Sistemas Maicao | C25: 1809398409 | D25: 0 | E25: 0 | F25: =+C25+D25 -> 1809398409 | G25: 0 | H25: =+'ABRIL 2024'!H25+'MAYO 2024'!G25 -> 480883603 | I25: =+F25-H25 -> 1328514806
A26: 11110105 | B26: Ingeniería Civil | C26: 3647270898 | D26: 0 | E26: 0 | F26: =+C26+D26 -> 3647270898 | G26: 0 | H26: =+'ABRIL 2024'!H26+'MAYO 2024'!G26 -> 1068258462 | I26: =+F26-H26 -> 2579012436 | L26: =+H149+H154+H159+H171 -> 116108010 | M26: =+C149+C154+C159 -> 375939898 | N26: otros derechos academicos
A27: 11110106 | B27: Ingeniería Mecánica | C27: 1884466440 | D27: 0 | E27: 0 | F27: =+C27+D27 -> 1884466440 | G27: 0 | H27: =+'ABRIL 2024'!H27+'MAYO 2024'!G27 -> 4.1992499e+08 | I27: =+F27-H27 -> 1464541448
A28: 11110107 | B28: Ingeniería Ambiental Fonseca | C28: 1242505345 | D28: 0 | E28: 0 | F28: =+C28+D28 -> 1242505345 | G28: 0 | H28: =+'ABRIL 2024'!H28+'MAYO 2024'!G28 -> 3.5803265e+08 | I28: =+F28-H28 -> 8.844727e+08 | L28: =+H178+H179+H180 -> 693492151 | M28: =+C176 -> 31640000000 | N28: Otras rentas propias
A29: 11110608 | B29: Tecnología en Gestión de Redes Informáticas Riohacha | C29: 994004284 | D29: 0 | E29: =+E30+E31+E32+E33+E34+E35+E36+E37+E38+E39+E40+E41+E42 -> 0 | F29: =+C29+D29 -> 994004284 | G29: 0 | H29: =+'ABRIL 2024'!H29+'MAYO 2024'!G29 -> 1.5038742e+08 | I29: =+F29-H29 -> 8.4361686e+08
A30: 11110609 | B30: Tecnología en Gestión de Redes Informáticas Maicao | C30: 271798044 | D30: 0 | E30: 0 | F30: =+C30+D30 -> 271798044 | G30: 0 | H30: =+'ABRIL 2024'!H30+'MAYO 2024'!G30 -> 24286030 | I30: =+F30-H30 -> 2.4751201e+08 | L30: =+H184 -> 12071777304 | M30: =+C184 -> 58330090683 | N30: aporte ley 30 art 86
A31: 111102 | B31: Facultad de Ciencia de la Educacion. | C31: =SUM(C32:C36) -> 15510608389 | D31: =SUM(D32:D36) -> 0 | E31: 0 | F31: =SUM(F32:F36) -> 15510608389 | G31: =SUM(G32:G36) -> 0 | H31: =SUM(H32:H36) -> 4079913301 | I31: =SUM(I32:I36) -> 11430695088
A32: 11110201 | B32: Lic en Educación Infantil Riohacha | C32: 3629151028 | D32: 0 | E32: 0 | F32: =+C32+D32 -> 3629151028 | G32: 0 | H32: =+'ABRIL 2024'!H32+'MAYO 2024'!G32 -> 1155671754 | I32: =+F32-H32 -> 2473479274 | L32: =+H185 -> 0 | M32: =+C185 -> 1721524593 | N32: aporte ley 30 art 87
A33: 11110202 | B33: Lic en Educación Infantil Maicao | C33: 3623973923 | D33: 0 | E33: 0 | F33: =+C33+D33 -> 3623973923 | G33: 0 | H33: =+'ABRIL 2024'!H33+'MAYO 2024'!G33 -> 181296295 | I33: =+F33-H33 -> 3442677628
A34: 11110203 | B34: Lic en Etnoeducacion e Interculturalidad Riohacha | C34: 3616208264 | D34: 0 | E34: 0 | F34: =+C34+D34 -> 3616208264 | G34: 0 | H34: =+'ABRIL 2024'!H34+'MAYO 2024'!G34 -> 1477662994 | I34: =+F34-H34 -> 2138545270 | L34: =+H188 -> 0 | M34: =+C188 -> 19161450403 | N34: Aportes Ley 30 del 92
A35: 11110204 | B35: Lic en Educación Física, Recreación y Deportes | C35: 3825881041 | D35: 0 | E35: 0 | F35: =+C35+D35 -> 3825881041 | G35: 0 | H35: =+'ABRIL 2024'!H35+'MAYO 2024'!G35 -> 1076264730 | I35: =+F35-H35 -> 2749616311
A36: 11110213 | B36: Lic en Música | C36: 815394133 | D36: 0 | E36: 0 | F36: =+C36+D36 -> 815394133 | G36: 0 | H36: =+'ABRIL 2024'!H36+'MAYO 2024'!G36 -> 1.8901753e+08 | I36: =+F36-H36 -> 6.263766e+08 | L36: =+H196 -> 8566456105 | M36: =+C196 -> 50942388435 | N36: recursos de caapital
A37: 111103 | B37: Facultad de Ciencias Económicas y Administrativa. | C37: =SUM(C38:C56) -> 26555963195 | D37: =SUM(D38:D56) -> 0 | E37: 0 | F37: =SUM(F38:F56) -> 26555963195 | G37: =SUM(G38:G56) -> 0 | H37: =SUM(H38:H56) -> 6703267141 | I37: =SUM(I38:I56) -> 19852696054
A38: 11110301 | B38: Contaduria Publica | C38: 3963074340 | D38: 0 | E38: 0 | F38: =+C38+D38 -> 3963074340 | G38: 0 | H38: =+'ABRIL 2024'!H38+'MAYO 2024'!G38 -> 1110380213 | I38: =+F38-H38 -> 2852694127 | L38: =+H177+H194 -> 9322708089 | M38: =+C194 -> 18451441852 | N38: estampillas
A39: 11110302 | B39: Contaduría Pública Maicao | C39: 3080377834 | D39: 0 | E39: 0 | F39: =+C39+D39 -> 3080377834 | G39: 0 | H39: =+'ABRIL 2024'!H39+'MAYO 2024'!G39 -> 7.6702221e+08 | I39: =+F39-H39 -> 2313355627
A40: 11110303 | B40: Contaduria Publica Villanueva | C40: 41416845 | D40: 0 | E40: 0 | F40: =+C40+D40 -> 41416845 | G40: 0 | H40: =+'ABRIL 2024'!H40+'MAYO 2024'!G40 -> 76257725 | I40: =+F40-H40 -> -34840880 | L40: =+H192 -> 2043310440 | M40: =+C191 -> 9000000000 | N40: estampilla pro u nacional
A41: 11110304 | B41: Administracion de Empresas Riohacha | C41: 4066616452 | D41: 0 | E41: 0 | F41: =+C41+D41 -> 4066616452 | G41: 0 | H41: =+'ABRIL 2024'!H41+'MAYO 2024'!G41 -> 1116542855 | I41: =+F41-H41 -> 2950073597
A42: 11110305 | B42: Administracion Turística y Hotelera | C42: 1584194315 | D42: 0 | E42: 0 | F42: =+C42+D42 -> 1584194315 | G42: 0 | H42: =+'ABRIL 2024'!H42+'MAYO 2024'!G42 -> 4.6450524e+08 | I42: =+F42-H42 -> 1119689073 | L42: =+H186 -> 0 | M42: =+C186 -> 442529331 | N42: recusos por votacion
A43: 11110306 | B43: Negocios Internacionales | C43: 1944003154 | D43: =+D44+D45+D46+D47+D48+D49+D50+D51+D52+D53+D54 -> 0 | E43: =+E44+E45+E46+E47+E48+E49+E50+E51+E52+E53+E54 -> 0 | F43: =+C43+D43 -> 1944003154 | G43: 0 | H43: =+'ABRIL 2024'!H43+'MAYO 2024'!G43 -> 534683684 | I43: =+F43-H43 -> 1409319470
A44: 11110307 | B44: Economía | C44: 1664439452 | D44: =SUM(D45:D55) -> 0 | E44: =SUM(E45:E55) -> 0 | F44: =+C44+D44 -> 1664439452 | G44: 0 | H44: =+'ABRIL 2024'!H44+'MAYO 2024'!G44 -> 4.0134596e+08 | I44: =+F44-H44 -> 1263093494 | L44: =+H187 -> 1870989185 | M44: =+C187 -> 1400000000 | N44: fomento a la calidad COOPERATIVA
A45: 11110308 | B45: Negocios Internacionales Maicao | C45: 949998878 | D45: 0 | E45: 0 | F45: =+C45+D45 -> 949998878 | G45: 0 | H45: =+'ABRIL 2024'!H45+'MAYO 2024'!G45 -> 2.2298369e+08 | I45: =+F45-H45 -> 7.2701519e+08
A46: 11110309 | B46: Administracion de Empresas Maicao | C46: 1801632750 | D46: 0 | E46: 0 | F46: =+C46+D46 -> 1801632750 | G46: 0 | H46: =+'ABRIL 2024'!H46+'MAYO 2024'!G46 -> 5.0522328e+08 | I46: =+F46-H46 -> 1296409473 | L46: =+H206 -> 1080618393 | N46: CONVENIOS
A47: 11110310 | B47: Administracion de Empresas Villanueva | C47: 1718799061 | D47: 0 | E47: 0 | F47: =+C47+D47 -> 1718799061 | G47: 0 | H47: =+'ABRIL 2024'!H47+'MAYO 2024'!G47 -> 3.2962214e+08 | I47: =+F47-H47 -> 1389176923
A48: 11110311 | B48: Administración Pública | C48: 704086362 | D48: 0 | E48: 0 | F48: =+C48+D48 -> 704086362 | G48: 0 | H48: =+'ABRIL 2024'!H48+'MAYO 2024'!G48 -> 106189522 | I48: =+F48-H48 -> 597896840 | L48: =SUM(L18:L47) -> 59722682805
A49: 11110312 | B49: Tecnica Profesional en Procesos Administrativos | C49: 1498772072 | D49: 0 | E49: 0 | F49: =+C49+D49 -> 1498772072 | G49: 0 | H49: =+'ABRIL 2024'!H49+'MAYO 2024'!G49 -> 3.0842927e+08 | I49: =+F49-H49 -> 1190342802 | M49: =SUM(M17:M44) -> 288440975846 | N49: TOTAL DEL PRESUPUESTO
A50: 11110313 | B50: Tecnica Profesional en Operaciones Portuarias | C50: 797274263 | D50: 0 | E50: 0 | F50: =+C50+D50 -> 797274263 | G50: 0 | H50: =+'ABRIL 2024'!H50+'MAYO 2024'!G50 -> 2.1436223e+08 | I50: =+F50-H50 -> 5.8291203e+08
A51: 11110314 | B51: Tecnología en Gestiòn naviera y Portuaria | C51: 512533455 | D51: 0 | E51: 0 | F51: =+C51+D51 -> 512533455 | G51: 0 | H51: =+'ABRIL 2024'!H51+'MAYO 2024'!G51 -> 235423403 | I51: =+F51-H51 -> 277110052
A52: 11110315 | B52: Tecnología en Gestión Pública | C52: 481470821 | D52: 0 | E52: 0 | F52: =+C52+D52 -> 481470821 | G52: 0 | H52: =+'ABRIL 2024'!H52+'MAYO 2024'!G52 -> 1.1381093e+08 | I52: =+F52-H52 -> 3.6765989e+08
A53: 11110316 | B53: Tecnología en Gestión de Comercio Internacional Riohacha | C53: 465939504 | D53: 0 | E53: 0 | F53: =+C53+D53 -> 465939504 | G53: 0 | H53: =+'ABRIL 2024'!H53+'MAYO 2024'!G53 -> 38438249 | I53: =+F53-H53 -> 4.2750125e+08 | L53: 8.0801649e+10
A54: 11110317 | B54: Tecnología en Gestión de Comercio Internacional Fonseca | C54: 297683572 | D54: 0 | E54: 0 | F54: =+C54+D54 -> 297683572 | G54: 0 | H54: =+'ABRIL 2024'!H54+'MAYO 2024'!G54 -> 11980638 | I54: =+F54-H54 -> 2.8570293e+08
A55: 11110318 | B55: Tecnología en Gestión de Comercio Internacional V/Nueva | C55: 711852021 | D55: =+D56+D57+D58+D59+D60+D61 -> 0 | E55: 0 | F55: =+C55+D55 -> 711852021 | G55: 0 | H55: =+'ABRIL 2024'!H55+'MAYO 2024'!G55 -> 1.0484553e+08 | I55: =+F55-H55 -> 6.0700649e+08
A56: 11110319 | B56: Tecnología en Gestión de Comercio Internacional Maicao | C56: 271798044 | D56: =SUM(D57:D62) -> 0 | E56: 0 | F56: =+C56+D56 -> 271798044 | G56: 0 | H56: =+'ABRIL 2024'!H56+'MAYO 2024'!G56 -> 41220374 | I56: =+F56-H56 -> 2.3057767e+08
A57: 111104 | B57: Facultad de Ciencias Humanas | C57: =SUM(C58:C63) -> 22059646978 | D57: =SUM(D58:D63) -> 0 | E57: 0 | F57: =SUM(F58:F63) -> 22059646978 | G57: =SUM(G58:G63) -> 0 | H57: =SUM(H58:H63) -> 6879123684 | I57: =SUM(I58:I63) -> 15180523294
A58: 11110401 | B58: Derecho | C58: 4051085135 | D58: =SUM(D59:D63) -> 0 | E58: 0 | F58: =+C58+D58 -> 4051085135 | G58: 0 | H58: =+'ABRIL 2024'!H58+'MAYO 2024'!G58 -> 1221091991 | I58: =+F58-H58 -> 2829993144
A59: 11110402 | B59: Trabajo Social Riohacha | C59: 4742228733 | D59: =SUM(D60:D63) -> 0 | E59: 0 | F59: =+C59+D59 -> 4742228733 | G59: 0 | H59: =+'ABRIL 2024'!H59+'MAYO 2024'!G59 -> 1909652392 | I59: =+F59-H59 -> 2832576341
A60: 11110403 | B60: Trabajo Social Fonseca | C60: 2472067926 | D60: =SUM(D61:D63) -> 0 | E60: 0 | F60: =+C60+D60 -> 2472067926 | G60: 0 | H60: =+'ABRIL 2024'!H60+'MAYO 2024'!G60 -> 7.6987302e+08 | I60: =+F60-H60 -> 1702194906
A61: 11110404 | B61: Trabajo Social Villanueva | C61: 2301223441 | D61: =SUM(D62:D64) -> 0 | E61: 0 | F61: =+C61+D61 -> 2301223441 | G61: 0 | H61: =+'ABRIL 2024'!H61+'MAYO 2024'!G61 -> 6.4849607e+08 | I61: =+F61-H61 -> 1652727371
A62: 11110405 | B62: Trabajo Social Maicao | C62: 3994136973 | D62: =+D63 | E62: 0 | F62: =+C62+D62 -> 3994136973 | G62: 0 | H62: =+'ABRIL 2024'!H62+'MAYO 2024'!G62 -> 748810756 | I62: =+F62-H62 -> 3245326217
A63: 11110406 | B63: Psicología | C63: 4498904770 | E63: 0 | F63: =+C63+D63 -> 4498904770 | G63: 0 | H63: =+'ABRIL 2024'!H63+'MAYO 2024'!G63 -> 1581199456 | I63: =+F63-H63 -> 2917705314
A64: 111105 | B64: Facultad de Ciencias de la Salud | C64: =SUM(C65:C67) -> 820571238 | D64: =SUM(D65:D67) -> 0 | E64: 0 | F64: =SUM(F65:F67) -> 820571238 | G64: =SUM(G65:G67) -> 0 | H64: =SUM(H65:H67) -> 73253459 | I64: =SUM(I65:I67) -> 7.4731778e+08
A65: 11110501 | B65: Seguridad y Salud en el trabajo | C65: 90599348 | D65: 0 | E65: 0 | F65: =+C65+D65 -> 90599348 | G65: 0 | H65: =+'ABRIL 2024'!H65+'MAYO 2024'!G65 -> 0 | I65: =+F65-H65 -> 90599348
A66: 11110502 | B66: Enfermeria | C66: 364985945 | D66: 0 | E66: 0 | F66: =+C66+D66 -> 364985945 | G66: 0 | H66: =+'ABRIL 2024'!H66+'MAYO 2024'!G66 -> 43886662 | I66: =+F66-H66 -> 3.2109928e+08
A67: 11110503 | B67: Nutricion | C67: 364985945 | D67: 0 | E67: 0 | F67: =+C67+D67 -> 364985945 | G67: 0 | H67: =+'ABRIL 2024'!H67+'MAYO 2024'!G67 -> 29366796 | I67: =+F67-H67 -> 3.3561915e+08
A68: 111106 | B68: Facultad de Ciencias Basicas | C68: =SUM(C69) -> 2000951316 | D68: =SUM(D69) -> 0 | E68: 0 | F68: =SUM(F69) -> 2000951316 | G68: =+G69 -> 0 | H68: =+H69 -> 5.0516169e+08 | I68: =SUM(I69) -> 1495789629
A69: 11110601 | B69: Biología | C69: 2000951316 | D69: 0 | E69: 0 | F69: =+C69+D69 -> 2000951316 | G69: 0 | H69: =+'ABRIL 2024'!H69+'MAYO 2024'!G69 -> 5.0516169e+08 | I69: =+F69-H69 -> 1495789629
A70: 1112 | B70: Matricula Postgrado. | C70: =+C71+C74 -> 4287584732 | D70: =+D71+D74 -> 0 | E70: 0 | F70: =+F71+F74 -> 4287584732 | G70: =+G71+G74 -> 1579000 | H70: =+H71+H74 -> 30285125 | I70: =+I71+I74 -> 4257299607
A71: 111201 | B71: Especializaciones | C71: =SUM(C72:C73) -> 404755529 | D71: =SUM(D72:D73) -> 0 | E71: =SUM(E72:E73) -> 0 | F71: =SUM(F72:F73) -> 404755529 | G71: =SUM(G72:G73) -> 0 | H71: =SUM(H72:H73) -> 0 | I71: =SUM(I72:I73) -> 404755529
A72: 11130103 | B72: Gerencia de Construcciones | C72: 131780870 | E72: =SUM(E73:E74) -> 0 | F72: =+C72+D72 -> 131780870 | G72: 0 | H72: =+'ABRIL 2024'!H72+'MAYO 2024'!G72 -> 0 | I72: =+F72-H72 -> 131780870
A73: 11130104 | B73: En Resolución de Conflictos | C73: 272974659 | D73: 0 | E73: 0 | F73: =+C73+D73 -> 272974659 | G73: 0 | H73: =+'ABRIL 2024'!H73+'MAYO 2024'!G73 -> 0 | I73: =+F73-H73 -> 272974659
A74: 111302 | B74: Maestrías | C74: =SUM(C75:C85) -> 3882829203 | D74: =SUM(D75:D85) -> 0 | E74: 0 | F74: =SUM(F75:F85) -> 3882829203 | G74: =SUM(G75:G85) -> 1579000 | H74: =SUM(H75:H85) -> 30285125 | I74: =SUM(I75:I85) -> 3852544078
A75: 11130101 | B75: Maestria en Gestión y Gerencia educativa | C75: 374163541 | D75: 0 | E75: 0 | F75: =+C75+D75 -> 374163541 | G75: 0 | H75: =+'ABRIL 2024'!H75+'MAYO 2024'!G75 -> 3181000 | I75: =+F75-H75 -> 370982541
A76: 11130102 | B76: Maestría en Finanzas | C76: 289447268 | F76: =+C76+D76 -> 289447268 | G76: 0 | H76: =+'ABRIL 2024'!H76+'MAYO 2024'!G76 -> 0 | I76: =+F76-H76 -> 289447268
A77: 11130103 | B77: Maestría en Gestión y Desarrollo Sostenible | C77: 296506957 | D77: 0 | E77: 0 | F77: =+C77+D77 -> 296506957 | G77: 0 | H77: =+'ABRIL 2024'!H77+'MAYO 2024'!G77 -> 0 | I77: =+F77-H77 -> 296506957 | L77: =+G81+G84+G87+G141+G143+G144+G145+G146+G165+G166+G167+G169+G178+G183+G201+G203 -> 5898728940
A78: 11130104 | B78: Maestría TICs | C78: 317686026 | D78: 0 | E78: 0 | F78: =+C78+D78 -> 317686026 | G78: 0 | H78: =+'ABRIL 2024'!H78+'MAYO 2024'!G78 -> 2862000 | I78: =+F78-H78 -> 314824026
A79: 11130105 | B79: Maestría en Administración de Empresas | C79: 367103852 | D79: 0 | E79: 0 | F79: =+C79+D79 -> 367103852 | G79: 0 | H79: =+'ABRIL 2024'!H79+'MAYO 2024'!G79 -> 500000 | I79: =+F79-H79 -> 366603852
A80: 11130106 | B80: Maestría en Ciencias Sociales | C80: 423581368 | D80: 0 | E80: 0 | F80: =+C80+D80 -> 423581368 | G80: 0 | H80: =+'ABRIL 2024'!H80+'MAYO 2024'!G80 -> 3529875 | I80: =+F80-H80 -> 420051493
A81: 11130107 | B81: Maestrá en Desarrollo de procesos comunicativos en educación: Lecto - Escritura | C81: 472999194 | D81: 0 | E81: 0 | F81: =+C81+D81 -> 472999194 | G81: 0 | H81: =+'ABRIL 2024'!H81+'MAYO 2024'!G81 -> 0 | I81: =+F81-H81 -> 472999194
A82: 11130108 | B82: Maestría en Familia e Intervención Familiar | C82: 388282920 | D82: 0 | E82: 0 | F82: =+C82+D82 -> 388282920 | G82: 0 | H82: =+'ABRIL 2024'!H82+'MAYO 2024'!G82 -> 15809350 | I82: =+F82-H82 -> 372473570
A83: 11130109 | B83: Maestría en Gestión de la Tecología y la Innovación | C83: 331805405 | D83: 0 | E83: 0 | F83: =+C83+D83 -> 331805405 | G83: 0 | H83: =+'ABRIL 2024'!H83+'MAYO 2024'!G83 -> 2823900 | I83: =+F83-H83 -> 328981505
A84: 11130110 | B84: Maestría en Gestión frente al camboio climatico | C84: 296506957 | D84: 0 | E84: 0 | F84: =+C84+D84 -> 296506957 | G84: 0 | H84: =+'ABRIL 2024'!H84+'MAYO 2024'!G84 -> 0 | I84: =+F84-H84 -> 296506957
A85: 11130111 | B85: Maestría en Gerencia Estrategica de Mercadeo | C85: 324745715 | D85: 0 | E85: 0 | F85: =+C85+D85 -> 324745715 | G85: 1579000 | H85: =+'ABRIL 2024'!H85+'MAYO 2024'!G85 -> 1579000 | I85: =+F85-H85 -> 323166715
A86: 1114 | B86: Formularios e Inscripciones - Pregrado | C86: =+C87+C96+C102+C121+C132+C128 -> 1089768010 | D86: =+D87+D96+D102+D121+D132+D128 -> 0 | E86: =+E87+E88+E89+E90+E91+E92+E93+E94+E95+E96+E97 -> 0 | F86: =+F87+F96+F102+F121+F132+F128 -> 1089768010 | G86: =+G87+G96+G102+G121+G132+G128 -> 5768283 | H86: =+H87+H96+H102+H121+H132+H128 -> 208739446 | I86: =+I87+I96+I102+I121+I132+I128 -> 881028564
A87: 111301 | B87: Facultad de Ingeniería. | C87: =SUM(C88:C95) -> 211673023 | D87: =SUM(D88:D95) -> 0 | E87: =SUM(E88:E89) -> 0 | F87: =SUM(F88:F95) -> 211673023 | G87: =SUM(G88:G95) -> 1178341 | H87: =SUM(H88:H95) -> 50244375 | I87: =SUM(I88:I95) -> 161428648
A88: 11130101 | B88: Ingeniería Industrial | C88: 38592969 | D88: 0 | E88: =SUM(E89:E90) -> 0 | F88: =+C88+D88 -> 38592969 | G88: 118000 | H88: =+'ABRIL 2024'!H88+'MAYO 2024'!G88 -> 6824828 | I88: =+F88-H88 -> 31768141
A89: 11130102 | B89: Ingeniería Ambiental Riohacha | C89: 28944727 | D89: 0 | E89: =SUM(E90:E91) -> 0 | F89: =+C89+D89 -> 28944727 | G89: 236700 | H89: =+'ABRIL 2024'!H89+'MAYO 2024'!G89 -> 8237821 | I89: =+F89-H89 -> 20706906
A90: 11130103 | B90: Ingeniería Sistemas | C90: 38592969 | D90: 0 | E90: =SUM(E91:E92) -> 0 | F90: =+C90+D90 -> 38592969 | G90: 352989 | H90: =+'ABRIL 2024'!H90+'MAYO 2024'!G90 -> 10942663 | I90: =+F90-H90 -> 27650306
A91: 11130104 | B91: Ingeniería Sistemas Maicao | C91: 19531808 | D91: 0 | E91: =SUM(E92:E93) -> 0 | F91: =+C91+D91 -> 19531808 | G91: 0 | H91: =+'ABRIL 2024'!H91+'MAYO 2024'!G91 -> 8471847 | I91: =+F91-H91 -> 11059961
A92: 11130105 | B92: Ingeniería Civil | C92: 40004907 | D92: 0 | E92: =SUM(E93:E94) -> 0 | F92: =+C92+D92 -> 40004907 | G92: 235326 | H92: =+'ABRIL 2024'!H92+'MAYO 2024'!G92 -> 11060659 | I92: =+F92-H92 -> 28944248
A93: 11130106 | B93: Ingeniería Mecánica | C93: 27768112 | D93: 0 | E93: 0 | F93: =+C93+D93 -> 27768112 | G93: 0 | H93: =+'ABRIL 2024'!H93+'MAYO 2024'!G93 -> 2588586 | I93: =+F93-H93 -> 25179526
A94: 11130605 | B94: Tecnología en Gestión de Redes Informáticas Riohacha | C94: 10001227 | D94: 0 | E94: 0 | F94: =+C94+D94 -> 10001227 | G94: 235326 | H94: =+'ABRIL 2024'!H94+'MAYO 2024'!G94 -> 1294293 | I94: =+F94-H94 -> 8706934
A95: 11130606 | B95: Tecnología en Gestión de Redes Informáticas Maicao | C95: 8236304 | D95: 0 | E95: 0 | F95: =+C95+D95 -> 8236304 | G95: 0 | H95: =+'ABRIL 2024'!H95+'MAYO 2024'!G95 -> 823678 | I95: =+F95-H95 -> 7412626
A96: 111302 | B96: Facultad de Ciencia de la Educación. | C96: =SUM(C97:C101) -> 143782341 | D96: =SUM(D97:D101) -> 0 | E96: 0 | F96: =SUM(F97:F101) -> 143782341 | G96: =SUM(G97:G101) -> 1058967 | H96: =SUM(H97:H101) -> 32712910 | I96: =SUM(I97:I101) -> 111069431
A97: 11130201 | B97: Lic en Pedagogía Infantil Riohacha | C97: 38592969 | D97: 0 | E97: 0 | F97: =+C97+D97 -> 38592969 | G97: 470652 | H97: =+'ABRIL 2024'!H97+'MAYO 2024'!G97 -> 8942462 | I97: =+F97-H97 -> 29650507
A98: 11130203 | B98: Lic en Pedagogía Infantil Maicao | C98: 38592969 | D98: 0 | E98: 0 | F98: =+C98+D98 -> 38592969 | G98: 0 | H98: =+'ABRIL 2024'!H98+'MAYO 2024'!G98 -> 6706902 | I98: =+F98-H98 -> 31886067
A99: 11130205 | B99: Lic en Etnoeducacion e Interculturalidad Riohacha | C99: 38122323 | D99: 0 | E99: 0 | F99: =+C99+D99 -> 38122323 | G99: 352989 | H99: =+'ABRIL 2024'!H99+'MAYO 2024'!G99 -> 7530469 | I99: =+F99-H99 -> 30591854
A100: 11130206 | B100: Lic en Educación Física, Recreación y Deportes | C100: 19767130 | D100: 0 | E100: 0 | F100: =+C100+D100 -> 19767130 | G100: 235326 | H100: =+'ABRIL 2024'!H100+'MAYO 2024'!G100 -> 8942425 | I100: =+F100-H100 -> 10824705
A101: 11130207 | B101: Lic en Música | C101: 8706950 | D101: 0 | E101: 0 | F101: =+C101+D101 -> 8706950 | G101: 0 | H101: =+'ABRIL 2024'!H101+'MAYO 2024'!G101 -> 590652 | I101: =+F101-H101 -> 8116298
A102: 111303 | B102: Facultad de Ciencias Económicas y Administrativa. | C102: =SUM(C103:C120) -> 521345348 | D102: =SUM(D103:D120) -> 0 | E102: 0 | F102: =SUM(F103:F120) -> 521345348 | G102: =SUM(G103:G120) -> 1883319 | H102: =SUM(H103:H120) -> 43182480 | I102: =SUM(I103:I120) -> 478162868
A103: 11130301 | B103: Contaduría Publica | C103: 40004907 | D103: 0 | E103: 0 | F103: =+C103+D103 -> 40004907 | G103: 470989 | H103: =+'ABRIL 2024'!H103+'MAYO 2024'!G103 -> 8119084 | I103: =+F103-H103 -> 31885823
A104: 11130302 | B104: Contaduría Pública Maicao | C104: 38122323 | D104: 0 | E104: 0 | F104: =+C104+D104 -> 38122323 | G104: 0 | H104: =+'ABRIL 2024'!H104+'MAYO 2024'!G104 -> 6118476 | I104: =+F104-H104 -> 32003847
A105: 11130303 | B105: Administración de Empresas Riohacha | C105: 40004907 | D105: 0 | E105: 0 | F105: =+C105+D105 -> 40004907 | G105: 706352 | H105: =+'ABRIL 2024'!H105+'MAYO 2024'!G105 -> 9766477 | I105: =+F105-H105 -> 30238430
...

Sheet JUNIO 2024
E2: Tesorería
E6: ENTIDAD:UNIVERSIDAD DE LA GUAJIRA
E7: NIT No:892115029-4
E8: NOMBRE DEL REPRESENTANTE LEGAL:CARLOS A. ROBLES JULIO
A9: INFORME EJECUCION PRESUPUESTAL DE INGRESOS | E9: CIUDAD, DIRECCION Y TELEFONOS:R/CHA, KM 5 VIA M/CAO, 7282729
E10: VIGENCIA FISCAL:2024
E11: PERIODO DE RENDICION DE: JUNIO 01 A: JUNIO 30
E12: HOJA ______ DE _______
A14: CODIGO | B14: DESCRIPCION | C14: PRESUPUESTO | D14: MODIFICACIONES | F14: PRESUPUESTO | G14: RECAUDOS | I14: SALDOS
C15: INICIAL | D15: (2) | F15: DEFINITIVO | G15: DEL MES | H15: ACUMULADO
C16: (1) | D16: ADICIONES | E16: REDUCCION | F16: (3=1+/-2) | G16: 4 | H16: (5=4+5A) | I16: (6=3-5)
A17: 1 | B17: INGRESOS CORRIENTES. | C17: =+C18 -> 128991550549 | D17: =+D18 -> 0 | E17: 0 | F17: =+F18+F181 -> 252293082240 | G17: =+G18 -> 5500378168 | H17: =+H18 -> 33542055523 | I17: =+F17+G17-H17 -> 224251404885
A18: 11 | B18: RENTAS PROPIAS. | C18: =C19+C168+C176 -> 128991550549 | D18: =D19+D168+D176 -> 0 | E18: 0 | F18: =F19+F168+F176 -> 128991550549 | G18: =G19+G168+G176 -> 5500378168 | H18: =H19+H168+H176 -> 33542055523 | I18: =I19+I168+I176 -> 95449495026 | M18: =+C168 -> 6011760000 | N18: venta de bienes y servicios
A19: 111 | B19: DERECHOS ACADEMICOS. | C19: =C20+C70+C86+C134+C149+C154+C159 -> 91339790549 | D19: =D20+D70+D86+D134+D149+D154+D159 -> 0 | E19: 0 | F19: =F20+F70+F86+F134+F149+F154+F159 -> 91339790549 | G19: =G20+G70+G86+G134+G149+G154+G159 -> 53019554 | H19: =H20+H70+H86+H134+H149+H154+H159 -> 23472789749 | I19: =I20+I70+I86+I134+I149+I154+I159 -> 67867000800
A20: 1111 | B20: Matricula-pregrado. | C20: =+C21+C31+C37+C57+C64+C68 -> 85494721951 | D20: =+D21+D31+D37+D57+D64+D68 -> 0 | E20: 0 | F20: =+F21+F31+F37+F57+F64+F68 -> 85494721951 | G20: =+G21+G31+G37+G57+G64+G68 -> 0 | H20: =+H21+H31+H37+H57+H64+H68 -> 23045278317 | I20: =+I21+I31+I37+I57+I64+I68 -> 62449443634 | L20: =+H20+H86 -> 23254017763 | M20: =+C20+C86 -> 86584489961 | N20: matricula pregrado e iscripcion pregrado
A21: 111101 | B21: Facultad de Ingeniería. | C21: =SUM(C22:C30) -> 18546980835 | D21: =SUM(D22:D30) -> 0 | E21: =+E22+E23+E24+E25+E26+E27+E28 -> 0 | F21: =SUM(F22:F30) -> 18546980835 | G21: =SUM(G22:G30) -> 0 | H21: =SUM(H22:H30) -> 4804559044 | I21: =SUM(I22:I30) -> 13742421791
A22: 11110101 | B22: Ingeniería Industrial | C22: 3194274158 | D22: 0 | E22: 0 | F22: =+C22+D22 -> 3194274158 | G22: 0 | H22: =+'MAYO 2024'!H22+'JUNIO 2024'!G22 -> 8.3197742e+08 | I22: =+F22-H22 -> 2362296734 | L22: =+H70+H134 -> 55692350 | M22: =+C70+C134 -> 4379360690 | N22: maricula postgrado e inscripciones postgrado
A23: 11110102 | B23: Ingeniería Ambiental Riohacha | C23: 2016482633 | D23: 0 | E23: 0 | F23: =+C23+D23 -> 2016482633 | G23: 0 | H23: =+'MAYO 2024'!H23+'JUNIO 2024'!G23 -> 5.3741806e+08 | I23: =+F23-H23 -> 1479064576
A24: 11110103 | B24: Ingeniería Sistemas | C24: 3486780624 | D24: 0 | E24: 0 | F24: =+C24+D24 -> 3486780624 | G24: 0 | H24: =+'MAYO 2024'!H24+'JUNIO 2024'!G24 -> 9.3339041e+08 | I24: =+F24-H24 -> 2553390216 | L24: =+H174 -> 670680755 | M24: 0 | N24: diplomado
A25: 11110104 | B25: Ingeniería Sistemas Maicao | C25: 1809398409 | D25: 0 | E25: 0 | F25: =+C25+D25 -> 1809398409 | G25: 0 | H25: =+'MAYO 2024'!H25+'JUNIO 2024'!G25 -> 480883603 | I25: =+F25-H25 -> 1328514806
A26: 11110105 | B26: Ingeniería Civil | C26: 3647270898 | D26: 0 | E26: 0 | F26: =+C26+D26 -> 3647270898 | G26: 0 | H26: =+'MAYO 2024'!H26+'JUNIO 2024'!G26 -> 1068258462 | I26: =+F26-H26 -> 2579012436 | L26: =+H149+H154+H159+H171 -> 163715014 | M26: =+C149+C154+C159 -> 375939898 | N26: otros derechos academicos
A27: 11110106 | B27: Ingeniería Mecánica | C27: 1884466440 | D27: 0 | E27: 0 | F27: =+C27+D27 -> 1884466440 | G27: 0 | H27: =+'MAYO 2024'!H27+'JUNIO 2024'!G27 -> 4.1992499e+08 | I27: =+F27-H27 -> 1464541448
A28: 11110107 | B28: Ingeniería Ambiental Fonseca | C28: 1242505345 | D28: 0 | E28: 0 | F28: =+C28+D28 -> 1242505345 | G28: 0 | H28: =+'MAYO 2024'!H28+'JUNIO 2024'!G28 -> 3.5803265e+08 | I28: =+F28-H28 -> 8.844727e+08 | L28: =+H178+H179+H180 -> 1217802428 | M28: =+C176 -> 31640000000 | N28: Otras rentas propias
A29: 11110608 | B29: Tecnología en Gestión de Redes Informáticas Riohacha | C29: 994004284 | D29: 0 | E29: =+E30+E31+E32+E33+E34+E35+E36+E37+E38+E39+E40+E41+E42 -> 0 | F29: =+C29+D29 -> 994004284 | G29: 0 | H29: =+'MAYO 2024'!H29+'JUNIO 2024'!G29 -> 1.5038742e+08 | I29: =+F29-H29 -> 8.4361686e+08
A30: 11110609 | B30: Tecnología en Gestión de Redes Informáticas Maicao | C30: 271798044 | D30: 0 | E30: 0 | F30: =+C30+D30 -> 271798044 | G30: 0 | H30: =+'MAYO 2024'!H30+'JUNIO 2024'!G30 -> 24286030 | I30: =+F30-H30 -> 2.4751201e+08 | L30: =+H184 -> 20119628840 | M30: =+C184 -> 58330090683 | N30: aporte ley 30 art 86
A31: 111102 | B31: Facultad de Ciencia de la Educacion. | C31: =SUM(C32:C36) -> 15510608389 | D31: =SUM(D32:D36) -> 0 | E31: 0 | F31: =SUM(F32:F36) -> 15510608389 | G31: =SUM(G32:G36) -> 0 | H31: =SUM(H32:H36) -> 4079913301 | I31: =SUM(I32:I36) -> 11430695088
A32: 11110201 | B32: Lic en Educación Infantil Riohacha | C32: 3629151028 | D32: 0 | E32: 0 | F32: =+C32+D32 -> 3629151028 | G32: 0 | H32: =+'MAYO 2024'!H32+'JUNIO 2024'!G32 -> 1155671754 | I32: =+F32-H32 -> 2473479274 | L32: =+H185 -> 0 | M32: =+C185 -> 1721524593 | N32: aporte ley 30 art 87
A33: 11110202 | B33: Lic en Educación Infantil Maicao | C33: 3623973923 | D33: 0 | E33: 0 | F33: =+C33+D33 -> 3623973923 | G33: 0 | H33: =+'MAYO 2024'!H33+'JUNIO 2024'!G33 -> 181296295 | I33: =+F33-H33 -> 3442677628
A34: 11110203 | B34: Lic en Etnoeducacion e Interculturalidad Riohacha | C34: 3616208264 | D34: 0 | E34: 0 | F34: =+C34+D34 -> 3616208264 | G34: 0 | H34: =+'MAYO 2024'!H34+'JUNIO 2024'!G34 -> 1477662994 | I34: =+F34-H34 -> 2138545270 | L34: =+H188 -> 0 | M34: =+C188 -> 19161450403 | N34: Aportes Ley 30 del 92
A35: 11110204 | B35: Lic en Educación Física, Recreación y Deportes | C35: 3825881041 | D35: 0 | E35: 0 | F35: =+C35+D35 -> 3825881041 | G35: 0 | H35: =+'MAYO 2024'!H35+'JUNIO 2024'!G35 -> 1076264730 | I35: =+F35-H35 -> 2749616311
A36: 11110213 | B36: Lic en Música | C36: 815394133 | D36: 0 | E36: 0 | F36: =+C36+D36 -> 815394133 | G36: 0 | H36: =+'MAYO 2024'!H36+'JUNIO 2024'!G36 -> 1.8901753e+08 | I36: =+F36-H36 -> 6.263766e+08 | L36: =+H196 -> 16425614551 | M36: =+C196 -> 50942388435 | N36: recursos de caapital
A37: 111103 | B37: Facultad de Ciencias Económicas y Administrativa. | C37: =SUM(C38:C56) -> 26555963195 | D37: =SUM(D38:D56) -> 0 | E37: 0 | F37: =SUM(F38:F56) -> 26555963195 | G37: =SUM(G38:G56) -> 0 | H37: =SUM(H38:H56) -> 6703267141 | I37: =SUM(I38:I56) -> 19852696054
A38: 11110301 | B38: Contaduria Publica | C38: 3963074340 | D38: 0 | E38: 0 | F38: =+C38+D38 -> 3963074340 | G38: 0 | H38: =+'MAYO 2024'!H38+'JUNIO 2024'!G38 -> 1110380213 | I38: =+F38-H38 -> 2852694127 | L38: =+H177+H194 -> 14228001236 | M38: =+C194 -> 18451441852 | N38: estampillas
A39: 11110302 | B39: Contaduría Pública Maicao | C39: 3080377834 | D39: 0 | E39: 0 | F39: =+C39+D39 -> 3080377834 | G39: 0 | H39: =+'MAYO 2024'!H39+'JUNIO 2024'!G39 -> 7.6702221e+08 | I39: =+F39-H39 -> 2313355627
A40: 11110303 | B40: Contaduria Publica Villanueva | C40: 41416845 | D40: 0 | E40: 0 | F40: =+C40+D40 -> 41416845 | G40: 0 | H40: =+'MAYO 2024'!H40+'JUNIO 2024'!G40 -> 76257725 | I40: =+F40-H40 -> -34840880 | L40: =+H192 -> 2043310440 | M40: =+C191 -> 9000000000 | N40: estampilla pro u nacional
A41: 11110304 | B41: Administracion de Empresas Riohacha | C41: 4066616452 | D41: 0 | E41: 0 | F41: =+C41+D41 -> 4066616452 | G41: 0 | H41: =+'MAYO 2024'!H41+'JUNIO 2024'!G41 -> 1116542855 | I41: =+F41-H41 -> 2950073597
A42: 11110305 | B42: Administracion Turística y Hotelera | C42: 1584194315 | D42: 0 | E42: 0 | F42: =+C42+D42 -> 1584194315 | G42: 0 | H42: =+'MAYO 2024'!H42+'JUNIO 2024'!G42 -> 4.6450524e+08 | I42: =+F42-H42 -> 1119689073 | L42: =+H186 -> 0 | M42: =+C186 -> 442529331 | N42: recusos por votacion
A43: 11110306 | B43: Negocios Internacionales | C43: 1944003154 | D43: =+D44+D45+D46+D47+D48+D49+D50+D51+D52+D53+D54 -> 0 | E43: =+E44+E45+E46+E47+E48+E49+E50+E51+E52+E53+E54 -> 0 | F43: =+C43+D43 -> 1944003154 | G43: 0 | H43: =+'MAYO 2024'!H43+'JUNIO 2024'!G43 -> 534683684 | I43: =+F43-H43 -> 1409319470
A44: 11110307 | B44: Economía | C44: 1664439452 | D44: =SUM(D45:D55) -> 0 | E44: =SUM(E45:E55) -> 0 | F44: =+C44+D44 -> 1664439452 | G44: 0 | H44: =+'MAYO 2024'!H44+'JUNIO 2024'!G44 -> 4.0134596e+08 | I44: =+F44-H44 -> 1263093494 | L44: =+H187 -> 1870989185 | M44: =+C187 -> 1400000000 | N44: fomento a la calidad COOPERATIVA
A45: 11110308 | B45: Negocios Internacionales Maicao | C45: 949998878 | D45: 0 | E45: 0 | F45: =+C45+D45 -> 949998878 | G45: 0 | H45: =+'MAYO 2024'!H45+'JUNIO 2024'!G45 -> 2.2298369e+08 | I45: =+F45-H45 -> 7.2701519e+08
A46: 11110309 | B46: Administracion de Empresas Maicao | C46: 1801632750 | D46: 0 | E46: 0 | F46: =+C46+D46 -> 1801632750 | G46: 0 | H46: =+'MAYO 2024'!H46+'JUNIO 2024'!G46 -> 5.0522328e+08 | I46: =+F46-H46 -> 1296409473 | L46: =+H206 -> 4727431089 | N46: CONVENIOS
A47: 11110310 | B47: Administracion de Empresas Villanueva | C47: 1718799061 | D47: 0 | E47: 0 | F47: =+C47+D47 -> 1718799061 | G47: 0 | H47: =+'MAYO 2024'!H47+'JUNIO 2024'!G47 -> 3.2962214e+08 | I47: =+F47-H47 -> 1389176923
A48: 11110311 | B48: Administración Pública | C48: 704086362 | D48: 0 | E48: 0 | F48: =+C48+D48 -> 704086362 | G48: 0 | H48: =+'MAYO 2024'!H48+'JUNIO 2024'!G48 -> 106189522 | I48: =+F48-H48 -> 597896840 | L48: =SUM(L18:L47) -> 84776883651
A49: 11110312 | B49: Tecnica Profesional en Procesos Administrativos | C49: 1498772072 | D49: 0 | E49: 0 | F49: =+C49+D49 -> 1498772072 | G49: 0 | H49: =+'MAYO 2024'!H49+'JUNIO 2024'!G49 -> 3.0842927e+08 | I49: =+F49-H49 -> 1190342802 | M49: =SUM(M17:M44) -> 288440975846 | N49: TOTAL DEL PRESUPUESTO
A50: 11110313 | B50: Tecnica Profesional en Operaciones Portuarias | C50: 797274263 | D50: 0 | E50: 0 | F50: =+C50+D50 -> 797274263 | G50: 0 | H50: =+'MAYO 2024'!H50+'JUNIO 2024'!G50 -> 2.1436223e+08 | I50: =+F50-H50 -> 5.8291203e+08
A51: 11110314 | B51: Tecnología en Gestiòn naviera y Portuaria | C51: 512533455 | D51: 0 | E51: 0 | F51: =+C51+D51 -> 512533455 | G51: 0 | H51: =+'MAYO 2024'!H51+'JUNIO 2024'!G51 -> 235423403 | I51: =+F51-H51 -> 277110052
A52: 11110315 | B52: Tecnología en Gestión Pública | C52: 481470821 | D52: 0 | E52: 0 | F52: =+C52+D52 -> 481470821 | G52: 0 | H52: =+'MAYO 2024'!H52+'JUNIO 2024'!G52 -> 1.1381093e+08 | I52: =+F52-H52 -> 3.6765989e+08
A53: 11110316 | B53: Tecnología en Gestión de Comercio Internacional Riohacha | C53: 465939504 | D53: 0 | E53: 0 | F53: =+C53+D53 -> 465939504 | G53: 0 | H53: =+'MAYO 2024'!H53+'JUNIO 2024'!G53 -> 38438249 | I53: =+F53-H53 -> 4.2750125e+08 | L53: 8.0801649e+10
A54: 11110317 | B54: Tecnología en Gestión de Comercio Internacional Fonseca | C54: 297683572 | D54: 0 | E54: 0 | F54: =+C54+D54 -> 297683572 | G54: 0 | H54: =+'MAYO 2024'!H54+'JUNIO 2024'!G54 -> 11980638 | I54: =+F54-H54 -> 2.8570293e+08
A55: 11110318 | B55: Tecnología en Gestión de Comercio Internacional V/Nueva | C55: 711852021 | D55: =+D56+D57+D58+D59+D60+D61 -> 0 | E55: 0 | F55: =+C55+D55 -> 711852021 | G55: 0 | H55: =+'MAYO 2024'!H55+'JUNIO 2024'!G55 -> 1.0484553e+08 | I55: =+F55-H55 -> 6.0700649e+08
A56: 11110319 | B56: Tecnología en Gestión de Comercio Internacional Maicao | C56: 271798044 | D56: =SUM(D57:D62) -> 0 | E56: 0 | F56: =+C56+D56 -> 271798044 | G56: 0 | H56: =+'MAYO 2024'!H56+'JUNIO 2024'!G56 -> 41220374 | I56: =+F56-H56 -> 2.3057767e+08
A57: 111104 | B57: Facultad de Ciencias Humanas | C57: =SUM(C58:C63) -> 22059646978 | D57: =SUM(D58:D63) -> 0 | E57: 0 | F57: =SUM(F58:F63) -> 22059646978 | G57: =SUM(G58:G63) -> 0 | H57: =SUM(H58:H63) -> 6879123684 | I57: =SUM(I58:I63) -> 15180523294
A58: 11110401 | B58: Derecho | C58: 4051085135 | D58: =SUM(D59:D63) -> 0 | E58: 0 | F58: =+C58+D58 -> 4051085135 | G58: 0 | H58: =+'MAYO 2024'!H58+'JUNIO 2024'!G58 -> 1221091991 | I58: =+F58-H58 -> 2829993144
A59: 11110402 | B59: Trabajo Social Riohacha | C59: 4742228733 | D59: =SUM(D60:D63) -> 0 | E59: 0 | F59: =+C59+D59 -> 4742228733 | G59: 0 | H59: =+'MAYO 2024'!H59+'JUNIO 2024'!G59 -> 1909652392 | I59: =+F59-H59 -> 2832576341
A60: 11110403 | B60: Trabajo Social Fonseca | C60: 2472067926 | D60: =SUM(D61:D63) -> 0 | E60: 0 | F60: =+C60+D60 -> 2472067926 | G60: 0 | H60: =+'MAYO 2024'!H60+'JUNIO 2024'!G60 -> 7.6987302e+08 | I60: =+F60-H60 -> 1702194906
A61: 11110404 | B61: Trabajo Social Villanueva | C61: 2301223441 | D61: =SUM(D62:D64) -> 0 | E61: 0 | F61: =+C61+D61 -> 2301223441 | G61: 0 | H61: =+'MAYO 2024'!H61+'JUNIO 2024'!G61 -> 6.4849607e+08 | I61: =+F61-H61 -> 1652727371
A62: 11110405 | B62: Trabajo Social Maicao | C62: 3994136973 | D62: =+D63 | E62: 0 | F62: =+C62+D62 -> 3994136973 | G62: 0 | H62: =+'MAYO 2024'!H62+'JUNIO 2024'!G62 -> 748810756 | I62: =+F62-H62 -> 3245326217
A63: 11110406 | B63: Psicología | C63: 4498904770 | E63: 0 | F63: =+C63+D63 -> 4498904770 | G63: 0 | H63: =+'MAYO 2024'!H63+'JUNIO 2024'!G63 -> 1581199456 | I63: =+F63-H63 -> 2917705314
A64: 111105 | B64: Facultad de Ciencias de la Salud | C64: =SUM(C65:C67) -> 820571238 | D64: =SUM(D65:D67) -> 0 | E64: 0 | F64: =SUM(F65:F67) -> 820571238 | G64: =SUM(G65:G67) -> 0 | H64: =SUM(H65:H67) -> 73253459 | I64: =SUM(I65:I67) -> 7.4731778e+08
A65: 11110501 | B65: Seguridad y Salud en el trabajo | C65: 90599348 | D65: 0 | E65: 0 | F65: =+C65+D65 -> 90599348 | G65: 0 | H65: =+'MAYO 2024'!H65+'JUNIO 2024'!G65 -> 0 | I65: =+F65-H65 -> 90599348
A66: 11110502 | B66: Enfermeria | C66: 364985945 | D66: 0 | E66: 0 | F66: =+C66+D66 -> 364985945 | G66: 0 | H66: =+'MAYO 2024'!H66+'JUNIO 2024'!G66 -> 43886662 | I66: =+F66-H66 -> 3.2109928e+08
A67: 11110503 | B67: Nutricion | C67: 364985945 | D67: 0 | E67: 0 | F67: =+C67+D67 -> 364985945 | G67: 0 | H67: =+'MAYO 2024'!H67+'JUNIO 2024'!G67 -> 29366796 | I67: =+F67-H67 -> 3.3561915e+08
A68: 111106 | B68: Facultad de Ciencias Basicas | C68: =SUM(C69) -> 2000951316 | D68: =SUM(D69) -> 0 | E68: 0 | F68: =SUM(F69) -> 2000951316 | G68: =+G69 -> 0 | H68: =+H69 -> 5.0516169e+08 | I68: =SUM(I69) -> 1495789629
A69: 11110601 | B69: Biología | C69: 2000951316 | D69: 0 | E69: 0 | F69: =+C69+D69 -> 2000951316 | G69: 0 | H69: =+'MAYO 2024'!H69+'JUNIO 2024'!G69 -> 5.0516169e+08 | I69: =+F69-H69 -> 1495789629
A70: 1112 | B70: Matricula Postgrado. | C70: =+C71+C74 -> 4287584732 | D70: =+D71+D74 -> 0 | E70: 0 | F70: =+F71+F74 -> 4287584732 | G70: =+G71+G74 -> 0 | H70: =+H71+H74 -> 30285125 | I70: =+I71+I74 -> 4257299607
A71: 111201 | B71: Especializaciones | C71: =SUM(C72:C73) -> 404755529 | D71: =SUM(D72:D73) -> 0 | E71: =SUM(E72:E73) -> 0 | F71: =SUM(F72:F73) -> 404755529 | G71: =SUM(G72:G73) -> 0 | H71: =SUM(H72:H73) -> 0 | I71: =SUM(I72:I73) -> 404755529
A72: 11130103 | B72: Gerencia de Construcciones | C72: 131780870 | E72: =SUM(E73:E74) -> 0 | F72: =+C72+D72 -> 131780870 | G72: 0 | H72: =+'MAYO 2024'!H72+'JUNIO 2024'!G72 -> 0 | I72: =+F72-H72 -> 131780870
A73: 11130104 | B73: En Resolución de Conflictos | C73: 272974659 | D73: 0 | E73: 0 | F73: =+C73+D73 -> 272974659 | G73: 0 | H73: =+'MAYO 2024'!H73+'JUNIO 2024'!G73 -> 0 | I73: =+F73-H73 -> 272974659
A74: 111302 | B74: Maestrías | C74: =SUM(C75:C85) -> 3882829203 | D74: =SUM(D75:D85) -> 0 | E74: 0 | F74: =SUM(F75:F85) -> 3882829203 | G74: =SUM(G75:G85) -> 0 | H74: =SUM(H75:H85) -> 30285125 | I74: =SUM(I75:I85) -> 3852544078
A75: 11130101 | B75: Maestria en Gestión y Gerencia educativa | C75: 374163541 | D75: 0 | E75: 0 | F75: =+C75+D75 -> 374163541 | G75: 0 | H75: =+'MAYO 2024'!H75+'JUNIO 2024'!G75 -> 3181000 | I75: =+F75-H75 -> 370982541
A76: 11130102 | B76: Maestría en Finanzas | C76: 289447268 | F76: =+C76+D76 -> 289447268 | G76: 0 | H76: =+'MAYO 2024'!H76+'JUNIO 2024'!G76 -> 0 | I76: =+F76-H76 -> 289447268
A77: 11130103 | B77: Maestría en Gestión y Desarrollo Sostenible | C77: 296506957 | D77: 0 | E77: 0 | F77: =+C77+D77 -> 296506957 | G77: 0 | H77: =+'MAYO 2024'!H77+'JUNIO 2024'!G77 -> 0 | I77: =+F77-H77 -> 296506957 | L77: =+G81+G84+G87+G141+G143+G144+G145+G146+G165+G166+G167+G169+G178+G183+G201+G203 -> 8557185213
A78: 11130104 | B78: Maestría TICs | C78: 317686026 | D78: 0 | E78: 0 | F78: =+C78+D78 -> 317686026 | G78: 0 | H78: =+'MAYO 2024'!H78+'JUNIO 2024'!G78 -> 2862000 | I78: =+F78-H78 -> 314824026
A79: 11130105 | B79: Maestría en Administración de Empresas | C79: 367103852 | D79: 0 | E79: 0 | F79: =+C79+D79 -> 367103852 | G79: 0 | H79: =+'MAYO 2024'!H79+'JUNIO 2024'!G79 -> 500000 | I79: =+F79-H79 -> 366603852
A80: 11130106 | B80: Maestría en Ciencias Sociales | C80: 423581368 | D80: 0 | E80: 0 | F80: =+C80+D80 -> 423581368 | G80: 0 | H80: =+'MAYO 2024'!H80+'JUNIO 2024'!G80 -> 3529875 | I80: =+F80-H80 -> 420051493
A81: 11130107 | B81: Maestrá en Desarrollo de procesos comunicativos en educación: Lecto - Escritura | C81: 472999194 | D81: 0 | E81: 0 | F81: =+C81+D81 -> 472999194 | G81: 0 | H81: =+'MAYO 2024'!H81+'JUNIO 2024'!G81 -> 0 | I81: =+F81-H81 -> 472999194
A82: 11130108 | B82: Maestría en Familia e Intervención Familiar | C82: 388282920 | D82: 0 | E82: 0 | F82: =+C82+D82 -> 388282920 | G82: 0 | H82: =+'MAYO 2024'!H82+'JUNIO 2024'!G82 -> 15809350 | I82: =+F82-H82 -> 372473570
A83: 11130109 | B83: Maestría en Gestión de la Tecología y la Innovación | C83: 331805405 | D83: 0 | E83: 0 | F83: =+C83+D83 -> 331805405 | G83: 0 | H83: =+'MAYO 2024'!H83+'JUNIO 2024'!G83 -> 2823900 | I83: =+F83-H83 -> 328981505
A84: 11130110 | B84: Maestría en Gestión frente al camboio climatico | C84: 296506957 | D84: 0 | E84: 0 | F84: =+C84+D84 -> 296506957 | G84: 0 | H84: =+'MAYO 2024'!H84+'JUNIO 2024'!G84 -> 0 | I84: =+F84-H84 -> 296506957
A85: 11130111 | B85: Maestría en Gerencia Estrategica de Mercadeo | C85: 324745715 | D85: 0 | E85: 0 | F85: =+C85+D85 -> 324745715 | G85: 0 | H85: =+'MAYO 2024'!H85+'JUNIO 2024'!G85 -> 1579000 | I85: =+F85-H85 -> 323166715
A86: 1114 | B86: Formularios e Inscripciones - Pregrado | C86: =+C87+C96+C102+C121+C132+C128 -> 1089768010 | D86: =+D87+D96+D102+D121+D132+D128 -> 0 | E86: =+E87+E88+E89+E90+E91+E92+E93+E94+E95+E96+E97 -> 0 | F86: =+F87+F96+F102+F121+F132+F128 -> 1089768010 | G86: =+G87+G96+G102+G121+G132+G128 -> 0 | H86: =+H87+H96+H102+H121+H132+H128 -> 208739446 | I86: =+I87+I96+I102+I121+I132+I128 -> 881028564
A87: 111301 | B87: Facultad de Ingeniería. | C87: =SUM(C88:C95) -> 211673023 | D87: =SUM(D88:D95) -> 0 | E87: =SUM(E88:E89) -> 0 | F87: =SUM(F88:F95) -> 211673023 | G87: =SUM(G88:G95) -> 0 | H87: =SUM(H88:H95) -> 50244375 | I87: =SUM(I88:I95) -> 161428648
A88: 11130101 | B88: Ingeniería Industrial | C88: 38592969 | D88: 0 | E88: =SUM(E89:E90) -> 0 | F88: =+C88+D88 -> 38592969 | G88: 0 | H88: =+'MAYO 2024'!H88+'JUNIO 2024'!G88 -> 6824828 | I88: =+F88-H88 -> 31768141
A89: 11130102 | B89: Ingeniería Ambiental Riohacha | C89: 28944727 | D89: 0 | E89: =SUM(E90:E91) -> 0 | F89: =+C89+D89 -> 28944727 | G89: 0 | H89: =+'MAYO 2024'!H89+'JUNIO 2024'!G89 -> 8237821 | I89: =+F89-H89 -> 20706906
A90: 11130103 | B90: Ingeniería Sistemas | C90: 38592969 | D90: 0 | E90: =SUM(E91:E92) -> 0 | F90: =+C90+D90 -> 38592969 | G90: 0 | H90: =+'MAYO 2024'!H90+'JUNIO 2024'!G90 -> 10942663 | I90: =+F90-H90 -> 27650306
A91: 11130104 | B91: Ingeniería Sistemas Maicao | C91: 19531808 | D91: 0 | E91: =SUM(E92:E93) -> 0 | F91: =+C91+D91 -> 19531808 | G91: 0 | H91: =+'MAYO 2024'!H91+'JUNIO 2024'!G91 -> 8471847 | I91: =+F91-H91 -> 11059961
A92: 11130105 | B92: Ingeniería Civil | C92: 40004907 | D92: 0 | E92: =SUM(E93:E94) -> 0 | F92: =+C92+D92 -> 40004907 | G92: 0 | H92: =+'MAYO 2024'!H92+'JUNIO 2024'!G92 -> 11060659 | I92: =+F92-H92 -> 28944248
A93: 11130106 | B93: Ingeniería Mecánica | C93: 27768112 | D93: 0 | E93: 0 | F93: =+C93+D93 -> 27768112 | G93: 0 | H93: =+'MAYO 2024'!H93+'JUNIO 2024'!G93 -> 2588586 | I93: =+F93-H93 -> 25179526
A94: 11130605 | B94: Tecnología en Gestión de Redes Informáticas Riohacha | C94: 10001227 | D94: 0 | E94: 0 | F94: =+C94+D94 -> 10001227 | G94: 0 | H94: =+'MAYO 2024'!H94+'JUNIO 2024'!G94 -> 1294293 | I94: =+F94-H94 -> 8706934
A95: 11130606 | B95: Tecnología en Gestión de Redes Informáticas Maicao | C95: 8236304 | D95: 0 | E95: 0 | F95: =+C95+D95 -> 8236304 | G95: 0 | H95: =+'MAYO 2024'!H95+'JUNIO 2024'!G95 -> 823678 | I95: =+F95-H95 -> 7412626
A96: 111302 | B96: Facultad de Ciencia de la Educación. | C96: =SUM(C97:C101) -> 143782341 | D96: =SUM(D97:D101) -> 0 | E96: 0 | F96: =SUM(F97:F101) -> 143782341 | G96: =SUM(G97:G101) -> 0 | H96: =SUM(H97:H101) -> 32712910 | I96: =SUM(I97:I101) -> 111069431
A97: 11130201 | B97: Lic en Pedagogía Infantil Riohacha | C97: 38592969 | D97: 0 | E97: 0 | F97: =+C97+D97 -> 38592969 | G97: 0 | H97: =+'MAYO 2024'!H97+'JUNIO 2024'!G97 -> 8942462 | I97: =+F97-H97 -> 29650507
A98: 11130203 | B98: Lic en Pedagogía Infantil Maicao | C98: 38592969 | D98: 0 | E98: 0 | F98: =+C98+D98 -> 38592969 | G98: 0 | H98: =+'MAYO 2024'!H98+'JUNIO 2024'!G98 -> 6706902 | I98: =+F98-H98 -> 31886067
A99: 11130205 | B99: Lic en Etnoeducacion e Interculturalidad Riohacha | C99: 38122323 | D99: 0 | E99: 0 | F99: =+C99+D99 -> 38122323 | G99: 0 | H99: =+'MAYO 2024'!H99+'JUNIO 2024'!G99 -> 7530469 | I99: =+F99-H99 -> 30591854
A100: 11130206 | B100: Lic en Educación Física, Recreación y Deportes | C100: 19767130 | D100: 0 | E100: 0 | F100: =+C100+D100 -> 19767130 | G100: 0 | H100: =+'MAYO 2024'!H100+'JUNIO 2024'!G100 -> 8942425 | I100: =+F100-H100 -> 10824705
A101: 11130207 | B101: Lic en Música | C101: 8706950 | D101: 0 | E101: 0 | F101: =+C101+D101 -> 8706950 | G101: 0 | H101: =+'MAYO 2024'!H101+'JUNIO 2024'!G101 -> 590652 | I101: =+F101-H101 -> 8116298
A102: 111303 | B102: Facultad de Ciencias Económicas y Administrativa. | C102: =SUM(C103:C120) -> 521345348 | D102: =SUM(D103:D120) -> 0 | E102: 0 | F102: =SUM(F103:F120) -> 521345348 | G102: =SUM(G103:G120) -> 0 | H102: =SUM(H103:H120) -> 43182480 | I102: =SUM(I103:I120) -> 478162868
A103: 11130301 | B103: Contaduría Publica | C103: 40004907 | D103: 0 | E103: 0 | F103: =+C103+D103 -> 40004907 | G103: 0 | H103: =+'MAYO 2024'!H103+'JUNIO 2024'!G103 -> 8119084 | I103: =+F103-H103 -> 31885823
A104: 11130302 | B104: Contaduría Pública Maicao | C104: 38122323 | D104: 0 | E104: 0 | F104: =+C104+D104 -> 38122323 | G104: 0 | H104: =+'MAYO 2024'!H104+'JUNIO 2024'!G104 -> 6118476 | I104: =+F104-H104 -> 32003847
A105: 11130303 | B105: Administración de Empresas Riohacha | C105: 40004907 | D105: 0 | E105: 0 | F105: =+C105+D105 -> 40004907 | G105: 0 | H105: =+'MAYO 2024'!H105+'JUNIO 2024'!G105 -> 9766477 | I105: =+F105-H105 -> 30238430
...

Sheet JULIO 2024
E2: Tesorería
E6: ENTIDAD:UNIVERSIDAD DE LA GUAJIRA
E7: NIT No:892115029-4
E8: NOMBRE DEL REPRESENTANTE LEGAL:CARLOS A. ROBLES JULIO
A9: INFORME EJECUCION PRESUPUESTAL DE INGRESOS | E9: CIUDAD, DIRECCION Y TELEFONOS:R/CHA, KM 5 VIA M/CAO, 7282729
E10: VIGENCIA FISCAL:2024
E11: PERIODO DE RENDICION DE: JULIO 01 A: JULIO 31
E12: HOJA ______ DE _______
A14: CODIGO | B14: DESCRIPCION | C14: PRESUPUESTO | D14: MODIFICACIONES | F14: PRESUPUESTO | G14: RECAUDOS | I14: SALDOS
C15: INICIAL | D15: (2) | F15: DEFINITIVO | G15: DEL MES | H15: ACUMULADO
C16: (1) | D16: ADICIONES | E16: REDUCCION | F16: (3=1+/-2) | G16: 4 | H16: (5=4+5A) | I16: (6=3-5)
A17: 1 | B17: INGRESOS CORRIENTES. | C17: =+C18 -> 128991550549 | D17: =+D18 -> 0 | E17: 0 | F17: =+F18+F181 -> 255326240390 | G17: =+G18 -> 1311467775 | H17: =+H18 -> 34853523298 | I17: =+F17+G17-H17 -> 221784184867
A18: 11 | B18: RENTAS PROPIAS. | C18: =C19+C168+C176 -> 128991550549 | D18: =D19+D168+D176 -> 0 | E18: 0 | F18: =F19+F168+F176 -> 128991550549 | G18: =G19+G168+G176 -> 1311467775 | H18: =H19+H168+H176 -> 34853523298 | I18: =I19+I168+I176 -> 94138027251 | M18: =+C168 -> 6011760000 | N18: venta de bienes y servicios
A19: 111 | B19: DERECHOS ACADEMICOS. | C19: =C20+C70+C86+C134+C149+C154+C159 -> 91339790549 | D19: =D20+D70+D86+D134+D149+D154+D159 -> 0 | E19: 0 | F19: =F20+F70+F86+F134+F149+F154+F159 -> 91339790549 | G19: =G20+G70+G86+G134+G149+G154+G159 -> 30195282 | H19: =H20+H70+H86+H134+H149+H154+H159 -> 23502985031 | I19: =I20+I70+I86+I134+I149+I154+I159 -> 67836805518
A20: 1111 | B20: Matricula-pregrado. | C20: =+C21+C31+C37+C57+C64+C68 -> 85494721951 | D20: =+D21+D31+D37+D57+D64+D68 -> 0 | E20: 0 | F20: =+F21+F31+F37+F57+F64+F68 -> 85494721951 | G20: =+G21+G31+G37+G57+G64+G68 -> 436792 | H20: =+H21+H31+H37+H57+H64+H68 -> 23045715109 | I20: =+I21+I31+I37+I57+I64+I68 -> 62449006842 | L20: =+H20+H86 -> 23255385145 | M20: =+C20+C86 -> 86584489961 | N20: matricula pregrado e iscripcion pregrado
A21: 111101 | B21: Facultad de Ingeniería. | C21: =SUM(C22:C30) -> 18546980835 | D21: =SUM(D22:D30) -> 0 | E21: =+E22+E23+E24+E25+E26+E27+E28 -> 0 | F21: =SUM(F22:F30) -> 18546980835 | G21: =SUM(G22:G30) -> 0 | H21: =SUM(H22:H30) -> 4804559044 | I21: =SUM(I22:I30) -> 13742421791
A22: 11110101 | B22: Ingeniería Industrial | C22: 3194274158 | D22: 0 | E22: 0 | F22: =+C22+D22 -> 3194274158 | G22: 0 | H22: =+'JUNIO 2024'!H22+'JULIO 2024'!G22 -> 8.3197742e+08 | I22: =+F22-H22 -> 2362296734 | L22: =+H70+H134 -> 65599450 | M22: =+C70+C134 -> 4379360690 | N22: maricula postgrado e inscripciones postgrado
A23: 11110102 | B23: Ingeniería Ambiental Riohacha | C23: 2016482633 | D23: 0 | E23: 0 | F23: =+C23+D23 -> 2016482633 | G23: 0 | H23: =+'JUNIO 2024'!H23+'JULIO 2024'!G23 -> 5.3741806e+08 | I23: =+F23-H23 -> 1479064576
A24: 11110103 | B24: Ingeniería Sistemas | C24: 3486780624 | D24: 0 | E24: 0 | F24: =+C24+D24 -> 3486780624 | G24: 0 | H24: =+'JUNIO 2024'!H24+'JULIO 2024'!G24 -> 9.3339041e+08 | I24: =+F24-H24 -> 2553390216 | L24: =+H174 -> 676576608 | M24: 0 | N24: diplomado
A25: 11110104 | B25: Ingeniería Sistemas Maicao | C25: 1809398409 | D25: 0 | E25: 0 | F25: =+C25+D25 -> 1809398409 | G25: 0 | H25: =+'JUNIO 2024'!H25+'JULIO 2024'!G25 -> 480883603 | I25: =+F25-H25 -> 1328514806
A26: 11110105 | B26: Ingeniería Civil | C26: 3647270898 | D26: 0 | E26: 0 | F26: =+C26+D26 -> 3647270898 | G26: 0 | H26: =+'JUNIO 2024'!H26+'JULIO 2024'!G26 -> 1068258462 | I26: =+F26-H26 -> 2579012436 | L26: =+H149+H154+H159+H171 -> 182778931 | M26: =+C149+C154+C159 -> 375939898 | N26: otros derechos academicos
A27: 11110106 | B27: Ingeniería Mecánica | C27: 1884466440 | D27: 0 | E27: 0 | F27: =+C27+D27 -> 1884466440 | G27: 0 | H27: =+'JUNIO 2024'!H27+'JULIO 2024'!G27 -> 4.1992499e+08 | I27: =+F27-H27 -> 1464541448
A28: 11110107 | B28: Ingeniería Ambiental Fonseca | C28: 1242505345 | D28: 0 | E28: 0 | F28: =+C28+D28 -> 1242505345 | G28: 0 | H28: =+'JUNIO 2024'!H28+'JULIO 2024'!G28 -> 3.5803265e+08 | I28: =+F28-H28 -> 8.844727e+08 | L28: =+H178+H179+H180 -> 1224175567 | M28: =+C176 -> 31640000000 | N28: Otras rentas propias
A29: 11110608 | B29: Tecnología en Gestión de Redes Informáticas Riohacha | C29: 994004284 | D29: 0 | E29: =+E30+E31+E32+E33+E34+E35+E36+E37+E38+E39+E40+E41+E42 -> 0 | F29: =+C29+D29 -> 994004284 | G29: 0 | H29: =+'JUNIO 2024'!H29+'JULIO 2024'!G29 -> 1.5038742e+08 | I29: =+F29-H29 -> 8.4361686e+08
A30: 11110609 | B30: Tecnología en Gestión de Redes Informáticas Maicao | C30: 271798044 | D30: 0 | E30: 0 | F30: =+C30+D30 -> 271798044 | G30: 0 | H30: =+'JUNIO 2024'!H30+'JULIO 2024'!G30 -> 24286030 | I30: =+F30-H30 -> 2.4751201e+08 | L30: =+H184 -> 24143554608 | M30: =+C184 -> 58330090683 | N30: aporte ley 30 art 86
A31: 111102 | B31: Facultad de Ciencia de la Educacion. | C31: =SUM(C32:C36) -> 15510608389 | D31: =SUM(D32:D36) -> 0 | E31: 0 | F31: =SUM(F32:F36) -> 15510608389 | G31: =SUM(G32:G36) -> 225000 | H31: =SUM(H32:H36) -> 4080138301 | I31: =SUM(I32:I36) -> 11430470088
A32: 11110201 | B32: Lic en Educación Infantil Riohacha | C32: 3629151028 | D32: 0 | E32: 0 | F32: =+C32+D32 -> 3629151028 | G32: 225000 | H32: =+'JUNIO 2024'!H32+'JULIO 2024'!G32 -> 1155896754 | I32: =+F32-H32 -> 2473254274 | L32: =+H185 -> 0 | M32: =+C185 -> 1721524593 | N32: aporte ley 30 art 87
A33: 11110202 | B33: Lic en Educación Infantil Maicao | C33: 3623973923 | D33: 0 | E33: 0 | F33: =+C33+D33 -> 3623973923 | G33: 0 | H33: =+'JUNIO 2024'!H33+'JULIO 2024'!G33 -> 181296295 | I33: =+F33-H33 -> 3442677628
A34: 11110203 | B34: Lic en Etnoeducacion e Interculturalidad Riohacha | C34: 3616208264 | D34: 0 | E34: 0 | F34: =+C34+D34 -> 3616208264 | G34: 0 | H34: =+'JUNIO 2024'!H34+'JULIO 2024'!G34 -> 1477662994 | I34: =+F34-H34 -> 2138545270 | L34: =+H188 -> 0 | M34: =+C188 -> 19161450403 | N34: Aportes Ley 30 del 92
A35: 11110204 | B35: Lic en Educación Física, Recreación y Deportes | C35: 3825881041 | D35: 0 | E35: 0 | F35: =+C35+D35 -> 3825881041 | G35: 0 | H35: =+'JUNIO 2024'!H35+'JULIO 2024'!G35 -> 1076264730 | I35: =+F35-H35 -> 2749616311
A36: 11110213 | B36: Lic en Música | C36: 815394133 | D36: 0 | E36: 0 | F36: =+C36+D36 -> 815394133 | G36: 0 | H36: =+'JUNIO 2024'!H36+'JULIO 2024'!G36 -> 1.8901753e+08 | I36: =+F36-H36 -> 6.263766e+08 | L36: =+H196 -> 19300574174 | M36: =+C196 -> 50942388435 | N36: recursos de caapital
A37: 111103 | B37: Facultad de Ciencias Económicas y Administrativa. | C37: =SUM(C38:C56) -> 26555963195 | D37: =SUM(D38:D56) -> 0 | E37: 0 | F37: =SUM(F38:F56) -> 26555963195 | G37: =SUM(G38:G56) -> 211792 | H37: =SUM(H38:H56) -> 6703478933 | I37: =SUM(I38:I56) -> 19852484262
A38: 11110301 | B38: Contaduria Publica | C38: 3963074340 | D38: 0 | E38: 0 | F38: =+C38+D38 -> 3963074340 | G38: 211792 | H38: =+'JUNIO 2024'!H38+'JULIO 2024'!G38 -> 1110592005 | I38: =+F38-H38 -> 2852482335 | L38: =+H177+H194 -> 18118379673 | M38: =+C194 -> 18451441852 | N38: estampillas
A39: 11110302 | B39: Contaduría Pública Maicao | C39: 3080377834 | D39: 0 | E39: 0 | F39: =+C39+D39 -> 3080377834 | G39: 0 | H39: =+'JUNIO 2024'!H39+'JULIO 2024'!G39 -> 7.6702221e+08 | I39: =+F39-H39 -> 2313355627
A40: 11110303 | B40: Contaduria Publica Villanueva | C40: 41416845 | D40: 0 | E40: 0 | F40: =+C40+D40 -> 41416845 | G40: 0 | H40: =+'JUNIO 2024'!H40+'JULIO 2024'!G40 -> 76257725 | I40: =+F40-H40 -> -34840880 | L40: =+H192 -> 2554138050 | M40: =+C191 -> 9000000000 | N40: estampilla pro u nacional
A41: 11110304 | B41: Administracion de Empresas Riohacha | C41: 4066616452 | D41: 0 | E41: 0 | F41: =+C41+D41 -> 4066616452 | G41: 0 | H41: =+'JUNIO 2024'!H41+'JULIO 2024'!G41 -> 1116542855 | I41: =+F41-H41 -> 2950073597
A42: 11110305 | B42: Administracion Turística y Hotelera | C42: 1584194315 | D42: 0 | E42: 0 | F42: =+C42+D42 -> 1584194315 | G42: 0 | H42: =+'JUNIO 2024'!H42+'JULIO 2024'!G42 -> 4.6450524e+08 | I42: =+F42-H42 -> 1119689073 | L42: =+H186 -> 0 | M42: =+C186 -> 442529331 | N42: recusos por votacion
A43: 11110306 | B43: Negocios Internacionales | C43: 1944003154 | D43: =+D44+D45+D46+D47+D48+D49+D50+D51+D52+D53+D54 -> 0 | E43: =+E44+E45+E46+E47+E48+E49+E50+E51+E52+E53+E54 -> 0 | F43: =+C43+D43 -> 1944003154 | G43: 0 | H43: =+'JUNIO 2024'!H43+'JULIO 2024'!G43 -> 534683684 | I43: =+F43-H43 -> 1409319470
A44: 11110307 | B44: Economía | C44: 1664439452 | D44: =SUM(D45:D55) -> 0 | E44: =SUM(E45:E55) -> 0 | F44: =+C44+D44 -> 1664439452 | G44: 0 | H44: =+'JUNIO 2024'!H44+'JULIO 2024'!G44 -> 4.0134596e+08 | I44: =+F44-H44 -> 1263093494 | L44: =+H187 -> 1870989185 | M44: =+C187 -> 1400000000 | N44: fomento a la calidad COOPERATIVA
A45: 11110308 | B45: Negocios Internacionales Maicao | C45: 949998878 | D45: 0 | E45: 0 | F45: =+C45+D45 -> 949998878 | G45: 0 | H45: =+'JUNIO 2024'!H45+'JULIO 2024'!G45 -> 2.2298369e+08 | I45: =+F45-H45 -> 7.2701519e+08
A46: 11110309 | B46: Administracion de Empresas Maicao | C46: 1801632750 | D46: 0 | E46: 0 | F46: =+C46+D46 -> 1801632750 | G46: 0 | H46: =+'JUNIO 2024'!H46+'JULIO 2024'!G46 -> 5.0522328e+08 | I46: =+F46-H46 -> 1296409473 | L46: =+H206 -> 5186986554 | N46: CONVENIOS
A47: 11110310 | B47: Administracion de Empresas Villanueva | C47: 1718799061 | D47: 0 | E47: 0 | F47: =+C47+D47 -> 1718799061 | G47: 0 | H47: =+'JUNIO 2024'!H47+'JULIO 2024'!G47 -> 3.2962214e+08 | I47: =+F47-H47 -> 1389176923
A48: 11110311 | B48: Administración Pública | C48: 704086362 | D48: 0 | E48: 0 | F48: =+C48+D48 -> 704086362 | G48: 0 | H48: =+'JUNIO 2024'!H48+'JULIO 2024'!G48 -> 106189522 | I48: =+F48-H48 -> 597896840 | L48: =SUM(L18:L47) -> 96579137945
A49: 11110312 | B49: Tecnica Profesional en Procesos Administrativos | C49: 1498772072 | D49: 0 | E49: 0 | F49: =+C49+D49 -> 1498772072 | G49: 0 | H49: =+'JUNIO 2024'!H49+'JULIO 2024'!G49 -> 3.0842927e+08 | I49: =+F49-H49 -> 1190342802 | M49: =SUM(M17:M44) -> 288440975846 | N49: TOTAL DEL PRESUPUESTO
A50: 11110313 | B50: Tecnica Profesional en Operaciones Portuarias | C50: 797274263 | D50: 0 | E50: 0 | F50: =+C50+D50 -> 797274263 | G50: 0 | H50: =+'JUNIO 2024'!H50+'JULIO 2024'!G50 -> 2.1436223e+08 | I50: =+F50-H50 -> 5.8291203e+08
A51: 11110314 | B51: Tecnología en Gestiòn naviera y Portuaria | C51: 512533455 | D51: 0 | E51: 0 | F51: =+C51+D51 -> 512533455 | G51: 0 | H51: =+'JUNIO 2024'!H51+'JULIO 2024'!G51 -> 235423403 | I51: =+F51-H51 -> 277110052
A52: 11110315 | B52: Tecnología en Gestión Pública | C52: 481470821 | D52: 0 | E52: 0 | F52: =+C52+D52 -> 481470821 | G52: 0 | H52: =+'JUNIO 2024'!H52+'JULIO 2024'!G52 -> 1.1381093e+08 | I52: =+F52-H52 -> 3.6765989e+08
A53: 11110316 | B53: Tecnología en Gestión de Comercio Internacional Riohacha | C53: 465939504 | D53: 0 | E53: 0 | F53: =+C53+D53 -> 465939504 | G53: 0 | H53: =+'JUNIO 2024'!H53+'JULIO 2024'!G53 -> 38438249 | I53: =+F53-H53 -> 4.2750125e+08 | L53: 8.0801649e+10
A54: 11110317 | B54: Tecnología en Gestión de Comercio Internacional Fonseca | C54: 297683572 | D54: 0 | E54: 0 | F54: =+C54+D54 -> 297683572 | G54: 0 | H54: =+'JUNIO 2024'!H54+'JULIO 2024'!G54 -> 11980638 | I54: =+F54-H54 -> 2.8570293e+08
A55: 11110318 | B55: Tecnología en Gestión de Comercio Internacional V/Nueva | C55: 711852021 | D55: =+D56+D57+D58+D59+D60+D61 -> 0 | E55: 0 | F55: =+C55+D55 -> 711852021 | G55: 0 | H55: =+'JUNIO 2024'!H55+'JULIO 2024'!G55 -> 1.0484553e+08 | I55: =+F55-H55 -> 6.0700649e+08
A56: 11110319 | B56: Tecnología en Gestión de Comercio Internacional Maicao | C56: 271798044 | D56: =SUM(D57:D62) -> 0 | E56: 0 | F56: =+C56+D56 -> 271798044 | G56: 0 | H56: =+'JUNIO 2024'!H56+'JULIO 2024'!G56 -> 41220374 | I56: =+F56-H56 -> 2.3057767e+08
A57: 111104 | B57: Facultad de Ciencias Humanas | C57: =SUM(C58:C63) -> 22059646978 | D57: =SUM(D58:D63) -> 0 | E57: 0 | F57: =SUM(F58:F63) -> 22059646978 | G57: =SUM(G58:G63) -> 0 | H57: =SUM(H58:H63) -> 6879123684 | I57: =SUM(I58:I63) -> 15180523294
A58: 11110401 | B58: Derecho | C58: 4051085135 | D58: =SUM(D59:D63) -> 0 | E58: 0 | F58: =+C58+D58 -> 4051085135 | G58: 0 | H58: =+'JUNIO 2024'!H58+'JULIO 2024'!G58 -> 1221091991 | I58: =+F58-H58 -> 2829993144
A59: 11110402 | B59: Trabajo Social Riohacha | C59: 4742228733 | D59: =SUM(D60:D63) -> 0 | E59: 0 | F59: =+C59+D59 -> 4742228733 | G59: 0 | H59: =+'JUNIO 2024'!H59+'JULIO 2024'!G59 -> 1909652392 | I59: =+F59-H59 -> 2832576341
A60: 11110403 | B60: Trabajo Social Fonseca | C60: 2472067926 | D60: =SUM(D61:D63) -> 0 | E60: 0 | F60: =+C60+D60 -> 2472067926 | G60: 0 | H60: =+'JUNIO 2024'!H60+'JULIO 2024'!G60 -> 7.6987302e+08 | I60: =+F60-H60 -> 1702194906
A61: 11110404 | B61: Trabajo Social Villanueva | C61: 2301223441 | D61: =SUM(D62:D64) -> 0 | E61: 0 | F61: =+C61+D61 -> 2301223441 | G61: 0 | H61: =+'JUNIO 2024'!H61+'JULIO 2024'!G61 -> 6.4849607e+08 | I61: =+F61-H61 -> 1652727371
A62: 11110405 | B62: Trabajo Social Maicao | C62: 3994136973 | D62: =+D63 | E62: 0 | F62: =+C62+D62 -> 3994136973 | G62: 0 | H62: =+'JUNIO 2024'!H62+'JULIO 2024'!G62 -> 748810756 | I62: =+F62-H62 -> 3245326217
A63: 11110406 | B63: Psicología | C63: 4498904770 | E63: 0 | F63: =+C63+D63 -> 4498904770 | G63: 0 | H63: =+'JUNIO 2024'!H63+'JULIO 2024'!G63 -> 1581199456 | I63: =+F63-H63 -> 2917705314
A64: 111105 | B64: Facultad de Ciencias de la Salud | C64: =SUM(C65:C67) -> 820571238 | D64: =SUM(D65:D67) -> 0 | E64: 0 | F64: =SUM(F65:F67) -> 820571238 | G64: =SUM(G65:G67) -> 0 | H64: =SUM(H65:H67) -> 73253459 | I64: =SUM(I65:I67) -> 7.4731778e+08
A65: 11110501 | B65: Seguridad y Salud en el trabajo | C65: 90599348 | D65: 0 | E65: 0 | F65: =+C65+D65 -> 90599348 | G65: 0 | H65: =+'JUNIO 2024'!H65+'JULIO 2024'!G65 -> 0 | I65: =+F65-H65 -> 90599348
A66: 11110502 | B66: Enfermeria | C66: 364985945 | D66: 0 | E66: 0 | F66: =+C66+D66 -> 364985945 | G66: 0 | H66: =+'JUNIO 2024'!H66+'JULIO 2024'!G66 -> 43886662 | I66: =+F66-H66 -> 3.2109928e+08
A67: 11110503 | B67: Nutricion | C67: 364985945 | D67: 0 | E67: 0 | F67: =+C67+D67 -> 364985945 | G67: 0 | H67: =+'JUNIO 2024'!H67+'JULIO 2024'!G67 -> 29366796 | I67: =+F67-H67 -> 3.3561915e+08
A68: 111106 | B68: Facultad de Ciencias Basicas | C68: =SUM(C69) -> 2000951316 | D68: =SUM(D69) -> 0 | E68: 0 | F68: =SUM(F69) -> 2000951316 | G68: =+G69 -> 0 | H68: =+H69 -> 5.0516169e+08 | I68: =SUM(I69) -> 1495789629
A69: 11110601 | B69: Biología | C69: 2000951316 | D69: 0 | E69: 0 | F69: =+C69+D69 -> 2000951316 | G69: 0 | H69: =+'JUNIO 2024'!H69+'JULIO 2024'!G69 -> 5.0516169e+08 | I69: =+F69-H69 -> 1495789629
A70: 1112 | B70: Matricula Postgrado. | C70: =+C71+C74 -> 4287584732 | D70: =+D71+D74 -> 0 | E70: 0 | F70: =+F71+F74 -> 4287584732 | G70: =+G71+G74 -> 9907100 | H70: =+H71+H74 -> 40192225 | I70: =+I71+I74 -> 4247392507
A71: 111201 | B71: Especializaciones | C71: =SUM(C72:C73) -> 404755529 | D71: =SUM(D72:D73) -> 0 | E71: =SUM(E72:E73) -> 0 | F71: =SUM(F72:F73) -> 404755529 | G71: =SUM(G72:G73) -> 1882600 | H71: =SUM(H72:H73) -> 1882600 | I71: =SUM(I72:I73) -> 402872929
A72: 11130103 | B72: Gerencia de Construcciones | C72: 131780870 | E72: =SUM(E73:E74) -> 0 | F72: =+C72+D72 -> 131780870 | G72: 0 | H72: =+'JUNIO 2024'!H72+'JULIO 2024'!G72 -> 0 | I72: =+F72-H72 -> 131780870
A73: 11130104 | B73: En Resolución de Conflictos | C73: 272974659 | D73: 0 | E73: 0 | F73: =+C73+D73 -> 272974659 | G73: 1882600 | H73: =+'JUNIO 2024'!H73+'JULIO 2024'!G73 -> 1882600 | I73: =+F73-H73 -> 271092059
A74: 111302 | B74: Maestrías | C74: =SUM(C75:C85) -> 3882829203 | D74: =SUM(D75:D85) -> 0 | E74: 0 | F74: =SUM(F75:F85) -> 3882829203 | G74: =SUM(G75:G85) -> 8024500 | H74: =SUM(H75:H85) -> 38309625 | I74: =SUM(I75:I85) -> 3844519578
A75: 11130101 | B75: Maestria en Gestión y Gerencia educativa | C75: 374163541 | D75: 0 | E75: 0 | F75: =+C75+D75 -> 374163541 | G75: 0 | H75: =+'JUNIO 2024'!H75+'JULIO 2024'!G75 -> 3181000 | I75: =+F75-H75 -> 370982541
A76: 11130102 | B76: Maestría en Finanzas | C76: 289447268 | F76: =+C76+D76 -> 289447268 | G76: 0 | H76: =+'JUNIO 2024'!H76+'JULIO 2024'!G76 -> 0 | I76: =+F76-H76 -> 289447268
A77: 11130103 | B77: Maestría en Gestión y Desarrollo Sostenible | C77: 296506957 | D77: 0 | E77: 0 | F77: =+C77+D77 -> 296506957 | G77: 0 | H77: =+'JUNIO 2024'!H77+'JULIO 2024'!G77 -> 0 | I77: =+F77-H77 -> 296506957 | L77: =+H22+H23+H24+H25+H26+H27+H28+H29+H30+H32+H33+H34+H35+H36+H38+H39+H40+H41+H42+H43+H44+H45+H46+H47+H48+H49+H50+H51+H52+H53+H54+H55+H56+H58+H59+H60+H61+H62+H63+H66+H67+H69+H73+H75+H76+H78+H79+H80+H81+H82+H83+H84+H85+H88+H89+H90+H91+H92+H93+H94+H95+H97+H98+H99+H100+H101+H103+H104+H105+H106+H107+H108+H110+H111+H114+H122+H123+H124+H125+H126+H127+H130+H131+H133+H136+H138+H139+H141+H142+H144+H145+H146+H147+H148+H150+H151+H152+H153+H156+H158+H160+H161+H162+H163+H164+H165+H166+H167+H170+H172+H173+H175+H177+H178+H180+H184+H187+H192+H195+H198+H199+H200+H202+H203+H204+H205+H209+H210+H211+H212+H214+H215+H217+H218+H220+H221+H222+H224+H231 -> 97132502972
A78: 11130104 | B78: Maestría TICs | C78: 317686026 | D78: 0 | E78: 0 | F78: =+C78+D78 -> 317686026 | G78: 0 | H78: =+'JUNIO 2024'!H78+'JULIO 2024'!G78 -> 2862000 | I78: =+F78-H78 -> 314824026
A79: 11130105 | B79: Maestría en Administración de Empresas | C79: 367103852 | D79: 0 | E79: 0 | F79: =+C79+D79 -> 367103852 | G79: 0 | H79: =+'JUNIO 2024'!H79+'JULIO 2024'!G79 -> 500000 | I79: =+F79-H79 -> 366603852
A80: 11130106 | B80: Maestría en Ciencias Sociales | C80: 423581368 | D80: 0 | E80: 0 | F80: =+C80+D80 -> 423581368 | G80: 0 | H80: =+'JUNIO 2024'!H80+'JULIO 2024'!G80 -> 3529875 | I80: =+F80-H80 -> 420051493
A81: 11130107 | B81: Maestrá en Desarrollo de procesos comunicativos en educación: Lecto - Escritura | C81: 472999194 | D81: 0 | E81: 0 | F81: =+C81+D81 -> 472999194 | G81: 0 | H81: =+'JUNIO 2024'!H81+'JULIO 2024'!G81 -> 0 | I81: =+F81-H81 -> 472999194
A82: 11130108 | B82: Maestría en Familia e Intervención Familiar | C82: 388282920 | D82: 0 | E82: 0 | F82: =+C82+D82 -> 388282920 | G82: 4494500 | H82: =+'JUNIO 2024'!H82+'JULIO 2024'!G82 -> 20303850 | I82: =+F82-H82 -> 367979070
A83: 11130109 | B83: Maestría en Gestión de la Tecología y la Innovación | C83: 331805405 | D83: 0 | E83: 0 | F83: =+C83+D83 -> 331805405 | G83: 0 | H83: =+'JUNIO 2024'!H83+'JULIO 2024'!G83 -> 2823900 | I83: =+F83-H83 -> 328981505
A84: 11130110 | B84: Maestría en Gestión frente al camboio climatico | C84: 296506957 | D84: 0 | E84: 0 | F84: =+C84+D84 -> 296506957 | G84: 3530000 | H84: =+'JUNIO 2024'!H84+'JULIO 2024'!G84 -> 3530000 | I84: =+F84-H84 -> 292976957
A85: 11130111 | B85: Maestría en Gerencia Estrategica de Mercadeo | C85: 324745715 | D85: 0 | E85: 0 | F85: =+C85+D85 -> 324745715 | G85: 0 | H85: =+'JUNIO 2024'!H85+'JULIO 2024'!G85 -> 1579000 | I85: =+F85-H85 -> 323166715
A86: 1114 | B86: Formularios e Inscripciones - Pregrado | C86: =+C87+C96+C102+C121+C132+C128 -> 1089768010 | D86: =+D87+D96+D102+D121+D132+D128 -> 0 | E86: =+E87+E88+E89+E90+E91+E92+E93+E94+E95+E96+E97 -> 0 | F86: =+F87+F96+F102+F121+F132+F128 -> 1089768010 | G86: =+G87+G96+G102+G121+G132+G128 -> 930590 | H86: =+H87+H96+H102+H121+H132+H128 -> 209670036 | I86: =+I87+I96+I102+I121+I132+I128 -> 880097974
A87: 111301 | B87: Facultad de Ingeniería. | C87: =SUM(C88:C95) -> 211673023 | D87: =SUM(D88:D95) -> 0 | E87: =SUM(E88:E89) -> 0 | F87: =SUM(F88:F95) -> 211673023 | G87: =SUM(G88:G95) -> 0 | H87: =SUM(H88:H95) -> 50244375 | I87: =SUM(I88:I95) -> 161428648
A88: 11130101 | B88: Ingeniería Industrial | C88: 38592969 | D88: 0 | E88: =SUM(E89:E90) -> 0 | F88: =+C88+D88 -> 38592969 | G88: 0 | H88: =+'JUNIO 2024'!H88+'JULIO 2024'!G88 -> 6824828 | I88: =+F88-H88 -> 31768141
A89: 11130102 | B89: Ingeniería Ambiental Riohacha | C89: 28944727 | D89: 0 | E89: =SUM(E90:E91) -> 0 | F89: =+C89+D89 -> 28944727 | G89: 0 | H89: =+'JUNIO 2024'!H89+'JULIO 2024'!G89 -> 8237821 | I89: =+F89-H89 -> 20706906
A90: 11130103 | B90: Ingeniería Sistemas | C90: 38592969 | D90: 0 | E90: =SUM(E91:E92) -> 0 | F90: =+C90+D90 -> 38592969 | G90: 0 | H90: =+'JUNIO 2024'!H90+'JULIO 2024'!G90 -> 10942663 | I90: =+F90-H90 -> 27650306
A91: 11130104 | B91: Ingeniería Sistemas Maicao | C91: 19531808 | D91: 0 | E91: =SUM(E92:E93) -> 0 | F91: =+C91+D91 -> 19531808 | G91: 0 | H91: =+'JUNIO 2024'!H91+'JULIO 2024'!G91 -> 8471847 | I91: =+F91-H91 -> 11059961
A92: 11130105 | B92: Ingeniería Civil | C92: 40004907 | D92: 0 | E92: =SUM(E93:E94) -> 0 | F92: =+C92+D92 -> 40004907 | G92: 0 | H92: =+'JUNIO 2024'!H92+'JULIO 2024'!G92 -> 11060659 | I92: =+F92-H92 -> 28944248
A93: 11130106 | B93: Ingeniería Mecánica | C93: 27768112 | D93: 0 | E93: 0 | F93: =+C93+D93 -> 27768112 | G93: 0 | H93: =+'JUNIO 2024'!H93+'JULIO 2024'!G93 -> 2588586 | I93: =+F93-H93 -> 25179526
A94: 11130605 | B94: Tecnología en Gestión de Redes Informáticas Riohacha | C94: 10001227 | D94: 0 | E94: 0 | F94: =+C94+D94 -> 10001227 | G94: 0 | H94: =+'JUNIO 2024'!H94+'JULIO 2024'!G94 -> 1294293 | I94: =+F94-H94 -> 8706934
A95: 11130606 | B95: Tecnología en Gestión de Redes Informáticas Maicao | C95: 8236304 | D95: 0 | E95: 0 | F95: =+C95+D95 -> 8236304 | G95: 0 | H95: =+'JUNIO 2024'!H95+'JULIO 2024'!G95 -> 823678 | I95: =+F95-H95 -> 7412626
A96: 111302 | B96: Facultad de Ciencia de la Educación. | C96: =SUM(C97:C101) -> 143782341 | D96: =SUM(D97:D101) -> 0 | E96: 0 | F96: =SUM(F97:F101) -> 143782341 | G96: =SUM(G97:G101) -> 0 | H96: =SUM(H97:H101) -> 32712910 | I96: =SUM(I97:I101) -> 111069431
A97: 11130201 | B97: Lic en Pedagogía Infantil Riohacha | C97: 38592969 | D97: 0 | E97: 0 | F97: =+C97+D97 -> 38592969 | G97: 0 | H97: =+'JUNIO 2024'!H97+'JULIO 2024'!G97 -> 8942462 | I97: =+F97-H97 -> 29650507
A98: 11130203 | B98: Lic en Pedagogía Infantil Maicao | C98: 38592969 | D98: 0 | E98: 0 | F98: =+C98+D98 -> 38592969 | G98: 0 | H98: =+'JUNIO 2024'!H98+'JULIO 2024'!G98 -> 6706902 | I98: =+F98-H98 -> 31886067
A99: 11130205 | B99: Lic en Etnoeducacion e Interculturalidad Riohacha | C99: 38122323 | D99: 0 | E99: 0 | F99: =+C99+D99 -> 38122323 | G99: 0 | H99: =+'JUNIO 2024'!H99+'JULIO 2024'!G99 -> 7530469 | I99: =+F99-H99 -> 30591854
A100: 11130206 | B100: Lic en Educación Física, Recreación y Deportes | C100: 19767130 | D100: 0 | E100: 0 | F100: =+C100+D100 -> 19767130 | G100: 0 | H100: =+'JUNIO 2024'!H100+'JULIO 2024'!G100 -> 8942425 | I100: =+F100-H100 -> 10824705
A101: 11130207 | B101: Lic en Música | C101: 8706950 | D101: 0 | E101: 0 | F101: =+C101+D101 -> 8706950 | G101: 0 | H101: =+'JUNIO 2024'!H101+'JULIO 2024'!G101 -> 590652 | I101: =+F101-H101 -> 8116298
A102: 111303 | B102: Facultad de Ciencias Económicas y Administrativa. | C102: =SUM(C103:C120) -> 521345348 | D102: =SUM(D103:D120) -> 0 | E102: 0 | F102: =SUM(F103:F120) -> 521345348 | G102: =SUM(G103:G120) -> 0 | H102: =SUM(H103:H120) -> 43182480 | I102: =SUM(I103:I120) -> 478162868
A103: 11130301 | B103: Contaduría Publica | C103: 40004907 | D103: 0 | E103: 0 | F103: =+C103+D103 -> 40004907 | G103: 0 | H103: =+'JUNIO 2024'!H103+'JULIO 2024'!G103 -> 8119084 | I103: =+F103-H103 -> 31885823
A104: 11130302 | B104: Contaduría Pública Maicao | C104: 38122323 | D104: 0 | E104: 0 | F104: =+C104+D104 -> 38122323 | G104: 0 | H104: =+'JUNIO 2024'!H104+'JULIO 2024'!G104 -> 6118476 | I104: =+F104-H104 -> 32003847
A105: 11130303 | B105: Administración de Empresas Riohacha | C105: 40004907 | D105: 0 | E105: 0 | F105: =+C105+D105 -> 40004907 | G105: 0 | H105: =+'JUNIO 2024'!H105+'JULIO 2024'!G105 -> 9766477 | I105: =+F105-H105 -> 30238430
...

Sheet AGOSTO 2024
E2: Tesorería
E6: ENTIDAD:UNIVERSIDAD DE LA GUAJIRA
E7: NIT No:892115029-4
E8: NOMBRE DEL REPRESENTANTE LEGAL:CARLOS A. ROBLES JULIO
A9: INFORME EJECUCION PRESUPUESTAL DE INGRESOS | E9: CIUDAD, DIRECCION Y TELEFONOS:R/CHA, KM 5 VIA M/CAO, 7282729
E10: VIGENCIA FISCAL:2024
E11: PERIODO DE RENDICION DE: AGOSTO 01 A: AGOSTO 31
E12: HOJA ______ DE _______
A14: CODIGO | B14: DESCRIPCION | C14: PRESUPUESTO | D14: MODIFICACIONES | F14: PRESUPUESTO | G14: RECAUDOS | I14: SALDOS
C15: INICIAL | D15: (2) | F15: DEFINITIVO | G15: DEL MES | H15: ACUMULADO
C16: (1) | D16: ADICIONES | E16: REDUCCION | F16: (3=1+/-2) | G16: 4 | H16: (5=4+5A) | I16: (6=3-5)
A17: 1 | B17: INGRESOS CORRIENTES. | C17: =+C18 -> 128991550549 | D17: =+D18 -> 0 | E17: 0 | F17: =+F18+F181 -> 255326240390 | G17: =+G18 -> 25632793819 | H17: =+H18 -> 60486317117 | I17: =+F17+G17-H17 -> 220472717092
A18: 11 | B18: RENTAS PROPIAS. | C18: =C19+C168+C176 -> 128991550549 | D18: =D19+D168+D176 -> 0 | E18: 0 | F18: =F19+F168+F176 -> 128991550549 | G18: =G19+G168+G176 -> 25632793819 | H18: =H19+H168+H176 -> 60486317117 | I18: =I19+I168+I176 -> 68505233432 | M18: =+C168 -> 6011760000 | N18: venta de bienes y servicios
A19: 111 | B19: DERECHOS ACADEMICOS. | C19: =C20+C70+C86+C134+C149+C154+C159 -> 91339790549 | D19: =D20+D70+D86+D134+D149+D154+D159 -> 0 | E19: 0 | F19: =F20+F70+F86+F134+F149+F154+F159 -> 91339790549 | G19: =G20+G70+G86+G134+G149+G154+G159 -> 20837869969 | H19: =H20+H70+H86+H134+H149+H154+H159 -> 44340855000 | I19: =I20+I70+I86+I134+I149+I154+I159 -> 46998935549
A20: 1111 | B20: Matricula-pregrado. | C20: =+C21+C31+C37+C57+C64+C68 -> 85494721951 | D20: =+D21+D31+D37+D57+D64+D68 -> 0 | E20: 0 | F20: =+F21+F31+F37+F57+F64+F68 -> 85494721951 | G20: =+G21+G31+G37+G57+G64+G68 -> 19766907368 | H20: =+H21+H31+H37+H57+H64+H68 -> 42812622477 | I20: =+I21+I31+I37+I57+I64+I68 -> 42682099474 | L20: =+H20+H86 -> 43052804087 | M20: =+C20+C86 -> 86584489961 | N20: matricula pregrado e iscripcion pregrado
A21: 111101 | B21: Facultad de Ingeniería. | C21: =SUM(C22:C30) -> 18546980835 | D21: =SUM(D22:D30) -> 0 | E21: =+E22+E23+E24+E25+E26+E27+E28 -> 0 | F21: =SUM(F22:F30) -> 18546980835 | G21: =SUM(G22:G30) -> 3886822052 | H21: =SUM(H22:H30) -> 8691381096 | I21: =SUM(I22:I30) -> 9855599739
A22: 11110101 | B22: Ingeniería Industrial | C22: 3194274158 | D22: 0 | E22: 0 | F22: =+C22+D22 -> 3194274158 | G22: 618669501 | H22: =+'JULIO 2024'!H22+'AGOSTO 2024'!G22 -> 1450646925 | I22: =+F22-H22 -> 1743627233 | L22: =+H70+H134 -> 931667093 | M22: =+C70+C134 -> 4379360690 | N22: maricula postgrado e inscripciones postgrado
A23: 11110102 | B23: Ingeniería Ambiental Riohacha | C23: 2016482633 | D23: 0 | E23: 0 | F23: =+C23+D23 -> 2016482633 | G23: 414430902 | H23: =+'JULIO 2024'!H23+'AGOSTO 2024'!G23 -> 9.5184896e+08 | I23: =+F23-H23 -> 1064633674
A24: 11110103 | B24: Ingeniería Sistemas | C24: 3486780624 | D24: 0 | E24: 0 | F24: =+C24+D24 -> 3486780624 | G24: 829714659 | H24: =+'JULIO 2024'!H24+'AGOSTO 2024'!G24 -> 1763105067 | I24: =+F24-H24 -> 1723675557 | L24: =+H174 -> 748576417 | M24: 0 | N24: diplomado
A25: 11110104 | B25: Ingeniería Sistemas Maicao | C25: 1809398409 | D25: 0 | E25: 0 | F25: =+C25+D25 -> 1809398409 | G25: 397087447 | H25: =+'JULIO 2024'!H25+'AGOSTO 2024'!G25 -> 877971050 | I25: =+F25-H25 -> 931427359
A26: 11110105 | B26: Ingeniería Civil | C26: 3647270898 | D26: 0 | E26: 0 | F26: =+C26+D26 -> 3647270898 | G26: 761817690 | H26: =+'JULIO 2024'!H26+'AGOSTO 2024'!G26 -> 1830076152 | I26: =+F26-H26 -> 1817194746 | L26: =+H149+H154+H159+H171 -> 505611271 | M26: =+C149+C154+C159 -> 375939898 | N26: otros derechos academicos
A27: 11110106 | B27: Ingeniería Mecánica | C27: 1884466440 | D27: 0 | E27: 0 | F27: =+C27+D27 -> 1884466440 | G27: 376896554 | H27: =+'JULIO 2024'!H27+'AGOSTO 2024'!G27 -> 7.9682155e+08 | I27: =+F27-H27 -> 1087644894
A28: 11110107 | B28: Ingeniería Ambiental Fonseca | C28: 1242505345 | D28: 0 | E28: 0 | F28: =+C28+D28 -> 1242505345 | G28: 276977559 | H28: =+'JULIO 2024'!H28+'AGOSTO 2024'!G28 -> 6.3501021e+08 | I28: =+F28-H28 -> 6.0749514e+08 | L28: =+H178+H179+H180 -> 1707396235 | M28: =+C176 -> 31640000000 | N28: Otras rentas propias
A29: 11110608 | B29: Tecnología en Gestión de Redes Informáticas Riohacha | C29: 994004284 | D29: 0 | E29: =+E30+E31+E32+E33+E34+E35+E36+E37+E38+E39+E40+E41+E42 -> 0 | F29: =+C29+D29 -> 994004284 | G29: 174987690 | H29: =+'JULIO 2024'!H29+'AGOSTO 2024'!G29 -> 3.2537511e+08 | I29: =+F29-H29 -> 6.6862917e+08
A30: 11110609 | B30: Tecnología en Gestión de Redes Informáticas Maicao | C30: 271798044 | D30: 0 | E30: 0 | F30: =+C30+D30 -> 271798044 | G30: 36240050 | H30: =+'JULIO 2024'!H30+'AGOSTO 2024'!G30 -> 60526080 | I30: =+F30-H30 -> 2.1127196e+08 | L30: =+H184 -> 28167480375 | M30: =+C184 -> 58330090683 | N30: aporte ley 30 art 86
A31: 111102 | B31: Facultad de Ciencia de la Educacion. | C31: =SUM(C32:C36) -> 15510608389 | D31: =SUM(D32:D36) -> 0 | E31: 0 | F31: =SUM(F32:F36) -> 15510608389 | G31: =SUM(G32:G36) -> 4459714907 | H31: =SUM(H32:H36) -> 8539853208 | I31: =SUM(I32:I36) -> 6970755181
A32: 11110201 | B32: Lic en Educación Infantil Riohacha | C32: 3629151028 | D32: 0 | E32: 0 | F32: =+C32+D32 -> 3629151028 | G32: 1060445090 | H32: =+'JULIO 2024'!H32+'AGOSTO 2024'!G32 -> 2216341844 | I32: =+F32-H32 -> 1412809184 | L32: =+H185 -> 0 | M32: =+C185 -> 1721524593 | N32: aporte ley 30 art 87
A33: 11110202 | B33: Lic en Educación Infantil Maicao | C33: 3623973923 | D33: 0 | E33: 0 | F33: =+C33+D33 -> 3623973923 | G33: 1061056935 | H33: =+'JULIO 2024'!H33+'AGOSTO 2024'!G33 -> 1242353230 | I33: =+F33-H33 -> 2381620693
A34: 11110203 | B34: Lic en Etnoeducacion e Interculturalidad Riohacha | C34: 3616208264 | D34: 0 | E34: 0 | F34: =+C34+D34 -> 3616208264 | G34: 1109981001 | H34: =+'JULIO 2024'!H34+'AGOSTO 2024'!G34 -> 2587643995 | I34: =+F34-H34 -> 1028564269 | L34: =+H188 -> 0 | M34: =+C188 -> 19161450403 | N34: Aportes Ley 30 del 92
A35: 11110204 | B35: Lic en Educación Física, Recreación y Deportes | C35: 3825881041 | D35: 0 | E35: 0 | F35: =+C35+D35 -> 3825881041 | G35: 1054326691 | H35: =+'JULIO 2024'!H35+'AGOSTO 2024'!G35 -> 2130591421 | I35: =+F35-H35 -> 1695289620
A36: 11110213 | B36: Lic en Música | C36: 815394133 | D36: 0 | E36: 0 | F36: =+C36+D36 -> 815394133 | G36: 173905190 | H36: =+'JULIO 2024'!H36+'AGOSTO 2024'!G36 -> 3.6292272e+08 | I36: =+F36-H36 -> 4.5247141e+08 | L36: =+H196 -> 19312572374 | M36: =+C196 -> 50942388435 | N36: recursos de caapital
A37: 111103 | B37: Facultad de Ciencias Económicas y Administrativa. | C37: =SUM(C38:C56) -> 26555963195 | D37: =SUM(D38:D56) -> 0 | E37: 0 | F37: =SUM(F38:F56) -> 26555963195 | G37: =SUM(G38:G56) -> 5403297906 | H37: =SUM(H38:H56) -> 12106776839 | I37: =SUM(I38:I56) -> 14449186356
A38: 11110301 | B38: Contaduria Publica | C38: 3963074340 | D38: 0 | E38: 0 | F38: =+C38+D38 -> 3963074340 | G38: 874632523 | H38: =+'JULIO 2024'!H38+'AGOSTO 2024'!G38 -> 1985224528 | I38: =+F38-H38 -> 1977849812 | L38: =+H177+H194 -> 23800072366 | M38: =+C194 -> 18451441852 | N38: estampillas
A39: 11110302 | B39: Contaduría Pública Maicao | C39: 3080377834 | D39: 0 | E39: 0 | F39: =+C39+D39 -> 3080377834 | G39: 631612368 | H39: =+'JULIO 2024'!H39+'AGOSTO 2024'!G39 -> 1398634575 | I39: =+F39-H39 -> 1681743259
A40: 11110303 | B40: Contaduria Publica Villanueva | C40: 41416845 | D40: 0 | E40: 0 | F40: =+C40+D40 -> 41416845 | G40: 40381780 | H40: =+'JULIO 2024'!H40+'AGOSTO 2024'!G40 -> 1.166395e+08 | I40: =+F40-H40 -> -75222660 | L40: =+H192 -> 2554138050 | M40: =+C191 -> 9000000000 | N40: estampilla pro u nacional
A41: 11110304 | B41: Administracion de Empresas Riohacha | C41: 4066616452 | D41: 0 | E41: 0 | F41: =+C41+D41 -> 4066616452 | G41: 905742486 | H41: =+'JULIO 2024'!H41+'AGOSTO 2024'!G41 -> 2022285341 | I41: =+F41-H41 -> 2044331111
A42: 11110305 | B42: Administracion Turística y Hotelera | C42: 1584194315 | D42: 0 | E42: 0 | F42: =+C42+D42 -> 1584194315 | G42: 396569729 | H42: =+'JULIO 2024'!H42+'AGOSTO 2024'!G42 -> 8.6107497e+08 | I42: =+F42-H42 -> 7.2311934e+08 | L42: =+H186 -> 0 | M42: =+C186 -> 442529331 | N42: recusos por votacion
A43: 11110306 | B43: Negocios Internacionales | C43: 1944003154 | D43: =+D44+D45+D46+D47+D48+D49+D50+D51+D52+D53+D54 -> 0 | E43: =+E44+E45+E46+E47+E48+E49+E50+E51+E52+E53+E54 -> 0 | F43: =+C43+D43 -> 1944003154 | G43: 507878465 | H43: =+'JULIO 2024'!H43+'AGOSTO 2024'!G43 -> 1042562149 | I43: =+F43-H43 -> 901441005
A44: 11110307 | B44: Economía | C44: 1664439452 | D44: =SUM(D45:D55) -> 0 | E44: =SUM(E45:E55) -> 0 | F44: =+C44+D44 -> 1664439452 | G44: 325595714 | H44: =+'JULIO 2024'!H44+'AGOSTO 2024'!G44 -> 7.2694167e+08 | I44: =+F44-H44 -> 9.3749778e+08 | L44: =+H187 -> 1870989185 | M44: =+C187 -> 1400000000 | N44: fomento a la calidad COOPERATIVA
A45: 11110308 | B45: Negocios Internacionales Maicao | C45: 949998878 | D45: 0 | E45: 0 | F45: =+C45+D45 -> 949998878 | G45: 142889363 | H45: =+'JULIO 2024'!H45+'AGOSTO 2024'!G45 -> 3.6587305e+08 | I45: =+F45-H45 -> 5.8412583e+08
A46: 11110309 | B46: Administracion de Empresas Maicao | C46: 1801632750 | D46: 0 | E46: 0 | F46: =+C46+D46 -> 1801632750 | G46: 456624679 | H46: =+'JULIO 2024'!H46+'AGOSTO 2024'!G46 -> 9.6184796e+08 | I46: =+F46-H46 -> 8.3978479e+08 | L46: =+H206 -> 5272386554 | N46: CONVENIOS
A47: 11110310 | B47: Administracion de Empresas Villanueva | C47: 1718799061 | D47: 0 | E47: 0 | F47: =+C47+D47 -> 1718799061 | G47: 243326070 | H47: =+'JULIO 2024'!H47+'AGOSTO 2024'!G47 -> 5.7294821e+08 | I47: =+F47-H47 -> 1145850853
A48: 11110311 | B48: Administración Pública | C48: 704086362 | D48: 0 | E48: 0 | F48: =+C48+D48 -> 704086362 | G48: 55136654 | H48: =+'JULIO 2024'!H48+'AGOSTO 2024'!G48 -> 161326176 | I48: =+F48-H48 -> 542760186 | L48: =SUM(L18:L47) -> 127923694007
A49: 11110312 | B49: Tecnica Profesional en Procesos Administrativos | C49: 1498772072 | D49: 0 | E49: 0 | F49: =+C49+D49 -> 1498772072 | G49: 274906701 | H49: =+'JULIO 2024'!H49+'AGOSTO 2024'!G49 -> 5.8333597e+08 | I49: =+F49-H49 -> 9.154361e+08 | M49: =SUM(M17:M44) -> 288440975846 | N49: TOTAL DEL PRESUPUESTO
A50: 11110313 | B50: Tecnica Profesional en Operaciones Portuarias | C50: 797274263 | D50: 0 | E50: 0 | F50: =+C50+D50 -> 797274263 | G50: 20967461 | H50: =+'JULIO 2024'!H50+'AGOSTO 2024'!G50 -> 2.3532969e+08 | I50: =+F50-H50 -> 5.6194457e+08
A51: 11110314 | B51: Tecnología en Gestiòn naviera y Portuaria | C51: 512533455 | D51: 0 | E51: 0 | F51: =+C51+D51 -> 512533455 | G51: 266882112 | H51: =+'JULIO 2024'!H51+'AGOSTO 2024'!G51 -> 502305515 | I51: =+F51-H51 -> 10227940
A52: 11110315 | B52: Tecnología en Gestión Pública | C52: 481470821 | D52: 0 | E52: 0 | F52: =+C52+D52 -> 481470821 | G52: 62902377 | H52: =+'JULIO 2024'!H52+'AGOSTO 2024'!G52 -> 1.7671331e+08 | I52: =+F52-H52 -> 3.0475751e+08
A53: 11110316 | B53: Tecnología en Gestión de Comercio Internacional Riohacha | C53: 465939504 | D53: 0 | E53: 0 | F53: =+C53+D53 -> 465939504 | G53: 36240053 | H53: =+'JULIO 2024'!H53+'AGOSTO 2024'!G53 -> 74678302 | I53: =+F53-H53 -> 3.912612e+08 | L53: 8.0801649e+10
A54: 11110317 | B54: Tecnología en Gestión de Comercio Internacional Fonseca | C54: 297683572 | D54: 0 | E54: 0 | F54: =+C54+D54 -> 297683572 | G54: 0 | H54: =+'JULIO 2024'!H54+'AGOSTO 2024'!G54 -> 11980638 | I54: =+F54-H54 -> 2.8570293e+08
A55: 11110318 | B55: Tecnología en Gestión de Comercio Internacional V/Nueva | C55: 711852021 | D55: =+D56+D57+D58+D59+D60+D61 -> 0 | E55: 0 | F55: =+C55+D55 -> 711852021 | G55: 111826446 | H55: =+'JULIO 2024'!H55+'AGOSTO 2024'!G55 -> 2.1667198e+08 | I55: =+F55-H55 -> 4.9518004e+08
A56: 11110319 | B56: Tecnología en Gestión de Comercio Internacional Maicao | C56: 271798044 | D56: =SUM(D57:D62) -> 0 | E56: 0 | F56: =+C56+D56 -> 271798044 | G56: 49182925 | H56: =+'JULIO 2024'!H56+'AGOSTO 2024'!G56 -> 90403299 | I56: =+F56-H56 -> 1.8139474e+08
A57: 111104 | B57: Facultad de Ciencias Humanas | C57: =SUM(C58:C63) -> 22059646978 | D57: =SUM(D58:D63) -> 0 | E57: 0 | F57: =SUM(F58:F63) -> 22059646978 | G57: =SUM(G58:G63) -> 5481802152 | H57: =SUM(H58:H63) -> 12360925836 | I57: =SUM(I58:I63) -> 9698721142
A58: 11110401 | B58: Derecho | C58: 4051085135 | D58: =SUM(D59:D63) -> 0 | E58: 0 | F58: =+C58+D58 -> 4051085135 | G58: 1033571035 | H58: =+'JULIO 2024'!H58+'AGOSTO 2024'!G58 -> 2254663026 | I58: =+F58-H58 -> 1796422109
A59: 11110402 | B59: Trabajo Social Riohacha | C59: 4742228733 | D59: =SUM(D60:D63) -> 0 | E59: 0 | F59: =+C59+D59 -> 4742228733 | G59: 1216371475 | H59: =+'JULIO 2024'!H59+'AGOSTO 2024'!G59 -> 3126023867 | I59: =+F59-H59 -> 1616204866
A60: 11110403 | B60: Trabajo Social Fonseca | C60: 2472067926 | D60: =SUM(D61:D63) -> 0 | E60: 0 | F60: =+C60+D60 -> 2472067926 | G60: 693432213 | H60: =+'JULIO 2024'!H60+'AGOSTO 2024'!G60 -> 1463305233 | I60: =+F60-H60 -> 1008762693
A61: 11110404 | B61: Trabajo Social Villanueva | C61: 2301223441 | D61: =SUM(D62:D64) -> 0 | E61: 0 | F61: =+C61+D61 -> 2301223441 | G61: 398640603 | H61: =+'JULIO 2024'!H61+'AGOSTO 2024'!G61 -> 1047136673 | I61: =+F61-H61 -> 1254086768
A62: 11110405 | B62: Trabajo Social Maicao | C62: 3994136973 | D62: =+D63 | E62: 0 | F62: =+C62+D62 -> 3994136973 | G62: 1126194900 | H62: =+'JULIO 2024'!H62+'AGOSTO 2024'!G62 -> 1875005656 | I62: =+F62-H62 -> 2119131317
A63: 11110406 | B63: Psicología | C63: 4498904770 | E63: 0 | F63: =+C63+D63 -> 4498904770 | G63: 1013591926 | H63: =+'JULIO 2024'!H63+'AGOSTO 2024'!G63 -> 2594791382 | I63: =+F63-H63 -> 1904113388
A64: 111105 | B64: Facultad de Ciencias de la Salud | C64: =SUM(C65:C67) -> 820571238 | D64: =SUM(D65:D67) -> 0 | E64: 0 | F64: =SUM(F65:F67) -> 820571238 | G64: =SUM(G65:G67) -> 135076600 | H64: =SUM(H65:H67) -> 2.0833006e+08 | I64: =SUM(I65:I67) -> 6.1224118e+08
A65: 11110501 | B65: Seguridad y Salud en el trabajo | C65: 90599348 | D65: 0 | E65: 0 | F65: =+C65+D65 -> 90599348 | G65: 470650 | H65: =+'JULIO 2024'!H65+'AGOSTO 2024'!G65 -> 470650 | I65: =+F65-H65 -> 90128698
A66: 11110502 | B66: Enfermeria | C66: 364985945 | D66: 0 | E66: 0 | F66: =+C66+D66 -> 364985945 | G66: 51677420 | H66: =+'JULIO 2024'!H66+'AGOSTO 2024'!G66 -> 95564082 | I66: =+F66-H66 -> 2.6942186e+08
A67: 11110503 | B67: Nutricion | C67: 364985945 | D67: 0 | E67: 0 | F67: =+C67+D67 -> 364985945 | G67: 82928530 | H67: =+'JULIO 2024'!H67+'AGOSTO 2024'!G67 -> 1.1229533e+08 | I67: =+F67-H67 -> 2.5269062e+08
A68: 111106 | B68: Facultad de Ciencias Basicas | C68: =SUM(C69) -> 2000951316 | D68: =SUM(D69) -> 0 | E68: 0 | F68: =SUM(F69) -> 2000951316 | G68: =+G69 -> 400193751 | H68: =+H69 -> 9.0535544e+08 | I68: =SUM(I69) -> 1095595878
A69: 11110601 | B69: Biología | C69: 2000951316 | D69: 0 | E69: 0 | F69: =+C69+D69 -> 2000951316 | G69: 400193751 | H69: =+'JULIO 2024'!H69+'AGOSTO 2024'!G69 -> 9.0535544e+08 | I69: =+F69-H69 -> 1095595878
A70: 1112 | B70: Matricula Postgrado. | C70: =+C71+C74 -> 4287584732 | D70: =+D71+D74 -> 0 | E70: 0 | F70: =+F71+F74 -> 4287584732 | G70: =+G71+G74 -> 866067643 | H70: =+H71+H74 -> 906259868 | I70: =+I71+I74 -> 3381324864
A71: 111201 | B71: Especializaciones | C71: =SUM(C72:C73) -> 404755529 | D71: =SUM(D72:D73) -> 0 | E71: =SUM(E72:E73) -> 0 | F71: =SUM(F72:F73) -> 404755529 | G71: =SUM(G72:G73) -> 111359390 | H71: =SUM(H72:H73) -> 113241990 | I71: =SUM(I72:I73) -> 291513539
A72: 11130103 | B72: Gerencia de Construcciones | C72: 131780870 | E72: =SUM(E73:E74) -> 0 | F72: =+C72+D72 -> 131780870 | G72: 0 | H72: =+'JULIO 2024'!H72+'AGOSTO 2024'!G72 -> 0 | I72: =+F72-H72 -> 131780870
A73: 11130104 | B73: En Resolución de Conflictos | C73: 272974659 | D73: 0 | E73: 0 | F73: =+C73+D73 -> 272974659 | G73: 111359390 | H73: =+'JULIO 2024'!H73+'AGOSTO 2024'!G73 -> 113241990 | I73: =+F73-H73 -> 159732669
A74: 111302 | B74: Maestrías | C74: =SUM(C75:C85) -> 3882829203 | D74: =SUM(D75:D85) -> 0 | E74: 0 | F74: =SUM(F75:F85) -> 3882829203 | G74: =SUM(G75:G85) -> 754708253 | H74: =SUM(H75:H85) -> 793017878 | I74: =SUM(I75:I85) -> 3089811325
A75: 11130101 | B75: Maestria en Gestión y Gerencia educativa | C75: 374163541 | D75: 0 | E75: 0 | F75: =+C75+D75 -> 374163541 | G75: 124631349 | H75: =+'JULIO 2024'!H75+'AGOSTO 2024'!G75 -> 127812349 | I75: =+F75-H75 -> 246351192
A76: 11130102 | B76: Maestría en Finanzas | C76: 289447268 | F76: =+C76+D76 -> 289447268 | G76: 81187125 | H76: =+'JULIO 2024'!H76+'AGOSTO 2024'!G76 -> 81187125 | I76: =+F76-H76 -> 208260143
A77: 11130103 | B77: Maestría en Gestión y Desarrollo Sostenible | C77: 296506957 | D77: 0 | E77: 0 | F77: =+C77+D77 -> 296506957 | G77: 0 | H77: =+'JULIO 2024'!H77+'AGOSTO 2024'!G77 -> 0 | I77: =+F77-H77 -> 296506957 | L77: =+G81+G84+G87+G141+G143+G144+G145+G146+G165+G166+G167+G169+G178+G183+G201+G203 -> 4304681821
A78: 11130104 | B78: Maestría TICs | C78: 317686026 | D78: 0 | E78: 0 | F78: =+C78+D78 -> 317686026 | G78: 82275300 | H78: =+'JULIO 2024'!H78+'AGOSTO 2024'!G78 -> 85137300 | I78: =+F78-H78 -> 232548726
A79: 11130105 | B79: Maestría en Administración de Empresas | C79: 367103852 | D79: 0 | E79: 0 | F79: =+C79+D79 -> 367103852 | G79: 61890050 | H79: =+'JULIO 2024'!H79+'AGOSTO 2024'!G79 -> 62390050 | I79: =+F79-H79 -> 304713802
A80: 11130106 | B80: Maestría en Ciencias Sociales | C80: 423581368 | D80: 0 | E80: 0 | F80: =+C80+D80 -> 423581368 | G80: 109220275 | H80: =+'JULIO 2024'!H80+'AGOSTO 2024'!G80 -> 112750150 | I80: =+F80-H80 -> 310831218
A81: 11130107 | B81: Maestrá en Desarrollo de procesos comunicativos en educación: Lecto - Escritura | C81: 472999194 | D81: 0 | E81: 0 | F81: =+C81+D81 -> 472999194 | G81: 69773600 | H81: =+'JULIO 2024'!H81+'AGOSTO 2024'!G81 -> 69773600 | I81: =+F81-H81 -> 403225594
A82: 11130108 | B82: Maestría en Familia e Intervención Familiar | C82: 388282920 | D82: 0 | E82: 0 | F82: =+C82+D82 -> 388282920 | G82: 112728329 | H82: =+'JULIO 2024'!H82+'AGOSTO 2024'!G82 -> 133032179 | I82: =+F82-H82 -> 255250741
A83: 11130109 | B83: Maestría en Gestión de la Tecología y la Innovación | C83: 331805405 | D83: 0 | E83: 0 | F83: =+C83+D83 -> 331805405 | G83: 51536175 | H83: =+'JULIO 2024'!H83+'AGOSTO 2024'!G83 -> 54360075 | I83: =+F83-H83 -> 277445330
A84: 11130110 | B84: Maestría en Gestión frente al camboio climatico | C84: 296506957 | D84: 0 | E84: 0 | F84: =+C84+D84 -> 296506957 | G84: 25691200 | H84: =+'JULIO 2024'!H84+'AGOSTO 2024'!G84 -> 29221200 | I84: =+F84-H84 -> 267285757
A85: 11130111 | B85: Maestría en Gerencia Estrategica de Mercadeo | C85: 324745715 | D85: 0 | E85: 0 | F85: =+C85+D85 -> 324745715 | G85: 35774850 | H85: =+'JULIO 2024'!H85+'AGOSTO 2024'!G85 -> 37353850 | I85: =+F85-H85 -> 287391865
A86: 1114 | B86: Formularios e Inscripciones - Pregrado | C86: =+C87+C96+C102+C121+C132+C128 -> 1089768010 | D86: =+D87+D96+D102+D121+D132+D128 -> 0 | E86: =+E87+E88+E89+E90+E91+E92+E93+E94+E95+E96+E97 -> 0 | F86: =+F87+F96+F102+F121+F132+F128 -> 1089768010 | G86: =+G87+G96+G102+G121+G132+G128 -> 30511574 | H86: =+H87+H96+H102+H121+H132+H128 -> 240181610 | I86: =+I87+I96+I102+I121+I132+I128 -> 849586400
A87: 111301 | B87: Facultad de Ingeniería. | C87: =SUM(C88:C95) -> 211673023 | D87: =SUM(D88:D95) -> 0 | E87: =SUM(E88:E89) -> 0 | F87: =SUM(F88:F95) -> 211673023 | G87: =SUM(G88:G95) -> 0 | H87: =SUM(H88:H95) -> 50244375 | I87: =SUM(I88:I95) -> 161428648
A88: 11130101 | B88: Ingeniería Industrial | C88: 38592969 | D88: 0 | E88: =SUM(E89:E90) -> 0 | F88: =+C88+D88 -> 38592969 | G88: 0 | H88: =+'JULIO 2024'!H88+'AGOSTO 2024'!G88 -> 6824828 | I88: =+F88-H88 -> 31768141
A89: 11130102 | B89: Ingeniería Ambiental Riohacha | C89: 28944727 | D89: 0 | E89: =SUM(E90:E91) -> 0 | F89: =+C89+D89 -> 28944727 | G89: 0 | H89: =+'JULIO 2024'!H89+'AGOSTO 2024'!G89 -> 8237821 | I89: =+F89-H89 -> 20706906
A90: 11130103 | B90: Ingeniería Sistemas | C90: 38592969 | D90: 0 | E90: =SUM(E91:E92) -> 0 | F90: =+C90+D90 -> 38592969 | G90: 0 | H90: =+'JULIO 2024'!H90+'AGOSTO 2024'!G90 -> 10942663 | I90: =+F90-H90 -> 27650306
A91: 11130104 | B91: Ingeniería Sistemas Maicao | C91: 19531808 | D91: 0 | E91: =SUM(E92:E93) -> 0 | F91: =+C91+D91 -> 19531808 | G91: 0 | H91: =+'JULIO 2024'!H91+'AGOSTO 2024'!G91 -> 8471847 | I91: =+F91-H91 -> 11059961
A92: 11130105 | B92: Ingeniería Civil | C92: 40004907 | D92: 0 | E92: =SUM(E93:E94) -> 0 | F92: =+C92+D92 -> 40004907 | G92: 0 | H92: =+'JULIO 2024'!H92+'AGOSTO 2024'!G92 -> 11060659 | I92: =+F92-H92 -> 28944248
A93: 11130106 | B93: Ingeniería Mecánica | C93: 27768112 | D93: 0 | E93: 0 | F93: =+C93+D93 -> 27768112 | G93: 0 | H93: =+'JULIO 2024'!H93+'AGOSTO 2024'!G93 -> 2588586 | I93: =+F93-H93 -> 25179526
A94: 11130605 | B94: Tecnología en Gestión de Redes Informáticas Riohacha | C94: 10001227 | D94: 0 | E94: 0 | F94: =+C94+D94 -> 10001227 | G94: 0 | H94: =+'JULIO 2024'!H94+'AGOSTO 2024'!G94 -> 1294293 | I94: =+F94-H94 -> 8706934
A95: 11130606 | B95: Tecnología en Gestión de Redes Informáticas Maicao | C95: 8236304 | D95: 0 | E95: 0 | F95: =+C95+D95 -> 8236304 | G95: 0 | H95: =+'JULIO 2024'!H95+'AGOSTO 2024'!G95 -> 823678 | I95: =+F95-H95 -> 7412626
A96: 111302 | B96: Facultad de Ciencia de la Educación. | C96: =SUM(C97:C101) -> 143782341 | D96: =SUM(D97:D101) -> 0 | E96: 0 | F96: =SUM(F97:F101) -> 143782341 | G96: =SUM(G97:G101) -> 4471194 | H96: =SUM(H97:H101) -> 37184104 | I96: =SUM(I97:I101) -> 106598237
A97: 11130201 | B97: Lic en Pedagogía Infantil Riohacha | C97: 38592969 | D97: 0 | E97: 0 | F97: =+C97+D97 -> 38592969 | G97: 0 | H97: =+'JULIO 2024'!H97+'AGOSTO 2024'!G97 -> 8942462 | I97: =+F97-H97 -> 29650507
A98: 11130203 | B98: Lic en Pedagogía Infantil Maicao | C98: 38592969 | D98: 0 | E98: 0 | F98: =+C98+D98 -> 38592969 | G98: 0 | H98: =+'JULIO 2024'!H98+'AGOSTO 2024'!G98 -> 6706902 | I98: =+F98-H98 -> 31886067
A99: 11130205 | B99: Lic en Etnoeducacion e Interculturalidad Riohacha | C99: 38122323 | D99: 0 | E99: 0 | F99: =+C99+D99 -> 38122323 | G99: 4471194 | H99: =+'JULIO 2024'!H99+'AGOSTO 2024'!G99 -> 12001663 | I99: =+F99-H99 -> 26120660
A100: 11130206 | B100: Lic en Educación Física, Recreación y Deportes | C100: 19767130 | D100: 0 | E100: 0 | F100: =+C100+D100 -> 19767130 | G100: 0 | H100: =+'JULIO 2024'!H100+'AGOSTO 2024'!G100 -> 8942425 | I100: =+F100-H100 -> 10824705
A101: 11130207 | B101: Lic en Música | C101: 8706950 | D101: 0 | E101: 0 | F101: =+C101+D101 -> 8706950 | G101: 0 | H101: =+'JULIO 2024'!H101+'AGOSTO 2024'!G101 -> 590652 | I101: =+F101-H101 -> 8116298
A102: 111303 | B102: Facultad de Ciencias Económicas y Administrativa. | C102: =SUM(C103:C120) -> 521345348 | D102: =SUM(D103:D120) -> 0 | E102: 0 | F102: =SUM(F103:F120) -> 521345348 | G102: =SUM(G103:G120) -> 0 | H102: =SUM(H103:H120) -> 43182480 | I102: =SUM(I103:I120) -> 478162868
A103: 11130301 | B103: Contaduría Publica | C103: 40004907 | D103: 0 | E103: 0 | F103: =+C103+D103 -> 40004907 | G103: 0 | H103: =+'JULIO 2024'!H103+'AGOSTO 2024'!G103 -> 8119084 | I103: =+F103-H103 -> 31885823
A104: 11130302 | B104: Contaduría Pública Maicao | C104: 38122323 | D104: 0 | E104: 0 | F104: =+C104+D104 -> 38122323 | G104: 0 | H104: =+'JULIO 2024'!H104+'AGOSTO 2024'!G104 -> 6118476 | I104: =+F104-H104 -> 32003847
A105: 11130303 | B105: Administración de Empresas Riohacha | C105: 40004907 | D105: 0 | E105: 0 | F105: =+C105+D105 -> 40004907 | G105: 0 | H105: =+'JULIO 2024'!H105+'AGOSTO 2024'!G105 -> 9766477 | I105: =+F105-H105 -> 30238430
...

Sheet SEPTIEMBRE 2024
E2: Tesorería
E6: ENTIDAD:UNIVERSIDAD DE LA GUAJIRA
E7: NIT No:892115029-4
E8: NOMBRE DEL REPRESENTANTE LEGAL:CARLOS A. ROBLES JULIO
A9: INFORME EJECUCION PRESUPUESTAL DE INGRESOS | E9: CIUDAD, DIRECCION Y TELEFONOS:R/CHA, KM 5 VIA M/CAO, 7282729
E10: VIGENCIA FISCAL:2024
E11: PERIODO DE RENDICION DE: SEPTIEMBRE 01 A: SEPTIEMBRE 30
E12: HOJA ______ DE _______
A14: CODIGO | B14: DESCRIPCION | C14: PRESUPUESTO | D14: MODIFICACIONES | F14: PRESUPUESTO | G14: RECAUDOS | I14: SALDOS
C15: INICIAL | D15: (2) | F15: DEFINITIVO | G15: DEL MES | H15: ACUMULADO
C16: (1) | D16: ADICIONES | E16: REDUCCION | F16: (3=1+/-2) | G16: 4 | H16: (5=4+5A) | I16: (6=3-5)
A17: 1 | B17: INGRESOS CORRIENTES. | C17: =+C18 -> 128991550549 | D17: =+D18 -> 0 | E17: 0 | F17: =+F18+F181 -> 255326240390 | G17: =+G18 -> 5562283442 | H17: =+H18 -> 66048600559 | I17: =+F17+G17-H17 -> 194839923273
A18: 11 | B18: RENTAS PROPIAS. | C18: =C19+C168+C176 -> 128991550549 | D18: =D19+D168+D176 -> 0 | E18: 0 | F18: =F19+F168+F176 -> 128991550549 | G18: =G19+G168+G176 -> 5562283442 | H18: =H19+H168+H176 -> 66048600559 | I18: =I19+I168+I176 -> 62942949990 | L18: =+H170 -> 44148000 | M18: =+C168 -> 6011760000 | N18: venta de bienes y servicios
A19: 111 | B19: DERECHOS ACADEMICOS. | C19: =C20+C70+C86+C134+C149+C154+C159 -> 91339790549 | D19: =D20+D70+D86+D134+D149+D154+D159 -> 0 | E19: 0 | F19: =F20+F70+F86+F134+F149+F154+F159 -> 91339790549 | G19: =G20+G70+G86+G134+G149+G154+G159 -> 2828506894 | H19: =H20+H70+H86+H134+H149+H154+H159 -> 47169361895 | I19: =I20+I70+I86+I134+I149+I154+I159 -> 44170428654
A20: 1111 | B20: Matricula-pregrado. | C20: =+C21+C31+C37+C57+C64+C68 -> 85494721951 | D20: =+D21+D31+D37+D57+D64+D68 -> 0 | E20: 0 | F20: =+F21+F31+F37+F57+F64+F68 -> 85494721951 | G20: =+G21+G31+G37+G57+G64+G68 -> 2733171599 | H20: =+H21+H31+H37+H57+H64+H68 -> 45545794077 | I20: =+I21+I31+I37+I57+I64+I68 -> 39948927874 | L20: =+H20+H86 -> 45785975687 | M20: =+C20+C86 -> 86584489961 | N20: matricula pregrado e iscripcion pregrado
A21: 111101 | B21: Facultad de Ingeniería. | C21: =SUM(C22:C30) -> 18546980835 | D21: =SUM(D22:D30) -> 0 | E21: =+E22+E23+E24+E25+E26+E27+E28 -> 0 | F21: =SUM(F22:F30) -> 18546980835 | G21: =SUM(G22:G30) -> 602197067 | H21: =SUM(H22:H30) -> 9293578163 | I21: =SUM(I22:I30) -> 9253402672
A22: 11110101 | B22: Ingeniería Industrial | C22: 3194274158 | D22: 0 | E22: 0 | F22: =+C22+D22 -> 3194274158 | G22: 1.0151042e+08 | H22: =+'AGOSTO 2024'!H22+'SEPTIEMBRE 2024'!G22 -> 1552157343 | I22: =+F22-H22 -> 1642116815 | L22: =+H70+H134 -> 1000009788 | M22: =+C70+C134 -> 4379360690 | N22: maricula postgrado e inscripciones postgrado
A23: 11110102 | B23: Ingeniería Ambiental Riohacha | C23: 2016482633 | D23: 0 | E23: 0 | F23: =+C23+D23 -> 2016482633 | G23: 58846619 | H23: =+'AGOSTO 2024'!H23+'SEPTIEMBRE 2024'!G23 -> 1010695578 | I23: =+F23-H23 -> 1005787055
A24: 11110103 | B24: Ingeniería Sistemas | C24: 3486780624 | D24: 0 | E24: 0 | F24: =+C24+D24 -> 3486780624 | G24: 1.152413e+08 | H24: =+'AGOSTO 2024'!H24+'SEPTIEMBRE 2024'!G24 -> 1878346362 | I24: =+F24-H24 -> 1608434262 | L24: =+H174 -> 763287763 | M24: 0 | N24: diplomado
A25: 11110104 | B25: Ingeniería Sistemas Maicao | C25: 1809398409 | D25: 0 | E25: 0 | F25: =+C25+D25 -> 1809398409 | G25: 61625487 | H25: =+'AGOSTO 2024'!H25+'SEPTIEMBRE 2024'!G25 -> 9.3959654e+08 | I25: =+F25-H25 -> 8.6980187e+08
A26: 11110105 | B26: Ingeniería Civil | C26: 3647270898 | D26: 0 | E26: 0 | F26: =+C26+D26 -> 3647270898 | G26: 1.1229896e+08 | H26: =+'AGOSTO 2024'!H26+'SEPTIEMBRE 2024'!G26 -> 1942375117 | I26: =+F26-H26 -> 1704895781 | L26: =+H149+H154+H159+H171 -> 532603871 | M26: =+C149+C154+C159 -> 375939898 | N26: otros derechos academicos
A27: 11110106 | B27: Ingeniería Mecánica | C27: 1884466440 | D27: 0 | E27: 0 | F27: =+C27+D27 -> 1884466440 | G27: 49365775 | H27: =+'AGOSTO 2024'!H27+'SEPTIEMBRE 2024'!G27 -> 8.4618732e+08 | I27: =+F27-H27 -> 1038279119
A28: 11110107 | B28: Ingeniería Ambiental Fonseca | C28: 1242505345 | D28: 0 | E28: 0 | F28: =+C28+D28 -> 1242505345 | G28: 39394542 | H28: =+'AGOSTO 2024'!H28+'SEPTIEMBRE 2024'!G28 -> 6.7440475e+08 | I28: =+F28-H28 -> 5.681006e+08 | L28: =+H178+H179+H180 -> 1735154420 | M28: =+C176 -> 31640000000 | N28: Otras rentas propias
A29: 11110608 | B29: Tecnología en Gestión de Redes Informáticas Riohacha | C29: 994004284 | D29: 0 | E29: =+E30+E31+E32+E33+E34+E35+E36+E37+E38+E39+E40+E41+E42 -> 0 | F29: =+C29+D29 -> 994004284 | G29: 39558005 | H29: =+'AGOSTO 2024'!H29+'SEPTIEMBRE 2024'!G29 -> 3.6493312e+08 | I29: =+F29-H29 -> 6.2907117e+08
A30: 11110609 | B30: Tecnología en Gestión de Redes Informáticas Maicao | C30: 271798044 | D30: 0 | E30: 0 | F30: =+C30+D30 -> 271798044 | G30: 24355962 | H30: =+'AGOSTO 2024'!H30+'SEPTIEMBRE 2024'!G30 -> 84882041 | I30: =+F30-H30 -> 1.86916e+08 | L30: =+H184 -> 35922553326 | M30: =+C184 -> 58330090683 | N30: aporte ley 30 art 86
A31: 111102 | B31: Facultad de Ciencia de la Educacion. | C31: =SUM(C32:C36) -> 15510608389 | D31: =SUM(D32:D36) -> 0 | E31: 0 | F31: =SUM(F32:F36) -> 15510608389 | G31: =SUM(G32:G36) -> 5.0183089e+08 | H31: =SUM(H32:H36) -> 9041684097 | I31: =SUM(I32:I36) -> 6468924292
A32: 11110201 | B32: Lic en Educación Infantil Riohacha | C32: 3629151028 | D32: 0 | E32: 0 | F32: =+C32+D32 -> 3629151028 | G32: 1.2292405e+08 | H32: =+'AGOSTO 2024'!H32+'SEPTIEMBRE 2024'!G32 -> 2339265892 | I32: =+F32-H32 -> 1289885136 | L32: =+H185 -> 0 | M32: =+C185 -> 1721524593 | N32: aporte ley 30 art 87
A33: 11110202 | B33: Lic en Educación Infantil Maicao | C33: 3623973923 | D33: 0 | E33: 0 | F33: =+C33+D33 -> 3623973923 | G33: 1.0657776e+08 | H33: =+'AGOSTO 2024'!H33+'SEPTIEMBRE 2024'!G33 -> 1348930995 | I33: =+F33-H33 -> 2275042928
A34: 11110203 | B34: Lic en Etnoeducacion e Interculturalidad Riohacha | C34: 3616208264 | D34: 0 | E34: 0 | F34: =+C34+D34 -> 3616208264 | G34: 1.1867401e+08 | H34: =+'AGOSTO 2024'!H34+'SEPTIEMBRE 2024'!G34 -> 2706318010 | I34: =+F34-H34 -> 909890254 | L34: =+H188 -> 600000000 | M34: =+C188 -> 19161450403 | N34: Aportes Ley 30 del 92
A35: 11110204 | B35: Lic en Educación Física, Recreación y Deportes | C35: 3825881041 | D35: 0 | E35: 0 | F35: =+C35+D35 -> 3825881041 | G35: 1.3289528e+08 | H35: =+'AGOSTO 2024'!H35+'SEPTIEMBRE 2024'!G35 -> 2263486702 | I35: =+F35-H35 -> 1562394339
A36: 11110213 | B36: Lic en Música | C36: 815394133 | D36: 0 | E36: 0 | F36: =+C36+D36 -> 815394133 | G36: 20759779 | H36: =+'AGOSTO 2024'!H36+'SEPTIEMBRE 2024'!G36 -> 3.836825e+08 | I36: =+F36-H36 -> 4.3171164e+08 | L36: =+H196 -> 19346526942 | M36: =+C196 -> 50942388435 | N36: recursos de caapital
A37: 111103 | B37: Facultad de Ciencias Económicas y Administrativa. | C37: =SUM(C38:C56) -> 26555963195 | D37: =SUM(D38:D56) -> 0 | E37: 0 | F37: =SUM(F38:F56) -> 26555963195 | G37: =SUM(G38:G56) -> 829737327 | H37: =SUM(H38:H56) -> 12936514166 | I37: =SUM(I38:I56) -> 13619449029
A38: 11110301 | B38: Contaduria Publica | C38: 3963074340 | D38: 0 | E38: 0 | F38: =+C38+D38 -> 3963074340 | G38: 1.2668369e+08 | H38: =+'AGOSTO 2024'!H38+'SEPTIEMBRE 2024'!G38 -> 2111908222 | I38: =+F38-H38 -> 1851166118 | L38: =+H177+H194 -> 28061167345 | M38: =+C194 -> 18451441852 | N38: estampillas
A39: 11110302 | B39: Contaduría Pública Maicao | C39: 3080377834 | D39: 0 | E39: 0 | F39: =+C39+D39 -> 3080377834 | G39: 93664202 | H39: =+'AGOSTO 2024'!H39+'SEPTIEMBRE 2024'!G39 -> 1492298777 | I39: =+F39-H39 -> 1588079057
A40: 11110303 | B40: Contaduria Publica Villanueva | C40: 41416845 | D40: 0 | E40: 0 | F40: =+C40+D40 -> 41416845 | G40: 1471165.5 | H40: =+'AGOSTO 2024'!H40+'SEPTIEMBRE 2024'!G40 -> 1.1811067e+08 | I40: =+F40-H40 -> -76693825 | L40: =+H192 -> 2554138050 | M40: =+C191 -> 9000000000 | N40: estampilla pro u nacional
A41: 11110304 | B41: Administracion de Empresas Riohacha | C41: 4066616452 | D41: 0 | E41: 0 | F41: =+C41+D41 -> 4066616452 | G41: 1.3109719e+08 | H41: =+'AGOSTO 2024'!H41+'SEPTIEMBRE 2024'!G41 -> 2153382531 | I41: =+F41-H41 -> 1913233921
A42: 11110305 | B42: Administracion Turística y Hotelera | C42: 1584194315 | D42: 0 | E42: 0 | F42: =+C42+D42 -> 1584194315 | G42: 54269660 | H42: =+'AGOSTO 2024'!H42+'SEPTIEMBRE 2024'!G42 -> 9.1534463e+08 | I42: =+F42-H42 -> 6.6884968e+08 | L42: =+H186 -> 0 | M42: =+C186 -> 442529331 | N42: recusos por votacion
A43: 11110306 | B43: Negocios Internacionales | C43: 1944003154 | D43: =+D44+D45+D46+D47+D48+D49+D50+D51+D52+D53+D54 -> 0 | E43: =+E44+E45+E46+E47+E48+E49+E50+E51+E52+E53+E54 -> 0 | F43: =+C43+D43 -> 1944003154 | G43: 67346686 | H43: =+'AGOSTO 2024'!H43+'SEPTIEMBRE 2024'!G43 -> 1109908835 | I43: =+F43-H43 -> 8.3409432e+08
A44: 11110307 | B44: Economía | C44: 1664439452 | D44: =SUM(D45:D55) -> 0 | E44: =SUM(E45:E55) -> 0 | F44: =+C44+D44 -> 1664439452 | G44: 49365775 | H44: =+'AGOSTO 2024'!H44+'SEPTIEMBRE 2024'!G44 -> 7.7630745e+08 | I44: =+F44-H44 -> 8.88132e+08 | L44: =+H187 -> 1870989185 | M44: =+C187 -> 1400000000 | N44: fomento a la calidad COOPERATIVA
A45: 11110308 | B45: Negocios Internacionales Maicao | C45: 949998878 | D45: 0 | E45: 0 | F45: =+C45+D45 -> 949998878 | G45: 18634763 | H45: =+'AGOSTO 2024'!H45+'SEPTIEMBRE 2024'!G45 -> 3.8450781e+08 | I45: =+F45-H45 -> 5.6549107e+08
A46: 11110309 | B46: Administracion de Empresas Maicao | C46: 1801632750 | D46: 0 | E46: 0 | F46: =+C46+D46 -> 1801632750 | G46: 64077430 | H46: =+'AGOSTO 2024'!H46+'SEPTIEMBRE 2024'!G46 -> 1025925385 | I46: =+F46-H46 -> 7.7570736e+08 | L46: =+H206+H229 -> 5781603581 | N46: CONVENIOS
A47: 11110310 | B47: Administracion de Empresas Villanueva | C47: 1718799061 | D47: 0 | E47: 0 | F47: =+C47+D47 -> 1718799061 | G47: 44625353 | H47: =+'AGOSTO 2024'!H47+'SEPTIEMBRE 2024'!G47 -> 6.1757356e+08 | I47: =+F47-H47 -> 1101225500
A48: 11110311 | B48: Administración Pública | C48: 704086362 | D48: 0 | E48: 0 | F48: =+C48+D48 -> 704086362 | G48: 11115472 | H48: =+'AGOSTO 2024'!H48+'SEPTIEMBRE 2024'!G48 -> 1.7244165e+08 | I48: =+F48-H48 -> 5.3164471e+08 | L48: =SUM(L18:L47) -> 143998157958
A49: 11110312 | B49: Tecnica Profesional en Procesos Administrativos | C49: 1498772072 | D49: 0 | E49: 0 | F49: =+C49+D49 -> 1498772072 | G49: 22557871 | H49: =+'AGOSTO 2024'!H49+'SEPTIEMBRE 2024'!G49 -> 6.0589384e+08 | I49: =+F49-H49 -> 8.9287823e+08 | M49: =SUM(M17:M44) -> 288440975846 | N49: TOTAL DEL PRESUPUESTO
A50: 11110313 | B50: Tecnica Profesional en Operaciones Portuarias | C50: 797274263 | D50: 0 | E50: 0 | F50: =+C50+D50 -> 797274263 | G50: 34490657 | H50: =+'AGOSTO 2024'!H50+'SEPTIEMBRE 2024'!G50 -> 2.6982035e+08 | I50: =+F50-H50 -> 5.2745391e+08
A51: 11110314 | B51: Tecnología en Gestiòn naviera y Portuaria | C51: 512533455 | D51: 0 | E51: 0 | F51: =+C51+D51 -> 512533455 | G51: 19942465 | H51: =+'AGOSTO 2024'!H51+'SEPTIEMBRE 2024'!G51 -> 5.2224798e+08 | I51: =+F51-H51 -> -9714525.1 | L51: 1.6507712e+11
A52: 11110315 | B52: Tecnología en Gestión Pública | C52: 481470821 | D52: 0 | E52: 0 | F52: =+C52+D52 -> 481470821 | G52: 15202043 | H52: =+'AGOSTO 2024'!H52+'SEPTIEMBRE 2024'!G52 -> 1.9191535e+08 | I52: =+F52-H52 -> 2.8955547e+08
A53: 11110316 | B53: Tecnología en Gestión de Comercio Internacional Riohacha | C53: 465939504 | D53: 0 | E53: 0 | F53: =+C53+D53 -> 465939504 | G53: 23702110 | H53: =+'AGOSTO 2024'!H53+'SEPTIEMBRE 2024'!G53 -> 98380413 | I53: =+F53-H53 -> 3.6755909e+08 | L53: =+H233-L48 -> 0
A54: 11110317 | B54: Tecnología en Gestión de Comercio Internacional Fonseca | C54: 297683572 | D54: 0 | E54: 0 | F54: =+C54+D54 -> 297683572 | G54: 19125151 | H54: =+'AGOSTO 2024'!H54+'SEPTIEMBRE 2024'!G54 -> 31105789 | I54: =+F54-H54 -> 2.6657778e+08
A55: 11110318 | B55: Tecnología en Gestión de Comercio Internacional V/Nueva | C55: 711852021 | D55: =+D56+D57+D58+D59+D60+D61 -> 0 | E55: 0 | F55: =+C55+D55 -> 711852021 | G55: 20432854 | H55: =+'AGOSTO 2024'!H55+'SEPTIEMBRE 2024'!G55 -> 2.3710483e+08 | I55: =+F55-H55 -> 4.7474719e+08
A56: 11110319 | B56: Tecnología en Gestión de Comercio Internacional Maicao | C56: 271798044 | D56: =SUM(D57:D62) -> 0 | E56: 0 | F56: =+C56+D56 -> 271798044 | G56: 11932787 | H56: =+'AGOSTO 2024'!H56+'SEPTIEMBRE 2024'!G56 -> 1.0233609e+08 | I56: =+F56-H56 -> 1.6946196e+08
A57: 111104 | B57: Facultad de Ciencias Humanas | C57: =SUM(C58:C63) -> 22059646978 | D57: =SUM(D58:D63) -> 0 | E57: 0 | F57: =SUM(F58:F63) -> 22059646978 | G57: =SUM(G58:G63) -> 7.1498642e+08 | H57: =SUM(H58:H63) -> 13075912258 | I57: =SUM(I58:I63) -> 8983734720
A58: 11110401 | B58: Derecho | C58: 4051085135 | D58: =SUM(D59:D63) -> 0 | E58: 0 | F58: =+C58+D58 -> 4051085135 | G58: 1.350203e+08 | H58: =+'AGOSTO 2024'!H58+'SEPTIEMBRE 2024'!G58 -> 2389683323 | I58: =+F58-H58 -> 1661401812
A59: 11110402 | B59: Trabajo Social Riohacha | C59: 4742228733 | D59: =SUM(D60:D63) -> 0 | E59: 0 | F59: =+C59+D59 -> 4742228733 | G59: 1.5316467e+08 | H59: =+'AGOSTO 2024'!H59+'SEPTIEMBRE 2024'!G59 -> 3279188539 | I59: =+F59-H59 -> 1463040194
A60: 11110403 | B60: Trabajo Social Fonseca | C60: 2472067926 | D60: =SUM(D61:D63) -> 0 | E60: 0 | F60: =+C60+D60 -> 2472067926 | G60: 80587175 | H60: =+'AGOSTO 2024'!H60+'SEPTIEMBRE 2024'!G60 -> 1543892408 | I60: =+F60-H60 -> 9.2817552e+08
A61: 11110404 | B61: Trabajo Social Villanueva | C61: 2301223441 | D61: =SUM(D62:D64) -> 0 | E61: 0 | F61: =+C61+D61 -> 2301223441 | G61: 71433257 | H61: =+'AGOSTO 2024'!H61+'SEPTIEMBRE 2024'!G61 -> 1118569930 | I61: =+F61-H61 -> 1182653511
A62: 11110405 | B62: Trabajo Social Maicao | C62: 3994136973 | D62: =+D63 | E62: 0 | F62: =+C62+D62 -> 3994136973 | G62: 1.3077026e+08 | H62: =+'AGOSTO 2024'!H62+'SEPTIEMBRE 2024'!G62 -> 2005775920 | I62: =+F62-H62 -> 1988361053
A63: 11110406 | B63: Psicología | C63: 4498904770 | E63: 0 | F63: =+C63+D63 -> 4498904770 | G63: 1.4401076e+08 | H63: =+'AGOSTO 2024'!H63+'SEPTIEMBRE 2024'!G63 -> 2738802138 | I63: =+F63-H63 -> 1760102632
A64: 111105 | B64: Facultad de Ciencias de la Salud | C64: =SUM(C65:C67) -> 820571238 | D64: =SUM(D65:D67) -> 0 | E64: 0 | F64: =SUM(F65:F67) -> 820571238 | G64: =SUM(G65:G67) -> 20505928 | H64: =SUM(H65:H67) -> 2.2883599e+08 | I64: =SUM(I65:I67) -> 5.9173525e+08
A65: 11110501 | B65: Seguridad y Salud en el trabajo | C65: 90599348 | D65: 0 | E65: 0 | F65: =+C65+D65 -> 90599348 | G65: 0 | H65: =+'AGOSTO 2024'!H65+'SEPTIEMBRE 2024'!G65 -> 470650 | I65: =+F65-H65 -> 90128698
A66: 11110502 | B66: Enfermeria | C66: 364985945 | D66: 0 | E66: 0 | F66: =+C66+D66 -> 364985945 | G66: 10298158 | H66: =+'AGOSTO 2024'!H66+'SEPTIEMBRE 2024'!G66 -> 1.0586224e+08 | I66: =+F66-H66 -> 2.591237e+08
A67: 11110503 | B67: Nutricion | C67: 364985945 | D67: 0 | E67: 0 | F67: =+C67+D67 -> 364985945 | G67: 10207770 | H67: =+'AGOSTO 2024'!H67+'SEPTIEMBRE 2024'!G67 -> 1.225031e+08 | I67: =+F67-H67 -> 2.4248285e+08
A68: 111106 | B68: Facultad de Ciencias Basicas | C68: =SUM(C69) -> 2000951316 | D68: =SUM(D69) -> 0 | E68: 0 | F68: =SUM(F69) -> 2000951316 | G68: =+G69 -> 63913967 | H68: =+H69 -> 9.6926941e+08 | I68: =SUM(I69) -> 1031681911
A69: 11110601 | B69: Biología | C69: 2000951316 | D69: 0 | E69: 0 | F69: =+C69+D69 -> 2000951316 | G69: 63913967 | H69: =+'AGOSTO 2024'!H69+'SEPTIEMBRE 2024'!G69 -> 9.6926941e+08 | I69: =+F69-H69 -> 1031681911
A70: 1112 | B70: Matricula Postgrado. | C70: =+C71+C74 -> 4287584732 | D70: =+D71+D74 -> 0 | E70: 0 | F70: =+F71+F74 -> 4287584732 | G70: =+G71+G74 -> 68107369 | H70: =+H71+H74 -> 974367237 | I70: =+I71+I74 -> 3313217495
A71: 111201 | B71: Especializaciones | C71: =SUM(C72:C73) -> 404755529 | D71: =SUM(D72:D73) -> 0 | E71: =SUM(E72:E73) -> 0 | F71: =SUM(F72:F73) -> 404755529 | G71: =SUM(G72:G73) -> 25662369 | H71: =SUM(H72:H73) -> 138904359 | I71: =SUM(I72:I73) -> 265851170
A72: 11130103 | B72: Gerencia de Construcciones | C72: 131780870 | E72: =SUM(E73:E74) -> 0 | F72: =+C72+D72 -> 131780870 | G72: 0 | H72: =+'AGOSTO 2024'!H72+'SEPTIEMBRE 2024'!G72 -> 0 | I72: =+F72-H72 -> 131780870
A73: 11130104 | B73: En Resolución de Conflictos | C73: 272974659 | D73: 0 | E73: 0 | F73: =+C73+D73 -> 272974659 | G73: 25662369 | H73: =+'AGOSTO 2024'!H73+'SEPTIEMBRE 2024'!G73 -> 138904359 | I73: =+F73-H73 -> 134070300
A74: 111302 | B74: Maestrías | C74: =SUM(C75:C85) -> 3882829203 | D74: =SUM(D75:D85) -> 0 | E74: 0 | F74: =SUM(F75:F85) -> 3882829203 | G74: =SUM(G75:G85) -> 42445000 | H74: =SUM(H75:H85) -> 835462878 | I74: =SUM(I75:I85) -> 3047366325
A75: 11130101 | B75: Maestria en Gestión y Gerencia educativa | C75: 374163541 | D75: 0 | E75: 0 | F75: =+C75+D75 -> 374163541 | G75: 0 | H75: =+'AGOSTO 2024'!H75+'SEPTIEMBRE 2024'!G75 -> 127812349 | I75: =+F75-H75 -> 246351192
A76: 11130102 | B76: Maestría en Finanzas | C76: 289447268 | F76: =+C76+D76 -> 289447268 | G76: 10271700 | H76: =+'AGOSTO 2024'!H76+'SEPTIEMBRE 2024'!G76 -> 91458825 | I76: =+F76-H76 -> 197988443
A77: 11130103 | B77: Maestría en Gestión y Desarrollo Sostenible | C77: 296506957 | D77: 0 | E77: 0 | F77: =+C77+D77 -> 296506957 | G77: 0 | H77: =+'AGOSTO 2024'!H77+'SEPTIEMBRE 2024'!G77 -> 0 | I77: =+F77-H77 -> 296506957 | L77: =+G81+G84+G87+G141+G143+G144+G145+G146+G165+G166+G167+G169+G178+G183+G201+G203 -> 7764856650
A78: 11130104 | B78: Maestría TICs | C78: 317686026 | D78: 0 | E78: 0 | F78: =+C78+D78 -> 317686026 | G78: 702000 | H78: =+'AGOSTO 2024'!H78+'SEPTIEMBRE 2024'!G78 -> 85839300 | I78: =+F78-H78 -> 231846726
A79: 11130105 | B79: Maestría en Administración de Empresas | C79: 367103852 | D79: 0 | E79: 0 | F79: =+C79+D79 -> 367103852 | G79: 14119500 | H79: =+'AGOSTO 2024'!H79+'SEPTIEMBRE 2024'!G79 -> 76509550 | I79: =+F79-H79 -> 290594302
A80: 11130106 | B80: Maestría en Ciencias Sociales | C80: 423581368 | D80: 0 | E80: 0 | F80: =+C80+D80 -> 423581368 | G80: 0 | H80: =+'AGOSTO 2024'!H80+'SEPTIEMBRE 2024'!G80 -> 112750150 | I80: =+F80-H80 -> 310831218
A81: 11130107 | B81: Maestrá en Desarrollo de procesos comunicativos en educación: Lecto - Escritura | C81: 472999194 | D81: 0 | E81: 0 | F81: =+C81+D81 -> 472999194 | G81: 1500000 | H81: =+'AGOSTO 2024'!H81+'SEPTIEMBRE 2024'!G81 -> 71273600 | I81: =+F81-H81 -> 401725594
A82: 11130108 | B82: Maestría en Familia e Intervención Familiar | C82: 388282920 | D82: 0 | E82: 0 | F82: =+C82+D82 -> 388282920 | G82: 8792050 | H82: =+'AGOSTO 2024'!H82+'SEPTIEMBRE 2024'!G82 -> 141824229 | I82: =+F82-H82 -> 246458691
A83: 11130109 | B83: Maestría en Gestión de la Tecología y la Innovación | C83: 331805405 | D83: 0 | E83: 0 | F83: =+C83+D83 -> 331805405 | G83: 0 | H83: =+'AGOSTO 2024'!H83+'SEPTIEMBRE 2024'!G83 -> 54360075 | I83: =+F83-H83 -> 277445330
A84: 11130110 | B84: Maestría en Gestión frente al camboio climatico | C84: 296506957 | D84: 0 | E84: 0 | F84: =+C84+D84 -> 296506957 | G84: 7059750 | H84: =+'AGOSTO 2024'!H84+'SEPTIEMBRE 2024'!G84 -> 36280950 | I84: =+F84-H84 -> 260226007
A85: 11130111 | B85: Maestría en Gerencia Estrategica de Mercadeo | C85: 324745715 | D85: 0 | E85: 0 | F85: =+C85+D85 -> 324745715 | G85: 0 | H85: =+'AGOSTO 2024'!H85+'SEPTIEMBRE 2024'!G85 -> 37353850 | I85: =+F85-H85 -> 287391865
A86: 1114 | B86: Formularios e Inscripciones - Pregrado | C86: =+C87+C96+C102+C121+C132+C128 -> 1089768010 | D86: =+D87+D96+D102+D121+D132+D128 -> 0 | E86: =+E87+E88+E89+E90+E91+E92+E93+E94+E95+E96+E97 -> 0 | F86: =+F87+F96+F102+F121+F132+F128 -> 1089768010 | G86: =+G87+G96+G102+G121+G132+G128 -> 0 | H86: =+H87+H96+H102+H121+H132+H128 -> 240181610 | I86: =+I87+I96+I102+I121+I132+I128 -> 849586400
A87: 111301 | B87: Facultad de Ingeniería. | C87: =SUM(C88:C95) -> 211673023 | D87: =SUM(D88:D95) -> 0 | E87: =SUM(E88:E89) -> 0 | F87: =SUM(F88:F95) -> 211673023 | G87: =SUM(G88:G95) -> 0 | H87: =SUM(H88:H95) -> 50244375 | I87: =SUM(I88:I95) -> 161428648
A88: 11130101 | B88: Ingeniería Industrial | C88: 38592969 | D88: 0 | E88: =SUM(E89:E90) -> 0 | F88: =+C88+D88 -> 38592969 | G88: 0 | H88: =+'AGOSTO 2024'!H88+'SEPTIEMBRE 2024'!G88 -> 6824828 | I88: =+F88-H88 -> 31768141
A89: 11130102 | B89: Ingeniería Ambiental Riohacha | C89: 28944727 | D89: 0 | E89: =SUM(E90:E91) -> 0 | F89: =+C89+D89 -> 28944727 | G89: 0 | H89: =+'AGOSTO 2024'!H89+'SEPTIEMBRE 2024'!G89 -> 8237821 | I89: =+F89-H89 -> 20706906
A90: 11130103 | B90: Ingeniería Sistemas | C90: 38592969 | D90: 0 | E90: =SUM(E91:E92) -> 0 | F90: =+C90+D90 -> 38592969 | G90: 0 | H90: =+'AGOSTO 2024'!H90+'SEPTIEMBRE 2024'!G90 -> 10942663 | I90: =+F90-H90 -> 27650306
A91: 11130104 | B91: Ingeniería Sistemas Maicao | C91: 19531808 | D91: 0 | E91: =SUM(E92:E93) -> 0 | F91: =+C91+D91 -> 19531808 | G91: 0 | H91: =+'AGOSTO 2024'!H91+'SEPTIEMBRE 2024'!G91 -> 8471847 | I91: =+F91-H91 -> 11059961
A92: 11130105 | B92: Ingeniería Civil | C92: 40004907 | D92: 0 | E92: =SUM(E93:E94) -> 0 | F92: =+C92+D92 -> 40004907 | G92: 0 | H92: =+'AGOSTO 2024'!H92+'SEPTIEMBRE 2024'!G92 -> 11060659 | I92: =+F92-H92 -> 28944248
A93: 11130106 | B93: Ingeniería Mecánica | C93: 27768112 | D93: 0 | E93: 0 | F93: =+C93+D93 -> 27768112 | G93: 0 | H93: =+'AGOSTO 2024'!H93+'SEPTIEMBRE 2024'!G93 -> 2588586 | I93: =+F93-H93 -> 25179526
A94: 11130605 | B94: Tecnología en Gestión de Redes Informáticas Riohacha | C94: 10001227 | D94: 0 | E94: 0 | F94: =+C94+D94 -> 10001227 | G94: 0 | H94: =+'AGOSTO 2024'!H94+'SEPTIEMBRE 2024'!G94 -> 1294293 | I94: =+F94-H94 -> 8706934
A95: 11130606 | B95: Tecnología en Gestión de Redes Informáticas Maicao | C95: 8236304 | D95: 0 | E95: 0 | F95: =+C95+D95 -> 8236304 | G95: 0 | H95: =+'AGOSTO 2024'!H95+'SEPTIEMBRE 2024'!G95 -> 823678 | I95: =+F95-H95 -> 7412626
A96: 111302 | B96: Facultad de Ciencia de la Educación. | C96: =SUM(C97:C101) -> 143782341 | D96: =SUM(D97:D101) -> 0 | E96: 0 | F96: =SUM(F97:F101) -> 143782341 | G96: =SUM(G97:G101) -> 0 | H96: =SUM(H97:H101) -> 37184104 | I96: =SUM(I97:I101) -> 106598237
A97: 11130201 | B97: Lic en Pedagogía Infantil Riohacha | C97: 38592969 | D97: 0 | E97: 0 | F97: =+C97+D97 -> 38592969 | G97: 0 | H97: =+'AGOSTO 2024'!H97+'SEPTIEMBRE 2024'!G97 -> 8942462 | I97: =+F97-H97 -> 29650507
A98: 11130203 | B98: Lic en Pedagogía Infantil Maicao | C98: 38592969 | D98: 0 | E98: 0 | F98: =+C98+D98 -> 38592969 | G98: 0 | H98: =+'AGOSTO 2024'!H98+'SEPTIEMBRE 2024'!G98 -> 6706902 | I98: =+F98-H98 -> 31886067
A99: 11130205 | B99: Lic en Etnoeducacion e Interculturalidad Riohacha | C99: 38122323 | D99: 0 | E99: 0 | F99: =+C99+D99 -> 38122323 | G99: 0 | H99: =+'AGOSTO 2024'!H99+'SEPTIEMBRE 2024'!G99 -> 12001663 | I99: =+F99-H99 -> 26120660
A100: 11130206 | B100: Lic en Educación Física, Recreación y Deportes | C100: 19767130 | D100: 0 | E100: 0 | F100: =+C100+D100 -> 19767130 | G100: 0 | H100: =+'AGOSTO 2024'!H100+'SEPTIEMBRE 2024'!G100 -> 8942425 | I100: =+F100-H100 -> 10824705
A101: 11130207 | B101: Lic en Música | C101: 8706950 | D101: 0 | E101: 0 | F101: =+C101+D101 -> 8706950 | G101: 0 | H101: =+'AGOSTO 2024'!H101+'SEPTIEMBRE 2024'!G101 -> 590652 | I101: =+F101-H101 -> 8116298
A102: 111303 | B102: Facultad de Ciencias Económicas y Administrativa. | C102: =SUM(C103:C120) -> 521345348 | D102: =SUM(D103:D120) -> 0 | E102: 0 | F102: =SUM(F103:F120) -> 521345348 | G102: =SUM(G103:G120) -> 0 | H102: =SUM(H103:H120) -> 43182480 | I102: =SUM(I103:I120) -> 478162868
A103: 11130301 | B103: Contaduría Publica | C103: 40004907 | D103: 0 | E103: 0 | F103: =+C103+D103 -> 40004907 | G103: 0 | H103: =+'AGOSTO 2024'!H103+'SEPTIEMBRE 2024'!G103 -> 8119084 | I103: =+F103-H103 -> 31885823
A104: 11130302 | B104: Contaduría Pública Maicao | C104: 38122323 | D104: 0 | E104: 0 | F104: =+C104+D104 -> 38122323 | G104: 0 | H104: =+'AGOSTO 2024'!H104+'SEPTIEMBRE 2024'!G104 -> 6118476 | I104: =+F104-H104 -> 32003847
A105: 11130303 | B105: Administración de Empresas Riohacha | C105: 40004907 | D105: 0 | E105: 0 | F105: =+C105+D105 -> 40004907 | G105: 0 | H105: =+'AGOSTO 2024'!H105+'SEPTIEMBRE 2024'!G105 -> 9766477 | I105: =+F105-H105 -> 30238430
...

Sheet OCTUBRE 2024
E2: Tesorería
E6: ENTIDAD:UNIVERSIDAD DE LA GUAJIRA
E7: NIT No:892115029-4
E8: NOMBRE DEL REPRESENTANTE LEGAL:CARLOS A. ROBLES JULIO
A9: INFORME EJECUCION PRESUPUESTAL DE INGRESOS | E9: CIUDAD, DIRECCION Y TELEFONOS:R/CHA, KM 5 VIA M/CAO, 7282729
E10: VIGENCIA FISCAL:2024
E11: PERIODO DE RENDICION DE: OCTUBRE 01 A: OCTUBRE 31
E12: HOJA ______ DE _______
A14: CODIGO | B14: DESCRIPCION | C14: PRESUPUESTO | D14: MODIFICACIONES | F14: PRESUPUESTO | G14: RECAUDOS | I14: SALDOS
C15: INICIAL | D15: (2) | F15: DEFINITIVO | G15: DEL MES | H15: ACUMULADO
C16: (1) | D16: ADICIONES | E16: REDUCCION | F16: (3=1+/-2) | G16: 4 | H16: (5=4+5A) | I16: (6=3-5)
A17: 1 | B17: INGRESOS CORRIENTES. | C17: =+C18 -> 128991550549 | D17: =+D18 -> 0 | E17: 0 | F17: =+F18+F181 -> 259161407454 | G17: =+G18 -> 33907447512 | H17: =+H18 -> 99956048072 | I17: =+F17+G17-H17 -> 193112806895
A18: 11 | B18: RENTAS PROPIAS. | C18: =C19+C168+C176 -> 128991550549 | D18: =D19+D168+D176 -> 0 | E18: 0 | F18: =F19+F168+F176 -> 128991550549 | G18: =G19+G168+G176 -> 33907447512 | H18: =H19+H168+H176 -> 99956048072 | I18: =I19+I168+I176 -> 29035502477 | L18: =+H170 -> 44148000 | M18: =+C168 -> 6011760000 | N18: venta de bienes y servicios
A19: 111 | B19: DERECHOS ACADEMICOS. | C19: =C20+C70+C86+C134+C149+C154+C159 -> 91339790549 | D19: =D20+D70+D86+D134+D149+D154+D159 -> 0 | E19: 0 | F19: =F20+F70+F86+F134+F149+F154+F159 -> 91339790549 | G19: =G20+G70+G86+G134+G149+G154+G159 -> 25593650021 | H19: =H20+H70+H86+H134+H149+H154+H159 -> 72763011916 | I19: =I20+I70+I86+I134+I149+I154+I159 -> 18576778633
A20: 1111 | B20: Matricula-pregrado. | C20: =+C21+C31+C37+C57+C64+C68 -> 85494721951 | D20: =+D21+D31+D37+D57+D64+D68 -> 0 | E20: 0 | F20: =+F21+F31+F37+F57+F64+F68 -> 85494721951 | G20: =+G21+G31+G37+G57+G64+G68 -> 24709914477 | H20: =+H21+H31+H37+H57+H64+H68 -> 70255708554 | I20: =+I21+I31+I37+I57+I64+I68 -> 15239013397 | L20: =+H20+H86 -> 71053800291 | M20: =+C20+C86 -> 86584489961 | N20: matricula pregrado e iscripcion pregrado
A21: 111101 | B21: Facultad de Ingeniería. | C21: =SUM(C22:C30) -> 18546980835 | D21: =SUM(D22:D30) -> 0 | E21: =+E22+E23+E24+E25+E26+E27+E28 -> 0 | F21: =SUM(F22:F30) -> 18546980835 | G21: =SUM(G22:G30) -> 5308110603 | H21: =SUM(H22:H30) -> 14601688766 | I21: =SUM(I22:I30) -> 3945292069
A22: 11110101 | B22: Ingeniería Industrial | C22: 3194274158 | D22: 0 | E22: 0 | F22: =+C22+D22 -> 3194274158 | G22: 866039089 | H22: =+'SEPTIEMBRE 2024'!H22+'OCTUBRE 2024'!G22 -> 2418196432 | I22: =+F22-H22 -> 7.7607773e+08 | L22: =+H70+H134 -> 1040269788 | M22: =+C70+C134 -> 4379360690 | N22: maricula postgrado e inscripciones postgrado
A23: 11110102 | B23: Ingeniería Ambiental Riohacha | C23: 2016482633 | D23: 0 | E23: 0 | F23: =+C23+D23 -> 2016482633 | G23: =28267469+548394950 -> 576662419 | H23: =+'SEPTIEMBRE 2024'!H23+'OCTUBRE 2024'!G23 -> 1587357997 | I23: =+F23-H23 -> 4.2912464e+08
A24: 11110103 | B24: Ingeniería Sistemas | C24: 3486780624 | D24: 0 | E24: 0 | F24: =+C24+D24 -> 3486780624 | G24: 1013093768 | H24: =+'SEPTIEMBRE 2024'!H24+'OCTUBRE 2024'!G24 -> 2891440130 | I24: =+F24-H24 -> 5.9534049e+08 | L24: =+H174 -> 814111060 | M24: 0 | N24: diplomado
A25: 11110104 | B25: Ingeniería Sistemas Maicao | C25: 1809398409 | D25: 0 | E25: 0 | F25: =+C25+D25 -> 1809398409 | G25: 578255216 | H25: =+'SEPTIEMBRE 2024'!H25+'OCTUBRE 2024'!G25 -> 1517851753 | I25: =+F25-H25 -> 2.9154666e+08
A26: 11110105 | B26: Ingeniería Civil | C26: 3647270898 | D26: 0 | E26: 0 | F26: =+C26+D26 -> 3647270898 | G26: =80757669+949739089 -> 1030496758 | H26: =+'SEPTIEMBRE 2024'!H26+'OCTUBRE 2024'!G26 -> 2972871875 | I26: =+F26-H26 -> 6.7439902e+08 | L26: =+H149+H154+H159+H171 -> 818169288 | M26: =+C149+C154+C159 -> 375939898 | N26: otros derechos academicos
A27: 11110106 | B27: Ingeniería Mecánica | C27: 1884466440 | D27: 0 | E27: 0 | F27: =+C27+D27 -> 1884466440 | G27: 3.7850891e+08 | H27: =+'SEPTIEMBRE 2024'!H27+'OCTUBRE 2024'!G27 -> 1224696229 | I27: =+F27-H27 -> 659770211
A28: 11110107 | B28: Ingeniería Ambiental Fonseca | C28: 1242505345 | D28: 0 | E28: 0 | F28: =+C28+D28 -> 1242505345 | G28: 2.8937667e+08 | H28: =+'SEPTIEMBRE 2024'!H28+'OCTUBRE 2024'!G28 -> 9.6378142e+08 | I28: =+F28-H28 -> 2.7872393e+08 | L28: =+H178+H179+H180 -> 3072253180 | M28: =+C176 -> 31640000000 | N28: Otras rentas propias
A29: 11110608 | B29: Tecnología en Gestión de Redes Informáticas Riohacha | C29: 994004284 | D29: 0 | E29: =+E30+E31+E32+E33+E34+E35+E36+E37+E38+E39+E40+E41+E42 -> 0 | F29: =+C29+D29 -> 994004284 | G29: =352058162+36288748 -> 388346910 | H29: =+'SEPTIEMBRE 2024'!H29+'OCTUBRE 2024'!G29 -> 7.5328003e+08 | I29: =+F29-H29 -> 2.4072426e+08
A30: 11110609 | B30: Tecnología en Gestión de Redes Informáticas Maicao | C30: 271798044 | D30: 0 | E30: 0 | F30: =+C30+D30 -> 271798044 | G30: =170821120+16509746 -> 187330866 | H30: =+'SEPTIEMBRE 2024'!H30+'OCTUBRE 2024'!G30 -> 2.7221291e+08 | I30: =+F30-H30 -> -414863.45 | L30: =+H184 -> 41812052685 | M30: =+C184 -> 58330090683 | N30: aporte ley 30 art 86
A31: 111102 | B31: Facultad de Ciencia de la Educacion. | C31: =SUM(C32:C36) -> 15510608389 | D31: =SUM(D32:D36) -> 0 | E31: 0 | F31: =SUM(F32:F36) -> 15510608389 | G31: =SUM(G32:G36) -> 5009273635 | H31: =SUM(H32:H36) -> 14050957731 | I31: =SUM(I32:I36) -> 1459650658
A32: 11110201 | B32: Lic en Educación Infantil Riohacha | C32: 3629151028 | D32: 0 | E32: 0 | F32: =+C32+D32 -> 3629151028 | G32: =1174114851+4656757 -> 1178771608 | H32: =+'SEPTIEMBRE 2024'!H32+'OCTUBRE 2024'!G32 -> 3518037500 | I32: =+F32-H32 -> 111113528 | L32: =+H185 -> 0 | M32: =+C185 -> 1721524593 | N32: aporte ley 30 art 87
A33: 11110202 | B33: Lic en Educación Infantil Maicao | C33: 3623973923 | D33: 0 | E33: 0 | F33: =+C33+D33 -> 3623973923 | G33: =1063534881+8986589 -> 1072521470 | H33: =+'SEPTIEMBRE 2024'!H33+'OCTUBRE 2024'!G33 -> 2421452465 | I33: =+F33-H33 -> 1202521458
A34: 11110203 | B34: Lic en Etnoeducacion e Interculturalidad Riohacha | C34: 3616208264 | D34: 0 | E34: 0 | F34: =+C34+D34 -> 3616208264 | G34: =22793398+6903404+2410110+1255930186 -> 1288037098 | H34: =+'SEPTIEMBRE 2024'!H34+'OCTUBRE 2024'!G34 -> 3994355108 | I34: =+F34-H34 -> -378146844 | L34: =+H188 -> 600000000 | M34: =+C188 -> 19161450403 | N34: Aportes Ley 30 del 92
A35: 11110204 | B35: Lic en Educación Física, Recreación y Deportes | C35: 3825881041 | D35: 0 | E35: 0 | F35: =+C35+D35 -> 3825881041 | G35: 1.2783626e+09 | H35: =+'SEPTIEMBRE 2024'!H35+'OCTUBRE 2024'!G35 -> 3541849261 | I35: =+F35-H35 -> 2.8403178e+08
A36: 11110213 | B36: Lic en Música | C36: 815394133 | D36: 0 | E36: 0 | F36: =+C36+D36 -> 815394133 | G36: 1.915809e+08 | H36: =+'SEPTIEMBRE 2024'!H36+'OCTUBRE 2024'!G36 -> 5.752634e+08 | I36: =+F36-H36 -> 2.4013074e+08 | L36: =+H196 -> 19374521681 | M36: =+C196 -> 50942388435 | N36: recursos de caapital
A37: 111103 | B37: Facultad de Ciencias Económicas y Administrativa. | C37: =SUM(C38:C56) -> 26555963195 | D37: =SUM(D38:D56) -> 0 | E37: 0 | F37: =SUM(F38:F56) -> 26555963195 | G37: =SUM(G38:G56) -> 7445930930 | H37: =SUM(H38:H56) -> 20382445097 | I37: =SUM(I38:I56) -> 6173518098
A38: 11110301 | B38: Contaduria Publica | C38: 3963074340 | D38: 0 | E38: 0 | F38: =+C38+D38 -> 3963074340 | G38: 1.0849485e+09 | H38: =+'SEPTIEMBRE 2024'!H38+'OCTUBRE 2024'!G38 -> 3196856734 | I38: =+F38-H38 -> 7.6621761e+08 | L38: =+H177+H194 -> 39136873226 | M38: =+C194 -> 18451441852 | N38: estampillas
A39: 11110302 | B39: Contaduría Pública Maicao | C39: 3080377834 | D39: 0 | E39: 0 | F39: =+C39+D39 -> 3080377834 | G39: 8.4986013e+08 | H39: =+'SEPTIEMBRE 2024'!H39+'OCTUBRE 2024'!G39 -> 2342158912 | I39: =+F39-H39 -> 7.3821892e+08
A40: 11110303 | B40: Contaduria Publica Villanueva | C40: 41416845 | D40: 0 | E40: 0 | F40: =+C40+D40 -> 41416845 | G40: 20219825 | H40: =+'SEPTIEMBRE 2024'!H40+'OCTUBRE 2024'!G40 -> 1.383305e+08 | I40: =+F40-H40 -> -96913650 | L40: =+H192 -> 2554138050 | M40: =+C191 -> 9000000000 | N40: estampilla pro u nacional
A41: 11110304 | B41: Administracion de Empresas Riohacha | C41: 4066616452 | D41: 0 | E41: 0 | F41: =+C41+D41 -> 4066616452 | G41: 1.145608e+09 | H41: =+'SEPTIEMBRE 2024'!H41+'OCTUBRE 2024'!G41 -> 3298990518 | I41: =+F41-H41 -> 7.6762593e+08
A42: 11110305 | B42: Administracion Turística y Hotelera | C42: 1584194315 | D42: 0 | E42: 0 | F42: =+C42+D42 -> 1584194315 | G42: 4.9173838e+08 | H42: =+'SEPTIEMBRE 2024'!H42+'OCTUBRE 2024'!G42 -> 1407083012 | I42: =+F42-H42 -> 1.771113e+08 | L42: =+H186 -> 0 | M42: =+C186 -> 442529331 | N42: recusos por votacion
A43: 11110306 | B43: Negocios Internacionales | C43: 1944003154 | D43: =+D44+D45+D46+D47+D48+D49+D50+D51+D52+D53+D54 -> 0 | E43: =+E44+E45+E46+E47+E48+E49+E50+E51+E52+E53+E54 -> 0 | F43: =+C43+D43 -> 1944003154 | G43: 5.9230915e+08 | H43: =+'SEPTIEMBRE 2024'!H43+'OCTUBRE 2024'!G43 -> 1702217987 | I43: =+F43-H43 -> 2.4178517e+08
A44: 11110307 | B44: Economía | C44: 1664439452 | D44: =SUM(D45:D55) -> 0 | E44: =SUM(E45:E55) -> 0 | F44: =+C44+D44 -> 1664439452 | G44: 4.1183986e+08 | H44: =+'SEPTIEMBRE 2024'!H44+'OCTUBRE 2024'!G44 -> 1188147305 | I44: =+F44-H44 -> 4.7629215e+08 | L44: =+H187 -> 1870989185 | M44: =+C187 -> 1400000000 | N44: fomento a la calidad COOPERATIVA
A45: 11110308 | B45: Negocios Internacionales Maicao | C45: 949998878 | D45: 0 | E45: 0 | F45: =+C45+D45 -> 949998878 | G45: 1.4779219e+08 | H45: =+'SEPTIEMBRE 2024'!H45+'OCTUBRE 2024'!G45 -> 5.3230001e+08 | I45: =+F45-H45 -> 4.1769887e+08
A46: 11110309 | B46: Administracion de Empresas Maicao | C46: 1801632750 | D46: 0 | E46: 0 | F46: =+C46+D46 -> 1801632750 | G46: 5.9320625e+08 | H46: =+'SEPTIEMBRE 2024'!H46+'OCTUBRE 2024'!G46 -> 1619131635 | I46: =+F46-H46 -> 1.8250111e+08 | L46: =+H206+H229 -> 5781603581 | N46: CONVENIOS
A47: 11110310 | B47: Administracion de Empresas Villanueva | C47: 1718799061 | D47: 0 | E47: 0 | F47: =+C47+D47 -> 1718799061 | G47: 3.5293664e+08 | H47: =+'SEPTIEMBRE 2024'!H47+'OCTUBRE 2024'!G47 -> 9.705102e+08 | I47: =+F47-H47 -> 7.4828886e+08
A48: 11110311 | B48: Administración Pública | C48: 704086362 | D48: 0 | E48: 0 | F48: =+C48+D48 -> 704086362 | G48: 73611004 | H48: =+'SEPTIEMBRE 2024'!H48+'OCTUBRE 2024'!G48 -> 2.4605265e+08 | I48: =+F48-H48 -> 4.5803371e+08 | L48: =SUM(L18:L47) -> 187972930015
A49: 11110312 | B49: Tecnica Profesional en Procesos Administrativos | C49: 1498772072 | D49: 0 | E49: 0 | F49: =+C49+D49 -> 1498772072 | G49: 2.7462318e+08 | H49: =+'SEPTIEMBRE 2024'!H49+'OCTUBRE 2024'!G49 -> 8.8051702e+08 | I49: =+F49-H49 -> 6.1825505e+08 | M49: =SUM(M17:M44) -> 288440975846 | N49: TOTAL DEL PRESUPUESTO
A50: 11110313 | B50: Tecnica Profesional en Operaciones Portuarias | C50: 797274263 | D50: 0 | E50: 0 | F50: =+C50+D50 -> 797274263 | G50: 18341936 | H50: =+'SEPTIEMBRE 2024'!H50+'OCTUBRE 2024'!G50 -> 2.8816229e+08 | I50: =+F50-H50 -> 5.0911198e+08
A51: 11110314 | B51: Tecnología en Gestiòn naviera y Portuaria | C51: 512533455 | D51: 0 | E51: 0 | F51: =+C51+D51 -> 512533455 | G51: =357384237+99510196 -> 456894433 | H51: =+'SEPTIEMBRE 2024'!H51+'OCTUBRE 2024'!G51 -> 9.7914241e+08 | I51: =+F51-H51 -> -4.6660896e+08 | L51: 1.6507712e+11
A52: 11110315 | B52: Tecnología en Gestión Pública | C52: 481470821 | D52: 0 | E52: 0 | F52: =+C52+D52 -> 481470821 | G52: 96446234 | H52: =+'SEPTIEMBRE 2024'!H52+'OCTUBRE 2024'!G52 -> 2.8836159e+08 | I52: =+F52-H52 -> 1.9310923e+08
A53: 11110316 | B53: Tecnología en Gestión de Comercio Internacional Riohacha | C53: 465939504 | D53: 0 | E53: 0 | F53: =+C53+D53 -> 465939504 | G53: =65365798+264564417 -> 329930215 | H53: =+'SEPTIEMBRE 2024'!H53+'OCTUBRE 2024'!G53 -> 4.2831063e+08 | I53: =+F53-H53 -> 37628876 | L53: =+H233-L48 -> -3.0517578e-05
A54: 11110317 | B54: Tecnología en Gestión de Comercio Internacional Fonseca | C54: 297683572 | D54: 0 | E54: 0 | F54: =+C54+D54 -> 297683572 | G54: 1.9202946e+08 | H54: =+'SEPTIEMBRE 2024'!H54+'OCTUBRE 2024'!G54 -> 2.2313524e+08 | I54: =+F54-H54 -> 74548327
A55: 11110318 | B55: Tecnología en Gestión de Comercio Internacional V/Nueva | C55: 711852021 | D55: =+D56+D57+D58+D59+D60+D61 -> 0 | E55: 0 | F55: =+C55+D55 -> 711852021 | G55: =99593861+179153857 -> 278747718 | H55: =+'SEPTIEMBRE 2024'!H55+'OCTUBRE 2024'!G55 -> 5.1585255e+08 | I55: =+F55-H55 -> 1.9599947e+08
A56: 11110319 | B56: Tecnología en Gestión de Comercio Internacional Maicao | C56: 271798044 | D56: =SUM(D57:D62) -> 0 | E56: 0 | F56: =+C56+D56 -> 271798044 | G56: 34847815 | H56: =+'SEPTIEMBRE 2024'!H56+'OCTUBRE 2024'!G56 -> 1.371839e+08 | I56: =+F56-H56 -> 1.3461414e+08
A57: 111104 | B57: Facultad de Ciencias Humanas | C57: =SUM(C58:C63) -> 22059646978 | D57: =SUM(D58:D63) -> 0 | E57: 0 | F57: =SUM(F58:F63) -> 22059646978 | G57: =SUM(G58:G63) -> 6149730353 | H57: =SUM(H58:H63) -> 19225642612 | I57: =SUM(I58:I63) -> 2834004366
A58: 11110401 | B58: Derecho | C58: 4051085135 | D58: =SUM(D59:D63) -> 0 | E58: 0 | F58: =+C58+D58 -> 4051085135 | G58: =50733941+1199527520 -> 1250261461 | H58: =+'SEPTIEMBRE 2024'!H58+'OCTUBRE 2024'!G58 -> 3639944784 | I58: =+F58-H58 -> 4.1114035e+08
A59: 11110402 | B59: Trabajo Social Riohacha | C59: 4742228733 | D59: =SUM(D60:D63) -> 0 | E59: 0 | F59: =+C59+D59 -> 4742228733 | G59: 1.344462e+09 | H59: =+'SEPTIEMBRE 2024'!H59+'OCTUBRE 2024'!G59 -> 4623650546 | I59: =+F59-H59 -> 1.1857819e+08
A60: 11110403 | B60: Trabajo Social Fonseca | C60: 2472067926 | D60: =SUM(D61:D63) -> 0 | E60: 0 | F60: =+C60+D60 -> 2472067926 | G60: 7.6803802e+08 | H60: =+'SEPTIEMBRE 2024'!H60+'OCTUBRE 2024'!G60 -> 2311930432 | I60: =+F60-H60 -> 1.6013749e+08
A61: 11110404 | B61: Trabajo Social Villanueva | C61: 2301223441 | D61: =SUM(D62:D64) -> 0 | E61: 0 | F61: =+C61+D61 -> 2301223441 | G61: 4.9640287e+08 | H61: =+'SEPTIEMBRE 2024'!H61+'OCTUBRE 2024'!G61 -> 1614972802 | I61: =+F61-H61 -> 6.8625064e+08
A62: 11110405 | B62: Trabajo Social Maicao | C62: 3994136973 | D62: =+D63 | E62: 0 | F62: =+C62+D62 -> 3994136973 | G62: 1.2091223e+09 | H62: =+'SEPTIEMBRE 2024'!H62+'OCTUBRE 2024'!G62 -> 3214898181 | I62: =+F62-H62 -> 7.7923879e+08
A63: 11110406 | B63: Psicología | C63: 4498904770 | E63: 0 | F63: =+C63+D63 -> 4498904770 | G63: 1.0814437e+09 | H63: =+'SEPTIEMBRE 2024'!H63+'OCTUBRE 2024'!G63 -> 3820245866 | I63: =+F63-H63 -> 6.786589e+08
A64: 111105 | B64: Facultad de Ciencias de la Salud | C64: =SUM(C65:C67) -> 820571238 | D64: =SUM(D65:D67) -> 0 | E64: 0 | F64: =SUM(F65:F67) -> 820571238 | G64: =SUM(G65:G67) -> 2.4965621e+08 | H64: =SUM(H65:H67) -> 4.784922e+08 | I64: =SUM(I65:I67) -> 3.4207904e+08
A65: 11110501 | B65: Seguridad y Salud en el trabajo | C65: 90599348 | D65: 0 | E65: 0 | F65: =+C65+D65 -> 90599348 | G65: 0 | H65: =+'SEPTIEMBRE 2024'!H65+'OCTUBRE 2024'!G65 -> 470650 | I65: =+F65-H65 -> 90128698
A66: 11110502 | B66: Enfermeria | C66: 364985945 | D66: 0 | E66: 0 | F66: =+C66+D66 -> 364985945 | G66: 1.2695648e+08 | H66: =+'SEPTIEMBRE 2024'!H66+'OCTUBRE 2024'!G66 -> 2.3281872e+08 | I66: =+F66-H66 -> 1.3216722e+08
A67: 11110503 | B67: Nutricion | C67: 364985945 | D67: 0 | E67: 0 | F67: =+C67+D67 -> 364985945 | G67: =122299727+400000 -> 122699727 | H67: =+'SEPTIEMBRE 2024'!H67+'OCTUBRE 2024'!G67 -> 2.4520282e+08 | I67: =+F67-H67 -> 1.1978312e+08
A68: 111106 | B68: Facultad de Ciencias Basicas | C68: =SUM(C69) -> 2000951316 | D68: =SUM(D69) -> 0 | E68: 0 | F68: =SUM(F69) -> 2000951316 | G68: =+G69 -> 5.4721274e+08 | H68: =+H69 -> 1516482150 | I68: =SUM(I69) -> 484469166
A69: 11110601 | B69: Biología | C69: 2000951316 | D69: 0 | E69: 0 | F69: =+C69+D69 -> 2000951316 | G69: 5.4721274e+08 | H69: =+'SEPTIEMBRE 2024'!H69+'OCTUBRE 2024'!G69 -> 1516482150 | I69: =+F69-H69 -> 484469166
A70: 1112 | B70: Matricula Postgrado. | C70: =+C71+C74 -> 4287584732 | D70: =+D71+D74 -> 0 | E70: 0 | F70: =+F71+F74 -> 4287584732 | G70: =+G71+G74 -> 0 | H70: =+H71+H74 -> 974367237 | I70: =+I71+I74 -> 3313217495
A71: 111201 | B71: Especializaciones | C71: =SUM(C72:C73) -> 404755529 | D71: =SUM(D72:D73) -> 0 | E71: =SUM(E72:E73) -> 0 | F71: =SUM(F72:F73) -> 404755529 | G71: =SUM(G72:G73) -> 0 | H71: =SUM(H72:H73) -> 138904359 | I71: =SUM(I72:I73) -> 265851170
A72: 11130103 | B72: Gerencia de Construcciones | C72: 131780870 | E72: =SUM(E73:E74) -> 0 | F72: =+C72+D72 -> 131780870 | G72: 0 | H72: =+'AGOSTO 2024'!H72+'SEPTIEMBRE 2024'!G72 -> 0 | I72: =+F72-H72 -> 131780870
A73: 11130104 | B73: En Resolución de Conflictos | C73: 272974659 | D73: 0 | E73: 0 | F73: =+C73+D73 -> 272974659 | G73: 0 | H73: =+'AGOSTO 2024'!H73+'SEPTIEMBRE 2024'!G73 -> 138904359 | I73: =+F73-H73 -> 134070300
A74: 111302 | B74: Maestrías | C74: =SUM(C75:C85) -> 3882829203 | D74: =SUM(D75:D85) -> 0 | E74: 0 | F74: =SUM(F75:F85) -> 3882829203 | G74: =SUM(G75:G85) -> 0 | H74: =SUM(H75:H85) -> 835462878 | I74: =SUM(I75:I85) -> 3047366325
A75: 11130101 | B75: Maestria en Gestión y Gerencia educativa | C75: 374163541 | D75: 0 | E75: 0 | F75: =+C75+D75 -> 374163541 | G75: 0 | H75: =+'SEPTIEMBRE 2024'!H75+'OCTUBRE 2024'!G75 -> 127812349 | I75: =+F75-H75 -> 246351192
A76: 11130102 | B76: Maestría en Finanzas | C76: 289447268 | F76: =+C76+D76 -> 289447268 | G76: 0 | H76: =+'SEPTIEMBRE 2024'!H76+'OCTUBRE 2024'!G76 -> 91458825 | I76: =+F76-H76 -> 197988443
A77: 11130103 | B77: Maestría en Gestión y Desarrollo Sostenible | C77: 296506957 | D77: 0 | E77: 0 | F77: =+C77+D77 -> 296506957 | G77: 0 | H77: =+'SEPTIEMBRE 2024'!H77+'OCTUBRE 2024'!G77 -> 0 | I77: =+F77-H77 -> 296506957 | L77: =+G81+G84+G87+G141+G143+G144+G145+G146+G165+G166+G167+G169+G178+G183+G201+G203 -> 7372191756
A78: 11130104 | B78: Maestría TICs | C78: 317686026 | D78: 0 | E78: 0 | F78: =+C78+D78 -> 317686026 | G78: 0 | H78: =+'SEPTIEMBRE 2024'!H78+'OCTUBRE 2024'!G78 -> 85839300 | I78: =+F78-H78 -> 231846726
A79: 11130105 | B79: Maestría en Administración de Empresas | C79: 367103852 | D79: 0 | E79: 0 | F79: =+C79+D79 -> 367103852 | G79: 0 | H79: =+'SEPTIEMBRE 2024'!H79+'OCTUBRE 2024'!G79 -> 76509550 | I79: =+F79-H79 -> 290594302
A80: 11130106 | B80: Maestría en Ciencias Sociales | C80: 423581368 | D80: 0 | E80: 0 | F80: =+C80+D80 -> 423581368 | G80: 0 | H80: =+'SEPTIEMBRE 2024'!H80+'OCTUBRE 2024'!G80 -> 112750150 | I80: =+F80-H80 -> 310831218
A81: 11130107 | B81: Maestrá en Desarrollo de procesos comunicativos en educación: Lecto - Escritura | C81: 472999194 | D81: 0 | E81: 0 | F81: =+C81+D81 -> 472999194 | G81: 0 | H81: =+'SEPTIEMBRE 2024'!H81+'OCTUBRE 2024'!G81 -> 71273600 | I81: =+F81-H81 -> 401725594
A82: 11130108 | B82: Maestría en Familia e Intervención Familiar | C82: 388282920 | D82: 0 | E82: 0 | F82: =+C82+D82 -> 388282920 | G82: 0 | H82: =+'SEPTIEMBRE 2024'!H82+'OCTUBRE 2024'!G82 -> 141824229 | I82: =+F82-H82 -> 246458691
A83: 11130109 | B83: Maestría en Gestión de la Tecología y la Innovación | C83: 331805405 | D83: 0 | E83: 0 | F83: =+C83+D83 -> 331805405 | G83: 0 | H83: =+'SEPTIEMBRE 2024'!H83+'OCTUBRE 2024'!G83 -> 54360075 | I83: =+F83-H83 -> 277445330
A84: 11130110 | B84: Maestría en Gestión frente al camboio climatico | C84: 296506957 | D84: 0 | E84: 0 | F84: =+C84+D84 -> 296506957 | G84: 0 | H84: =+'SEPTIEMBRE 2024'!H84+'OCTUBRE 2024'!G84 -> 36280950 | I84: =+F84-H84 -> 260226007
A85: 11130111 | B85: Maestría en Gerencia Estrategica de Mercadeo | C85: 324745715 | D85: 0 | E85: 0 | F85: =+C85+D85 -> 324745715 | G85: 0 | H85: =+'SEPTIEMBRE 2024'!H85+'OCTUBRE 2024'!G85 -> 37353850 | I85: =+F85-H85 -> 287391865
A86: 1114 | B86: Formularios e Inscripciones - Pregrado | C86: =+C87+C96+C102+C121+C132+C128 -> 1089768010 | D86: =+D87+D96+D102+D121+D132+D128 -> 0 | E86: =+E87+E88+E89+E90+E91+E92+E93+E94+E95+E96+E97 -> 0 | F86: =+F87+F96+F102+F121+F132+F128 -> 1089768010 | G86: =+G87+G96+G102+G121+G132+G128 -> 557910127 | H86: =+H87+H96+H102+H121+H132+H128 -> 798091737 | I86: =+I87+I96+I102+I121+I132+I128 -> 291676273
A87: 111301 | B87: Facultad de Ingeniería. | C87: =SUM(C88:C95) -> 211673023 | D87: =SUM(D88:D95) -> 0 | E87: =SUM(E88:E89) -> 0 | F87: =SUM(F88:F95) -> 211673023 | G87: =SUM(G88:G95) -> 133548847 | H87: =SUM(H88:H95) -> 183793222 | I87: =SUM(I88:I95) -> 27879801
A88: 11130101 | B88: Ingeniería Industrial | C88: 38592969 | D88: 0 | E88: =SUM(E89:E90) -> 0 | F88: =+C88+D88 -> 38592969 | G88: 12825311 | H88: =+'SEPTIEMBRE 2024'!H88+'OCTUBRE 2024'!G88 -> 19650139 | I88: =+F88-H88 -> 18942830
A89: 11130102 | B89: Ingeniería Ambiental Riohacha | C89: 28944727 | D89: 0 | E89: =SUM(E90:E91) -> 0 | F89: =+C89+D89 -> 28944727 | G89: 17414305 | H89: =+'SEPTIEMBRE 2024'!H89+'OCTUBRE 2024'!G89 -> 25652126 | I89: =+F89-H89 -> 3292601
A90: 11130103 | B90: Ingeniería Sistemas | C90: 38592969 | D90: 0 | E90: =SUM(E91:E92) -> 0 | F90: =+C90+D90 -> 38592969 | G90: 31063002 | H90: =+'SEPTIEMBRE 2024'!H90+'OCTUBRE 2024'!G90 -> 42005665 | I90: =+F90-H90 -> -3412696
A91: 11130104 | B91: Ingeniería Sistemas Maicao | C91: 19531808 | D91: 0 | E91: =SUM(E92:E93) -> 0 | F91: =+C91+D91 -> 19531808 | G91: 14002241 | H91: =+'SEPTIEMBRE 2024'!H91+'OCTUBRE 2024'!G91 -> 22474088 | I91: =+F91-H91 -> -2942280
A92: 11130105 | B92: Ingeniería Civil | C92: 40004907 | D92: 0 | E92: =SUM(E93:E94) -> 0 | F92: =+C92+D92 -> 40004907 | G92: 46477714 | H92: =+'SEPTIEMBRE 2024'!H92+'OCTUBRE 2024'!G92 -> 57538373 | I92: =+F92-H92 -> -17533466
A93: 11130106 | B93: Ingeniería Mecánica | C93: 27768112 | D93: 0 | E93: 0 | F93: =+C93+D93 -> 27768112 | G93: 11648611 | H93: =+'SEPTIEMBRE 2024'!H93+'OCTUBRE 2024'!G93 -> 14237197 | I93: =+F93-H93 -> 13530915
A94: 11130605 | B94: Tecnología en Gestión de Redes Informáticas Riohacha | C94: 10001227 | D94: 0 | E94: 0 | F94: =+C94+D94 -> 10001227 | G94: 117663 | H94: =+'SEPTIEMBRE 2024'!H94+'OCTUBRE 2024'!G94 -> 1411956 | I94: =+F94-H94 -> 8589271
A95: 11130606 | B95: Tecnología en Gestión de Redes Informáticas Maicao | C95: 8236304 | D95: 0 | E95: 0 | F95: =+C95+D95 -> 8236304 | G95: 0 | H95: =+'SEPTIEMBRE 2024'!H95+'OCTUBRE 2024'!G95 -> 823678 | I95: =+F95-H95 -> 7412626
A96: 111302 | B96: Facultad de Ciencia de la Educación. | C96: =SUM(C97:C101) -> 143782341 | D96: =SUM(D97:D101) -> 0 | E96: 0 | F96: =SUM(F97:F101) -> 143782341 | G96: =SUM(G97:G101) -> 100601994 | H96: =SUM(H97:H101) -> 137786098 | I96: =SUM(I97:I101) -> 5996243
A97: 11130201 | B97: Lic en Pedagogía Infantil Riohacha | C97: 38592969 | D97: 0 | E97: 0 | F97: =+C97+D97 -> 38592969 | G97: 25297645 | H97: =+'SEPTIEMBRE 2024'!H97+'OCTUBRE 2024'!G97 -> 34240107 | I97: =+F97-H97 -> 4352862
A98: 11130203 | B98: Lic en Pedagogía Infantil Maicao | C98: 38592969 | D98: 0 | E98: 0 | F98: =+C98+D98 -> 38592969 | G98: 17179246 | H98: =+'SEPTIEMBRE 2024'!H98+'OCTUBRE 2024'!G98 -> 23886148 | I98: =+F98-H98 -> 14706821
A99: 11130205 | B99: Lic en Etnoeducacion e Interculturalidad Riohacha | C99: 38122323 | D99: 0 | E99: 0 | F99: =+C99+D99 -> 38122323 | G99: 25767734 | H99: =+'SEPTIEMBRE 2024'!H99+'OCTUBRE 2024'!G99 -> 37769397 | I99: =+F99-H99 -> 352926
A100: 11130206 | B100: Lic en Educación Física, Recreación y Deportes | C100: 19767130 | D100: 0 | E100: 0 | F100: =+C100+D100 -> 19767130 | G100: 29533457 | H100: =+'SEPTIEMBRE 2024'!H100+'OCTUBRE 2024'!G100 -> 38475882 | I100: =+F100-H100 -> -18708752
A101: 11130207 | B101: Lic en Música | C101: 8706950 | D101: 0 | E101: 0 | F101: =+C101+D101 -> 8706950 | G101: 2823912 | H101: =+'SEPTIEMBRE 2024'!H101+'OCTUBRE 2024'!G101 -> 3414564 | I101: =+F101-H101 -> 5292386
A102: 111303 | B102: Facultad de Ciencias Económicas y Administrativa. | C102: =SUM(C103:C120) -> 521345348 | D102: =SUM(D103:D120) -> 0 | E102: 0 | F102: =SUM(F103:F120) -> 521345348 | G102: =SUM(G103:G120) -> 100957103 | H102: =SUM(H103:H120) -> 144139583 | I102: =SUM(I103:I120) -> 377205765
A103: 11130301 | B103: Contaduría Publica | C103: 40004907 | D103: 0 | E103: 0 | F103: =+C103+D103 -> 40004907 | G103: 17414836 | H103: =+'SEPTIEMBRE 2024'!H103+'OCTUBRE 2024'!G103 -> 25533920 | I103: =+F103-H103 -> 14470987
A104: 11130302 | B104: Contaduría Pública Maicao | C104: 38122323 | D104: 0 | E104: 0 | F104: =+C104+D104 -> 38122323 | G104: 15649486 | H104: =+'SEPTIEMBRE 2024'!H104+'OCTUBRE 2024'!G104 -> 21767962 | I104: =+F104-H104 -> 16354361
A105: 11130303 | B105: Administración de Empresas Riohacha | C105: 40004907 | D105: 0 | E105: 0 | F105: =+C105+D105 -> 40004907 | G105: 21062088 | H105: =+'SEPTIEMBRE 2024'!H105+'OCTUBRE 2024'!G105 -> 30828565 | I105: =+F105-H105 -> 9176342
...

Sheet NOVIEMBRE 2024
E2: Tesorería
E6: ENTIDAD:UNIVERSIDAD DE LA GUAJIRA
E7: NIT No:892115029-4
E8: NOMBRE DEL REPRESENTANTE LEGAL:CARLOS A. ROBLES JULIO
A9: INFORME EJECUCION PRESUPUESTAL DE INGRESOS | E9: CIUDAD, DIRECCION Y TELEFONOS:R/CHA, KM 5 VIA M/CAO, 7282729
E10: VIGENCIA FISCAL:2024
E11: PERIODO DE RENDICION DE: NOVIEMBRE 01 A: NOVIEMBRE 30
E12: HOJA ______ DE _______
A14: CODIGO | B14: DESCRIPCION | C14: PRESUPUESTO | D14: MODIFICACIONES | F14: PRESUPUESTO | G14: RECAUDOS | I14: SALDOS
C15: INICIAL | D15: (2) | F15: DEFINITIVO | G15: DEL MES | H15: ACUMULADO
C16: (1) | D16: ADICIONES | E16: REDUCCION | F16: (3=1+/-2) | G16: 4 | H16: (5=4+5A) | I16: (6=3-5)
A17: 1 | B17: INGRESOS CORRIENTES. | C17: =+C18 -> 128991550549 | D17: =+D18 -> 0 | E17: 0 | F17: =+F18+F181 -> 259161407454 | G17: =+G18 -> 8742239651 | H17: =+H18 -> 108698287722 | I17: =+F17+G17-H17 -> 159205359382
A18: 11 | B18: RENTAS PROPIAS. | C18: =C19+C168+C176 -> 128991550549 | D18: =D19+D168+D176 -> 0 | E18: 0 | F18: =F19+F168+F176 -> 128991550549 | G18: =G19+G168+G176 -> 8742239651 | H18: =H19+H168+H176 -> 108698287722 | I18: =I19+I168+I176 -> 20293262827 | L18: =+H170 -> 44148000 | M18: =+C168 -> 6011760000 | N18: venta de bienes y servicios
A19: 111 | B19: DERECHOS ACADEMICOS. | C19: =C20+C70+C86+C134+C149+C154+C159 -> 91339790549 | D19: =D20+D70+D86+D134+D149+D154+D159 -> 0 | E19: 0 | F19: =F20+F70+F86+F134+F149+F154+F159 -> 91339790549 | G19: =G20+G70+G86+G134+G149+G154+G159 -> 6000358014 | H19: =H20+H70+H86+H134+H149+H154+H159 -> 78763369930 | I19: =I20+I70+I86+I134+I149+I154+I159 -> 12576420619
A20: 1111 | B20: Matricula-pregrado. | C20: =+C21+C31+C37+C57+C64+C68 -> 85494721951 | D20: =+D21+D31+D37+D57+D64+D68 -> 0 | E20: 0 | F20: =+F21+F31+F37+F57+F64+F68 -> 85494721951 | G20: =+G21+G31+G37+G57+G64+G68 -> 5972536400 | H20: =+H21+H31+H37+H57+H64+H68 -> 76228244954 | I20: =+I21+I31+I37+I57+I64+I68 -> 9266476997 | L20: =+H20+H86 -> 77038340298 | M20: =+C20+C86 -> 86584489961 | N20: matricula pregrado e iscripcion pregrado
A21: 111101 | B21: Facultad de Ingeniería. | C21: =SUM(C22:C30) -> 18546980835 | D21: =SUM(D22:D30) -> 0 | E21: =+E22+E23+E24+E25+E26+E27+E28 -> 0 | F21: =SUM(F22:F30) -> 18546980835 | G21: =SUM(G22:G30) -> 1316115809 | H21: =SUM(H22:H30) -> 15917804576 | I21: =SUM(I22:I30) -> 2629176259
A22: 11110101 | B22: Ingeniería Industrial | C22: 3194274158 | D22: 0 | E22: 0 | F22: =+C22+D22 -> 3194274158 | G22: 2.218534e+08 | H22: =+'OCTUBRE 2024'!H22+'NOVIEMBRE 2024'!G22 -> 2640049830 | I22: =+F22-H22 -> 5.5422433e+08 | L22: =+H70+H134 -> 1043094363 | M22: =+C70+C134 -> 4379360690 | N22: maricula postgrado e inscripciones postgrado
A23: 11110102 | B23: Ingeniería Ambiental Riohacha | C23: 2016482633 | D23: 0 | E23: 0 | F23: =+C23+D23 -> 2016482633 | G23: 1.2861067e+08 | H23: =+'OCTUBRE 2024'!H23+'NOVIEMBRE 2024'!G23 -> 1715968662 | I23: =+F23-H23 -> 3.0051397e+08
A24: 11110103 | B24: Ingeniería Sistemas | C24: 3486780624 | D24: 0 | E24: 0 | F24: =+C24+D24 -> 3486780624 | G24: 2.5186255e+08 | H24: =+'OCTUBRE 2024'!H24+'NOVIEMBRE 2024'!G24 -> 3143302683 | I24: =+F24-H24 -> 3.4347794e+08 | L24: =+H174 -> 817323544 | M24: 0 | N24: diplomado
A25: 11110104 | B25: Ingeniería Sistemas Maicao | C25: 1809398409 | D25: 0 | E25: 0 | F25: =+C25+D25 -> 1809398409 | G25: 1.3468395e+08 | H25: =+'OCTUBRE 2024'!H25+'NOVIEMBRE 2024'!G25 -> 1652535700 | I25: =+F25-H25 -> 1.5686271e+08
A26: 11110105 | B26: Ingeniería Civil | C26: 3647270898 | D26: 0 | E26: 0 | F26: =+C26+D26 -> 3647270898 | G26: 262580109 | H26: =+'OCTUBRE 2024'!H26+'NOVIEMBRE 2024'!G26 -> 3235451984 | I26: =+F26-H26 -> 4.1181891e+08 | L26: =+H149+H154+H159+H171 -> 831162720 | M26: =+C149+C154+C159 -> 375939898 | N26: otros derechos academicos
A27: 11110106 | B27: Ingeniería Mecánica | C27: 1884466440 | D27: 0 | E27: 0 | F27: =+C27+D27 -> 1884466440 | G27: 1.0789006e+08 | H27: =+'OCTUBRE 2024'!H27+'NOVIEMBRE 2024'!G27 -> 1332586287 | I27: =+F27-H27 -> 5.5188015e+08
A28: 11110107 | B28: Ingeniería Ambiental Fonseca | C28: 1242505345 | D28: 0 | E28: 0 | F28: =+C28+D28 -> 1242505345 | G28: 86097695 | H28: =+'OCTUBRE 2024'!H28+'NOVIEMBRE 2024'!G28 -> 1049879113 | I28: =+F28-H28 -> 1.9262623e+08 | L28: =+H178+H179+H180 -> 3932419661 | M28: =+C176 -> 31640000000 | N28: Otras rentas propias
A29: 11110608 | B29: Tecnología en Gestión de Redes Informáticas Riohacha | C29: 994004284 | D29: 0 | E29: =+E30+E31+E32+E33+E34+E35+E36+E37+E38+E39+E40+E41+E42 -> 0 | F29: =+C29+D29 -> 994004284 | G29: 86454947 | H29: =+'OCTUBRE 2024'!H29+'NOVIEMBRE 2024'!G29 -> 8.3973497e+08 | I29: =+F29-H29 -> 1.5426931e+08
A30: 11110609 | B30: Tecnología en Gestión de Redes Informáticas Maicao | C30: 271798044 | D30: 0 | E30: 0 | F30: =+C30+D30 -> 271798044 | G30: 36082437 | H30: =+'OCTUBRE 2024'!H30+'NOVIEMBRE 2024'!G30 -> 3.0829534e+08 | I30: =+F30-H30 -> -36497300 | L30: =+H184 -> 47701552044 | M30: =+C184 -> 58330090683 | N30: aporte ley 30 art 86
A31: 111102 | B31: Facultad de Ciencia de la Educacion. | C31: =SUM(C32:C36) -> 15510608389 | D31: =SUM(D32:D36) -> 0 | E31: 0 | F31: =SUM(F32:F36) -> 15510608389 | G31: =SUM(G32:G36) -> 1096760174 | H31: =SUM(H32:H36) -> 15147717906 | I31: =SUM(I32:I36) -> 3.6289048e+08
A32: 11110201 | B32: Lic en Educación Infantil Riohacha | C32: 3629151028 | D32: 0 | E32: 0 | F32: =+C32+D32 -> 3629151028 | G32: 268653391 | H32: =+'OCTUBRE 2024'!H32+'NOVIEMBRE 2024'!G32 -> 3786690891 | I32: =+F32-H32 -> -157539863 | L32: =+H185 -> 0 | M32: =+C185 -> 1721524593 | N32: aporte ley 30 art 87
A33: 11110202 | B33: Lic en Educación Infantil Maicao | C33: 3623973923 | D33: 0 | E33: 0 | F33: =+C33+D33 -> 3623973923 | G33: 232925204 | H33: =+'OCTUBRE 2024'!H33+'NOVIEMBRE 2024'!G33 -> 2654377669 | I33: =+F33-H33 -> 9.6959625e+08
A34: 11110203 | B34: Lic en Etnoeducacion e Interculturalidad Riohacha | C34: 3616208264 | D34: 0 | E34: 0 | F34: =+C34+D34 -> 3616208264 | G34: 259364842 | H34: =+'OCTUBRE 2024'!H34+'NOVIEMBRE 2024'!G34 -> 4253719950 | I34: =+F34-H34 -> -637511686 | L34: =+H188 -> 600000000 | M34: =+C188 -> 19161450403 | N34: Aportes Ley 30 del 92
A35: 11110204 | B35: Lic en Educación Física, Recreación y Deportes | C35: 3825881041 | D35: 0 | E35: 0 | F35: =+C35+D35 -> 3825881041 | G35: 2.9044575e+08 | H35: =+'OCTUBRE 2024'!H35+'NOVIEMBRE 2024'!G35 -> 3832295014 | I35: =+F35-H35 -> -6413973.2
A36: 11110213 | B36: Lic en Música | C36: 815394133 | D36: 0 | E36: 0 | F36: =+C36+D36 -> 815394133 | G36: 45370985 | H36: =+'OCTUBRE 2024'!H36+'NOVIEMBRE 2024'!G36 -> 620634382 | I36: =+F36-H36 -> 194759751 | L36: =+H196 -> 19401765681 | M36: =+C196 -> 50942388435 | N36: recursos de caapital
A37: 111103 | B37: Facultad de Ciencias Económicas y Administrativa. | C37: =SUM(C38:C56) -> 26555963195 | D37: =SUM(D38:D56) -> 0 | E37: 0 | F37: =SUM(F38:F56) -> 26555963195 | G37: =SUM(G38:G56) -> 1813410383 | H37: =SUM(H38:H56) -> 22195855479 | I37: =SUM(I38:I56) -> 4360107716
A38: 11110301 | B38: Contaduria Publica | C38: 3963074340 | D38: 0 | E38: 0 | F38: =+C38+D38 -> 3963074340 | G38: 2.7687018e+08 | H38: =+'OCTUBRE 2024'!H38+'NOVIEMBRE 2024'!G38 -> 3473726916 | I38: =+F38-H38 -> 4.8934742e+08 | L38: =+H177+H194 -> 41015375898 | M38: =+C194 -> 18451441852 | N38: estampillas
A39: 11110302 | B39: Contaduría Pública Maicao | C39: 3080377834 | D39: 0 | E39: 0 | F39: =+C39+D39 -> 3080377834 | G39: 2.0470531e+08 | H39: =+'OCTUBRE 2024'!H39+'NOVIEMBRE 2024'!G39 -> 2546864221 | I39: =+F39-H39 -> 5.3351361e+08
A40: 11110303 | B40: Contaduria Publica Villanueva | C40: 41416845 | D40: 0 | E40: 0 | F40: =+C40+D40 -> 41416845 | G40: 3215266.6 | H40: =+'OCTUBRE 2024'!H40+'NOVIEMBRE 2024'!G40 -> 1.4154576e+08 | I40: =+F40-H40 -> -1.0012892e+08 | L40: =+H192 -> 2554138050 | M40: =+C191 -> 9000000000 | N40: estampilla pro u nacional
A41: 11110304 | B41: Administracion de Empresas Riohacha | C41: 4066616452 | D41: 0 | E41: 0 | F41: =+C41+D41 -> 4066616452 | G41: 2.8651598e+08 | H41: =+'OCTUBRE 2024'!H41+'NOVIEMBRE 2024'!G41 -> 3585506500 | I41: =+F41-H41 -> 4.8110995e+08
A42: 11110305 | B42: Administracion Turística y Hotelera | C42: 1584194315 | D42: 0 | E42: 0 | F42: =+C42+D42 -> 1584194315 | G42: 1.1860761e+08 | H42: =+'OCTUBRE 2024'!H42+'NOVIEMBRE 2024'!G42 -> 1525690626 | I42: =+F42-H42 -> 58503689 | L42: =+H186 -> 0 | M42: =+C186 -> 442529331 | N42: recusos por votacion
A43: 11110306 | B43: Negocios Internacionales | C43: 1944003154 | D43: =+D44+D45+D46+D47+D48+D49+D50+D51+D52+D53+D54 -> 0 | E43: =+E44+E45+E46+E47+E48+E49+E50+E51+E52+E53+E54 -> 0 | F43: =+C43+D43 -> 1944003154 | G43: 1.4718776e+08 | H43: =+'OCTUBRE 2024'!H43+'NOVIEMBRE 2024'!G43 -> 1849405749 | I43: =+F43-H43 -> 94597405
A44: 11110307 | B44: Economía | C44: 1664439452 | D44: =SUM(D45:D55) -> 0 | E44: =SUM(E45:E55) -> 0 | F44: =+C44+D44 -> 1664439452 | G44: 1.0789006e+08 | H44: =+'OCTUBRE 2024'!H44+'NOVIEMBRE 2024'!G44 -> 1296037364 | I44: =+F44-H44 -> 3.6840209e+08 | L44: =+H187 -> 1870989185 | M44: =+C187 -> 1400000000 | N44: fomento a la calidad COOPERATIVA
A45: 11110308 | B45: Negocios Internacionales Maicao | C45: 949998878 | D45: 0 | E45: 0 | F45: =+C45+D45 -> 949998878 | G45: 40726711 | H45: =+'OCTUBRE 2024'!H45+'NOVIEMBRE 2024'!G45 -> 5.7302672e+08 | I45: =+F45-H45 -> 3.7697216e+08
A46: 11110309 | B46: Administracion de Empresas Maicao | C46: 1801632750 | D46: 0 | E46: 0 | F46: =+C46+D46 -> 1801632750 | G46: 1.4004272e+08 | H46: =+'OCTUBRE 2024'!H46+'NOVIEMBRE 2024'!G46 -> 1759174360 | I46: =+F46-H46 -> 42458390 | L46: =+H206+H229 -> 5800564126 | N46: CONVENIOS
A47: 11110310 | B47: Administracion de Empresas Villanueva | C47: 1718799061 | D47: 0 | E47: 0 | F47: =+C47+D47 -> 1718799061 | G47: 97529755 | H47: =+'OCTUBRE 2024'!H47+'NOVIEMBRE 2024'!G47 -> 1068039958 | I47: =+F47-H47 -> 6.507591e+08
A48: 11110311 | B48: Administración Pública | C48: 704086362 | D48: 0 | E48: 0 | F48: =+C48+D48 -> 704086362 | G48: 24293126 | H48: =+'OCTUBRE 2024'!H48+'NOVIEMBRE 2024'!G48 -> 2.7034578e+08 | I48: =+F48-H48 -> 4.3374058e+08 | L48: =SUM(L18:L47) -> 202650873570
A49: 11110312 | B49: Tecnica Profesional en Procesos Administrativos | C49: 1498772072 | D49: 0 | E49: 0 | F49: =+C49+D49 -> 1498772072 | G49: 49300755 | H49: =+'OCTUBRE 2024'!H49+'NOVIEMBRE 2024'!G49 -> 9.2981778e+08 | I49: =+F49-H49 -> 5.6895429e+08 | M49: =SUM(M17:M44) -> 288440975846 | N49: TOTAL DEL PRESUPUESTO
A50: 11110313 | B50: Tecnica Profesional en Operaciones Portuarias | C50: 797274263 | D50: 0 | E50: 0 | F50: =+C50+D50 -> 797274263 | G50: 75380140 | H50: =+'OCTUBRE 2024'!H50+'NOVIEMBRE 2024'!G50 -> 3.6354243e+08 | I50: =+F50-H50 -> 4.3373184e+08
A51: 11110314 | B51: Tecnología en Gestiòn naviera y Portuaria | C51: 512533455 | D51: 0 | E51: 0 | F51: =+C51+D51 -> 512533455 | G51: 43584726 | H51: =+'OCTUBRE 2024'!H51+'NOVIEMBRE 2024'!G51 -> 1022727139 | I51: =+F51-H51 -> -5.1019368e+08 | L51: 1.6507712e+11
A52: 11110315 | B52: Tecnología en Gestión Pública | C52: 481470821 | D52: 0 | E52: 0 | F52: =+C52+D52 -> 481470821 | G52: 33224422 | H52: =+'OCTUBRE 2024'!H52+'NOVIEMBRE 2024'!G52 -> 3.2158601e+08 | I52: =+F52-H52 -> 1.5988481e+08
A53: 11110316 | B53: Tecnología en Gestión de Comercio Internacional Riohacha | C53: 465939504 | D53: 0 | E53: 0 | F53: =+C53+D53 -> 465939504 | G53: 51801518 | H53: =+'OCTUBRE 2024'!H53+'NOVIEMBRE 2024'!G53 -> 4.8011215e+08 | I53: =+F53-H53 -> -14172642 | L53: =+H233-L48 -> 3.0517578e-05
A54: 11110317 | B54: Tecnología en Gestión de Comercio Internacional Fonseca | C54: 297683572 | D54: 0 | E54: 0 | F54: =+C54+D54 -> 297683572 | G54: 41798466 | H54: =+'OCTUBRE 2024'!H54+'NOVIEMBRE 2024'!G54 -> 264933711 | I54: =+F54-H54 -> 32749861
A55: 11110318 | B55: Tecnología en Gestión de Comercio Internacional V/Nueva | C55: 711852021 | D55: =+D56+D57+D58+D59+D60+D61 -> 0 | E55: 0 | F55: =+C55+D55 -> 711852021 | G55: 44656481 | H55: =+'OCTUBRE 2024'!H55+'NOVIEMBRE 2024'!G55 -> 5.6050903e+08 | I55: =+F55-H55 -> 1.5134299e+08
A56: 11110319 | B56: Tecnología en Gestión de Comercio Internacional Maicao | C56: 271798044 | D56: =SUM(D57:D62) -> 0 | E56: 0 | F56: =+C56+D56 -> 271798044 | G56: 26079385 | H56: =+'OCTUBRE 2024'!H56+'NOVIEMBRE 2024'!G56 -> 1.6326329e+08 | I56: =+F56-H56 -> 1.0853476e+08
A57: 111104 | B57: Facultad de Ciencias Humanas | C57: =SUM(C58:C63) -> 22059646978 | D57: =SUM(D58:D63) -> 0 | E57: 0 | F57: =SUM(F58:F63) -> 22059646978 | G57: =SUM(G58:G63) -> 1562622584 | H57: =SUM(H58:H63) -> 20788265195 | I57: =SUM(I58:I63) -> 1271381783
A58: 11110401 | B58: Derecho | C58: 4051085135 | D58: =SUM(D59:D63) -> 0 | E58: 0 | F58: =+C58+D58 -> 4051085135 | G58: 2.9509003e+08 | H58: =+'OCTUBRE 2024'!H58+'NOVIEMBRE 2024'!G58 -> 3935034811 | I58: =+F58-H58 -> 1.1605032e+08
A59: 11110402 | B59: Trabajo Social Riohacha | C59: 4742228733 | D59: =SUM(D60:D63) -> 0 | E59: 0 | F59: =+C59+D59 -> 4742228733 | G59: 345462537 | H59: =+'OCTUBRE 2024'!H59+'NOVIEMBRE 2024'!G59 -> 4969113083 | I59: =+F59-H59 -> -2.2688435e+08
A60: 11110403 | B60: Trabajo Social Fonseca | C60: 2472067926 | D60: =SUM(D61:D63) -> 0 | E60: 0 | F60: =+C60+D60 -> 2472067926 | G60: 1.7612516e+08 | H60: =+'OCTUBRE 2024'!H60+'NOVIEMBRE 2024'!G60 -> 2488055593 | I60: =+F60-H60 -> -15987667
A61: 11110404 | B61: Trabajo Social Villanueva | C61: 2301223441 | D61: =SUM(D62:D64) -> 0 | E61: 0 | F61: =+C61+D61 -> 2301223441 | G61: 1.5611906e+08 | H61: =+'OCTUBRE 2024'!H61+'NOVIEMBRE 2024'!G61 -> 1771091860 | I61: =+F61-H61 -> 5.3013158e+08
A62: 11110405 | B62: Trabajo Social Maicao | C62: 3994136973 | D62: =+D63 | E62: 0 | F62: =+C62+D62 -> 3994136973 | G62: 2.7508392e+08 | H62: =+'OCTUBRE 2024'!H62+'NOVIEMBRE 2024'!G62 -> 3489982105 | I62: =+F62-H62 -> 5.0415487e+08
A63: 11110406 | B63: Psicología | C63: 4498904770 | E63: 0 | F63: =+C63+D63 -> 4498904770 | G63: 3.1474188e+08 | H63: =+'OCTUBRE 2024'!H63+'NOVIEMBRE 2024'!G63 -> 4134987744 | I63: =+F63-H63 -> 3.6391703e+08
A64: 111105 | B64: Facultad de Ciencias de la Salud | C64: =SUM(C65:C67) -> 820571238 | D64: =SUM(D65:D67) -> 0 | E64: 0 | F64: =SUM(F65:F67) -> 820571238 | G64: =SUM(G65:G67) -> 43941977 | H64: =SUM(H65:H67) -> 5.2243418e+08 | I64: =SUM(I65:I67) -> 2.9813706e+08
A65: 11110501 | B65: Seguridad y Salud en el trabajo | C65: 90599348 | D65: 0 | E65: 0 | F65: =+C65+D65 -> 90599348 | G65: 0 | H65: =+'OCTUBRE 2024'!H65+'NOVIEMBRE 2024'!G65 -> 470650 | I65: =+F65-H65 -> 90128698
A66: 11110502 | B66: Enfermeria | C66: 364985945 | D66: 0 | E66: 0 | F66: =+C66+D66 -> 364985945 | G66: 22506866 | H66: =+'OCTUBRE 2024'!H66+'NOVIEMBRE 2024'!G66 -> 2.5532559e+08 | I66: =+F66-H66 -> 1.0966035e+08
A67: 11110503 | B67: Nutricion | C67: 364985945 | D67: 0 | E67: 0 | F67: =+C67+D67 -> 364985945 | G67: 21435111 | H67: =+'OCTUBRE 2024'!H67+'NOVIEMBRE 2024'!G67 -> 266637934 | I67: =+F67-H67 -> 98348011
A68: 111106 | B68: Facultad de Ciencias Basicas | C68: =SUM(C69) -> 2000951316 | D68: =SUM(D69) -> 0 | E68: 0 | F68: =SUM(F69) -> 2000951316 | G68: =+G69 -> 1.3968547e+08 | H68: =+H69 -> 1656167623 | I68: =SUM(I69) -> 3.4478369e+08
A69: 11110601 | B69: Biología | C69: 2000951316 | D69: 0 | E69: 0 | F69: =+C69+D69 -> 2000951316 | G69: 1.3968547e+08 | H69: =+'OCTUBRE 2024'!H69+'NOVIEMBRE 2024'!G69 -> 1656167623 | I69: =+F69-H69 -> 3.4478369e+08
A70: 1112 | B70: Matricula Postgrado. | C70: =+C71+C74 -> 4287584732 | D70: =+D71+D74 -> 0 | E70: 0 | F70: =+F71+F74 -> 4287584732 | G70: =+G71+G74 -> 0 | H70: =+H71+H74 -> 974367237 | I70: =+I71+I74 -> 3313217495
A71: 111201 | B71: Especializaciones | C71: =SUM(C72:C73) -> 404755529 | D71: =SUM(D72:D73) -> 0 | E71: =SUM(E72:E73) -> 0 | F71: =SUM(F72:F73) -> 404755529 | G71: =SUM(G72:G73) -> 0 | H71: =SUM(H72:H73) -> 138904359 | I71: =SUM(I72:I73) -> 265851170
A72: 11130103 | B72: Gerencia de Construcciones | C72: 131780870 | E72: =SUM(E73:E74) -> 0 | F72: =+C72+D72 -> 131780870 | G72: 0 | H72: =+'OCTUBRE 2024'!H72+'NOVIEMBRE 2024'!G72 -> 0 | I72: =+F72-H72 -> 131780870
A73: 11130104 | B73: En Resolución de Conflictos | C73: 272974659 | D73: 0 | E73: 0 | F73: =+C73+D73 -> 272974659 | G73: 0 | H73: =+'OCTUBRE 2024'!H73+'NOVIEMBRE 2024'!G73 -> 138904359 | I73: =+F73-H73 -> 134070300
A74: 111302 | B74: Maestrías | C74: =SUM(C75:C85) -> 3882829203 | D74: =SUM(D75:D85) -> 0 | E74: 0 | F74: =SUM(F75:F85) -> 3882829203 | G74: =SUM(G75:G85) -> 0 | H74: =SUM(H75:H85) -> 835462878 | I74: =SUM(I75:I85) -> 3047366325
A75: 11130101 | B75: Maestria en Gestión y Gerencia educativa | C75: 374163541 | D75: 0 | E75: 0 | F75: =+C75+D75 -> 374163541 | G75: 0 | H75: =+'OCTUBRE 2024'!H75+'NOVIEMBRE 2024'!G75 -> 127812349 | I75: =+F75-H75 -> 246351192
A76: 11130102 | B76: Maestría en Finanzas | C76: 289447268 | F76: =+C76+D76 -> 289447268 | G76: 0 | H76: =+'OCTUBRE 2024'!H76+'NOVIEMBRE 2024'!G76 -> 91458825 | I76: =+F76-H76 -> 197988443
A77: 11130103 | B77: Maestría en Gestión y Desarrollo Sostenible | C77: 296506957 | D77: 0 | E77: 0 | F77: =+C77+D77 -> 296506957 | G77: 0 | H77: =+'OCTUBRE 2024'!H77+'NOVIEMBRE 2024'!G77 -> 0 | I77: =+F77-H77 -> 296506957 | L77: =+G81+G84+G87+G141+G143+G144+G145+G146+G165+G166+G167+G169+G178+G183+G201+G203 -> 6731804897
A78: 11130104 | B78: Maestría TICs | C78: 317686026 | D78: 0 | E78: 0 | F78: =+C78+D78 -> 317686026 | G78: 0 | H78: =+'OCTUBRE 2024'!H78+'NOVIEMBRE 2024'!G78 -> 85839300 | I78: =+F78-H78 -> 231846726
A79: 11130105 | B79: Maestría en Administración de Empresas | C79: 367103852 | D79: 0 | E79: 0 | F79: =+C79+D79 -> 367103852 | G79: 0 | H79: =+'OCTUBRE 2024'!H79+'NOVIEMBRE 2024'!G79 -> 76509550 | I79: =+F79-H79 -> 290594302
A80: 11130106 | B80: Maestría en Ciencias Sociales | C80: 423581368 | D80: 0 | E80: 0 | F80: =+C80+D80 -> 423581368 | G80: 0 | H80: =+'OCTUBRE 2024'!H80+'NOVIEMBRE 2024'!G80 -> 112750150 | I80: =+F80-H80 -> 310831218
A81: 11130107 | B81: Maestrá en Desarrollo de procesos comunicativos en educación: Lecto - Escritura | C81: 472999194 | D81: 0 | E81: 0 | F81: =+C81+D81 -> 472999194 | G81: 0 | H81: =+'OCTUBRE 2024'!H81+'NOVIEMBRE 2024'!G81 -> 71273600 | I81: =+F81-H81 -> 401725594
A82: 11130108 | B82: Maestría en Familia e Intervención Familiar | C82: 388282920 | D82: 0 | E82: 0 | F82: =+C82+D82 -> 388282920 | G82: 0 | H82: =+'OCTUBRE 2024'!H82+'NOVIEMBRE 2024'!G82 -> 141824229 | I82: =+F82-H82 -> 246458691
A83: 11130109 | B83: Maestría en Gestión de la Tecología y la Innovación | C83: 331805405 | D83: 0 | E83: 0 | F83: =+C83+D83 -> 331805405 | G83: 0 | H83: =+'OCTUBRE 2024'!H83+'NOVIEMBRE 2024'!G83 -> 54360075 | I83: =+F83-H83 -> 277445330
A84: 11130110 | B84: Maestría en Gestión frente al camboio climatico | C84: 296506957 | D84: 0 | E84: 0 | F84: =+C84+D84 -> 296506957 | G84: 0 | H84: =+'OCTUBRE 2024'!H84+'NOVIEMBRE 2024'!G84 -> 36280950 | I84: =+F84-H84 -> 260226007
A85: 11130111 | B85: Maestría en Gerencia Estrategica de Mercadeo | C85: 324745715 | D85: 0 | E85: 0 | F85: =+C85+D85 -> 324745715 | G85: 0 | H85: =+'OCTUBRE 2024'!H85+'NOVIEMBRE 2024'!G85 -> 37353850 | I85: =+F85-H85 -> 287391865
A86: 1114 | B86: Formularios e Inscripciones - Pregrado | C86: =+C87+C96+C102+C121+C132+C128 -> 1089768010 | D86: =+D87+D96+D102+D121+D132+D128 -> 0 | E86: =+E87+E88+E89+E90+E91+E92+E93+E94+E95+E96+E97 -> 0 | F86: =+F87+F96+F102+F121+F132+F128 -> 1089768010 | G86: =+G87+G96+G102+G121+G132+G128 -> 12003607 | H86: =+H87+H96+H102+H121+H132+H128 -> 810095344 | I86: =+I87+I96+I102+I121+I132+I128 -> 279672666
A87: 111301 | B87: Facultad de Ingeniería. | C87: =SUM(C88:C95) -> 211673023 | D87: =SUM(D88:D95) -> 0 | E87: =SUM(E88:E89) -> 0 | F87: =SUM(F88:F95) -> 211673023 | G87: =SUM(G88:G95) -> 2000645 | H87: =SUM(H88:H95) -> 185793867 | I87: =SUM(I88:I95) -> 25879156
A88: 11130101 | B88: Ingeniería Industrial | C88: 38592969 | D88: 0 | E88: =SUM(E89:E90) -> 0 | F88: =+C88+D88 -> 38592969 | G88: 117663 | H88: =+'OCTUBRE 2024'!H88+'NOVIEMBRE 2024'!G88 -> 19767802 | I88: =+F88-H88 -> 18825167
A89: 11130102 | B89: Ingeniería Ambiental Riohacha | C89: 28944727 | D89: 0 | E89: =SUM(E90:E91) -> 0 | F89: =+C89+D89 -> 28944727 | G89: 117663 | H89: =+'OCTUBRE 2024'!H89+'NOVIEMBRE 2024'!G89 -> 25769789 | I89: =+F89-H89 -> 3174938
A90: 11130103 | B90: Ingeniería Sistemas | C90: 38592969 | D90: 0 | E90: =SUM(E91:E92) -> 0 | F90: =+C90+D90 -> 38592969 | G90: 706315 | H90: =+'OCTUBRE 2024'!H90+'NOVIEMBRE 2024'!G90 -> 42711980 | I90: =+F90-H90 -> -4119011
A91: 11130104 | B91: Ingeniería Sistemas Maicao | C91: 19531808 | D91: 0 | E91: =SUM(E92:E93) -> 0 | F91: =+C91+D91 -> 19531808 | G91: 0 | H91: =+'OCTUBRE 2024'!H91+'NOVIEMBRE 2024'!G91 -> 22474088 | I91: =+F91-H91 -> -2942280
A92: 11130105 | B92: Ingeniería Civil | C92: 40004907 | D92: 0 | E92: =SUM(E93:E94) -> 0 | F92: =+C92+D92 -> 40004907 | G92: 941304 | H92: =+'OCTUBRE 2024'!H92+'NOVIEMBRE 2024'!G92 -> 58479677 | I92: =+F92-H92 -> -18474770
A93: 11130106 | B93: Ingeniería Mecánica | C93: 27768112 | D93: 0 | E93: 0 | F93: =+C93+D93 -> 27768112 | G93: 117700 | H93: =+'OCTUBRE 2024'!H93+'NOVIEMBRE 2024'!G93 -> 14354897 | I93: =+F93-H93 -> 13413215
A94: 11130605 | B94: Tecnología en Gestión de Redes Informáticas Riohacha | C94: 10001227 | D94: 0 | E94: 0 | F94: =+C94+D94 -> 10001227 | G94: 0 | H94: =+'OCTUBRE 2024'!H94+'NOVIEMBRE 2024'!G94 -> 1411956 | I94: =+F94-H94 -> 8589271
A95: 11130606 | B95: Tecnología en Gestión de Redes Informáticas Maicao | C95: 8236304 | D95: 0 | E95: 0 | F95: =+C95+D95 -> 8236304 | G95: 0 | H95: =+'OCTUBRE 2024'!H95+'NOVIEMBRE 2024'!G95 -> 823678 | I95: =+F95-H95 -> 7412626
A96: 111302 | B96: Facultad de Ciencia de la Educación. | C96: =SUM(C97:C101) -> 143782341 | D96: =SUM(D97:D101) -> 0 | E96: 0 | F96: =SUM(F97:F101) -> 143782341 | G96: =SUM(G97:G101) -> 5766298 | H96: =SUM(H97:H101) -> 143552396 | I96: =SUM(I97:I101) -> 229945
A97: 11130201 | B97: Lic en Pedagogía Infantil Riohacha | C97: 38592969 | D97: 0 | E97: 0 | F97: =+C97+D97 -> 38592969 | G97: 353326 | H97: =+'OCTUBRE 2024'!H97+'NOVIEMBRE 2024'!G97 -> 34593433 | I97: =+F97-H97 -> 3999536
A98: 11130203 | B98: Lic en Pedagogía Infantil Maicao | C98: 38592969 | D98: 0 | E98: 0 | F98: =+C98+D98 -> 38592969 | G98: 0 | H98: =+'OCTUBRE 2024'!H98+'NOVIEMBRE 2024'!G98 -> 23886148 | I98: =+F98-H98 -> 14706821
A99: 11130205 | B99: Lic en Etnoeducacion e Interculturalidad Riohacha | C99: 38122323 | D99: 0 | E99: 0 | F99: =+C99+D99 -> 38122323 | G99: 5177546 | H99: =+'OCTUBRE 2024'!H99+'NOVIEMBRE 2024'!G99 -> 42946943 | I99: =+F99-H99 -> -4824620
A100: 11130206 | B100: Lic en Educación Física, Recreación y Deportes | C100: 19767130 | D100: 0 | E100: 0 | F100: =+C100+D100 -> 19767130 | G100: 235326 | H100: =+'OCTUBRE 2024'!H100+'NOVIEMBRE 2024'!G100 -> 38711208 | I100: =+F100-H100 -> -18944078
A101: 11130207 | B101: Lic en Música | C101: 8706950 | D101: 0 | E101: 0 | F101: =+C101+D101 -> 8706950 | G101: 100 | H101: =+'OCTUBRE 2024'!H101+'NOVIEMBRE 2024'!G101 -> 3414664 | I101: =+F101-H101 -> 5292286
A102: 111303 | B102: Facultad de Ciencias Económicas y Administrativa. | C102: =SUM(C103:C120) -> 521345348 | D102: =SUM(D103:D120) -> 0 | E102: 0 | F102: =SUM(F103:F120) -> 521345348 | G102: =SUM(G103:G120) -> 1412741 | H102: =SUM(H103:H120) -> 145552324 | I102: =SUM(I103:I120) -> 375793024
A103: 11130301 | B103: Contaduría Publica | C103: 40004907 | D103: 0 | E103: 0 | F103: =+C103+D103 -> 40004907 | G103: 588352 | H103: =+'OCTUBRE 2024'!H103+'NOVIEMBRE 2024'!G103 -> 26122272 | I103: =+F103-H103 -> 13882635
A104: 11130302 | B104: Contaduría Pública Maicao | C104: 38122323 | D104: 0 | E104: 0 | F104: =+C104+D104 -> 38122323 | G104: 0 | H104: =+'OCTUBRE 2024'!H104+'NOVIEMBRE 2024'!G104 -> 21767962 | I104: =+F104-H104 -> 16354361
